Workbook
Name leer: '[1]تفصيل المصروفات (3)'!$A$2:$A$6
Name leer: '[1]تفصيل المصروفات (3)'!$A$2:$A$6
Name المصروفات_حسب_الأبواب_والأقسام_والبنود: #REF!
Name المصروفات_حسب_الأبواب_والأقسام_والبنود: #REF!
Name المصروفات_حسب_الأبواب_والأقسام_والبنود: #REF!
Name المصروفات_حسب_الأبواب_والأقسام_والبنود: #REF!
Name المصروفات_حسب_الأبواب_والأقسام_والبنود: #REF!
Name المصروفات_حسب_الأبواب_والأقسام_والبنود: #REF!
Name المصروفات_حسب_الأبواب_والأقسام_والبنود: #REF!
Name المصروفات_حسب_الأبواب_والأقسام_والبنود: #REF!
Name المصروفات_حسب_الأبواب_والأقسام_والبنود: #REF!

Sheet Meta3
A1: 3- الإيرادات والمصروفات مصنفة حسب الوزارات والجهات الحكومية
A3: Government Agency Name | B3: code | C3: Actual | D3: Revenue Budget | E3: % Spent | F3: Actual | G3: Recurrent Budget | H3: % Spent | I3: Actual | J3: Project Budget | K3: % Spent
A4: The Court of H.R.H The Prime Minister-11 | B4: 11 | F4: 18310428 | G4: 18310428 | H4: 100.00%
A5: Ministry of Defence-12 | B5: 12 | F5: 533663995 | G5: 486550000 | H5: 109.68%
A6: Ministry of Interior-13 | B6: 13 | C6: 55620734 | D6: 50982000 | E6: 109.10% | F6: 363325279 | G6: 355387546 | H6: 102.23% | I6: 13552449 | J6: 13552449 | K6: 100.00%
A7: National Security Agency-14 | B7: 14 | F7: 35762128 | G7: 35762128 | H7: 100.00%
A8: Legislation & Legal Opinion Com-15 | B8: 15 | C8: 1027 | D8: 5000 | E8: 20.53% | F8: 2264037 | G8: 2676000 | H8: 84.61%
A9: Min. of Foreign Affairs-16 | B9: 16 | C9: 474000 | D9: 2055000 | E9: 23.07% | F9: 32088564 | G9: 28902000 | H9: 111.03% | I9: 2273757 | J9: 4105500 | K9: 55.38%
A10: Deputy of H.R.H The PM-17 | B10: 17 | F10: 786962 | G10: 828000 | H10: 95.04% | I10: 60000 | J10: 60000 | K10: 100.00%
A11: Min. of Justice & Islamic Aff & Awqaf (Justice Aff)-18 | B11: 18 | C11: 28728844 | D11: 16764000 | E11: 171.37% | F11: 11707298 | G11: 11832000 | H11: 98.95% | I11: 311463 | J11: 684100 | K11: 45.53%
A12: Supreme Council for Oil
A13: Ministry of Information-20 (Old) | B13: 20
A14: Min. of Education-21 | B14: 21 | C14: 457594 | D14: 1718000 | E14: 26.64% | F14: 331904035 | G14: 324685000 | H14: 102.22% | I14: 3144581 | J14: 6998200 | K14: 44.93%
A15: Ministry of Health-22 | B15: 22 | C15: 37876341 | D15: 39945000 | E15: 94.82% | F15: 243922234 | G15: 254655000 | H15: 95.79% | I15: 2801683 | J15: 9542400 | K15: 29.36%
A16: Min. of Works, Mun Aff & Urb Plg -23 (Mun Aff&Urb Plg) | B16: 23 | C16: 3370776 | D16: 3351000 | E16: 100.59% | F16: 9327367 | G16: 8999337 | H16: 103.65% | I16: 6713268 | J16: 6713268 | K16: 100.00%
A17: Min. of Labour -24 | B17: 24 | F17: 0 | G17: 0 | H17: 0.00%
A18: Min. of Muncipalities & Agriculture Aff. (Muncipalities Affairs)
A19: Ministry of Youth and Sports Affairs-26 | B19: 26 | C19: 29600 | D19: 17000 | E19: 174.12% | F19: 12637461 | G19: 12815282 | H19: 98.61% | I19: 2841470 | J19: 5865600 | K19: 48.44%
A20: Environmental Affairs ( Old )
A21: Rashed Club for Equestrian & Horse Racing-28 | B21: 28 | F21: 1936399 | G21: 1936399 | H21: 100.00%
A22: Ministry of Labour & Social Development-29 | B22: 29 | C22: 8321 | D22: 29000 | E22: 28.69% | F22: 15299692 | G22: 16265000 | H22: 94.07% | I22: 81479 | J22: 600000 | K22: 13.58%
A23: Deputy of H.R.H The PM-30 | B23: 30 | F23: 1061676 | G23: 1083754 | H23: 97.96%
A24: Advisor to H.R.H The PM for Economic Aff-31 | B24: 31 | F24: 266910 | G24: 268000 | H24: 99.59%
A25: Min. of Follow-up Affairs-32 | B25: 32 | F25: 501328 | G25: 572000 | H25: 87.64%
A26: Advisor to H.R.H PM-33 | B26: 33
A27: Min of Industry & Commerce-34 | B27: 34 | C27: 31482445 | D27: 33967000 | E27: 92.69% | F27: 11730718 | G27: 12466401 | H27: 94.10% | I27: 2948853 | J27: 6201900 | K27: 47.55%
A28: Advisor to H.R.H PM for Security Aff-35 | B28: 35
A29: Ministry of Housing-36 | B29: 36 | C29: 116376 | D29: 35000 | E29: 332.50% | F29: 5230113 | G29: 5488000 | H29: 95.30% | I29: 101689025 | J29: 104393700 | K29: 97.41%
A30: Advisor to H.R.H The PM for Industrial & Oil Aff-37 | B30: 37
A31: Advisor to H.R.H The PM-38 | B31: 38 | F31: 286786 | G31: 307000 | H31: 93.42%
A32: Ministry of State-39 | B32: 39
A33: Min. of Energy-40 | B33: 40 | F33: 219385 | G33: 252000 | H33: 87.06%
A34: The Supreme Council for the Environment-41 | B34: 41 | C34: 1414484 | D34: 301000 | E34: 469.93% | F34: 5558339 | G34: 6152000 | H34: 90.35% | I34: 186325 | J34: 750000 | K34: 24.84%
A35: Bahrain Royal Flight ( Old )
A36: Mohammed bin Khalifa Al Khalifa Cardiac Center-43 | B36: 43 | F36: 20191876 | G36: 19636000 | H36: 102.83%
A37: Deputy of H.R.H The PM-44 | B37: 44 | F37: 667396 | G37: 971000 | H37: 68.73%
A38: Min.Of Housing -Old
A39: Min. of Works, Mun Aff & Urb Plg -46 (Works Aff) | B39: 46 | C39: 4736860 | D39: 11027000 | E39: 42.96% | F39: 42776728 | G39: 44890950 | H39: 95.29% | I39: 58938198 | J39: 72393088 | K39: 81.41%
A40: Elec & Water Authority-47 | B40: 47 | F40: 188744829 | G40: 188745000 | H40: 100.00%
A41: Min. of Transportation & Telecommunications-48 | B41: 48 | C41: 53682096 | D41: 45000000 | E41: 119.29% | F41: 32438964 | G41: 32979000 | H41: 98.36% | I41: 3243025 | J41: 5289700 | K41: 61.31%
A42: Ministry of State ( Old )
A43: National Guard-50 | B43: 50 | F43: 40123000 | G43: 40123000 | H43: 100.00% | I43: 644616 | J43: 3000000 | K43: 21.49%
A44: Ministry of Energy - NOGA | B44: 51 | C44: 98 | D44: 0 | E44: 0.00% | F44: 2006842 | G44: 2162000 | H44: 92.82%
A45: Civil Aviation Aff-52 | B45: 52
A46: Ministry of State of Telecommunication Affairs
A47: Min. of Shura Council & Representatives Council Aff-54 | B47: 54 | F47: 1358577 | G47: 1400960 | H47: 96.97%
A48: Ministry of Information Affair - NCC | B48: 55 | F48: 1239280 | G48: 1239280 | H48: 100.00% | I48: 985470 | J48: 1280000 | K48: 76.99%
A49: Ministry of Industry
A50: Ministy of State 4 | B50: 4
A51: Ministry of Human Rights Affairs-58 | B51: 58
A52: Tender Board-59 | B52: 59 | C52: 685130 | D52: 0 | E52: 0.00% | F52: 1057071 | G52: 1305000 | H52: 81.00% | I52: 194012 | J52: 244200 | K52: 79.45%
A53: Transfers | B53: 60 | C53: 77965486 | D53: 163452000 | E53: 47.70% | F53: 1184372182 | G53: 1208298044 | H53: 98.02% | I53: 81422087 | J53: 98175803 | K53: 82.93%
A54: Ministry of Oil - 61 | B54: 61 | F54: 178959 | G54: 229000 | H54: 78.15%
A55: Revenue Account under MOF Control | B55: 62 | C55: 2286068970 | D55: 1796197000 | E55: 127.27%
A56: Special Projects
A57: General Services ( Special Projects )
A58: Information Affairs Authority-65 | B58: 65 | C58: 1279947 | D58: 1794000 | E58: 71.35% | F58: 19770847 | G58: 20038000 | H58: 98.67% | I58: 4665400 | J58: 7982600 | K58: 58.44%
A59: Bahrain Authority for Culture & Antiquities-66 | B59: 66 | C59: 346347 | D59: 293000 | E59: 118.21% | F59: 7327657 | G59: 7013000 | H59: 104.49% | I59: 12998449 | J59: 12473500 | K59: 104.21%
A60: Supreme Council for Health-67 | B60: 67 | F60: 604843 | G60: 745000 | H60: 81.19% | I60: 3008712 | J60: 3008712 | K60: 100.00%
A61: Administrative Organization for Public Prosecution-68 | B61: 68 | C61: 210 | D61: 0 | E61: 0.00% | F61: 3346528 | G61: 3448000 | H61: 97.06%
A62: Education and Training Quality Authority - 69 | B62: 69 | C62: 804 | D62: 0 | E62: 0.00% | F62: 4504628 | G62: 4602000 | H62: 97.88% | J62: 27000
A63: First Deputy of H.R.H The PM Office-70 | B63: 70 | F63: 1897445 | G63: 3600000 | H63: 52.71% | I63: 6000000 | J63: 6000000 | K63: 100.00%
A64: General Secretariat of the Cabinet -71 | B64: 71 | F64: 1183508 | G64: 1471000 | H64: 80.46%
A65: Civil Service Bureau-72 | B65: 72 | C65: 270 | D65: 5000 | E65: 5.40% | F65: 5998395 | G65: 6491000 | H65: 92.41% | I65: 221123 | J65: 300000 | K65: 73.71%
A66: Informatics and E-Government Authority-73 | B66: 73 | C66: 2686605 | D66: 2670000 | E66: 100.62% | F66: 11887688 | G66: 12673000 | H66: 93.80% | I66: 4231818 | J66: 5836000 | K66: 72.51%
A67: Deputy of H.R.H The PM-74 | B67: 74 | F67: 607520 | G67: 669000 | H67: 90.81%
A68: General Secretariat for Youth & Sports High Council-75 | B68: 75 | F68: 11616219 | G68: 11670000 | H68: 99.54%
A69: Supreme Judicial Council (76) | B69: 76 | C69: 2706 | D69: 3000 | E69: 90.20% | F69: 12851045 | G69: 12927000 | H69: 99.41% | I69: 152352 | J69: 200000 | K69: 76.18%
A70: Min. of Justice & Islamic Aff & Awqaf (Islamic Aff)-77 | B70: 77 | C70: 8275 | D70: 10000 | E70: 82.75% | F70: 4373115 | G70: 4534557 | H70: 96.44% | I70: 395387 | J70: 785000 | K70: 50.37%
A71: Survey&Land Reg Bureau-78 | B71: 78 | C71: 16865351 | D71: 38121000 | E71: 44.24% | F71: 8343796 | G71: 8432550 | H71: 98.95% | I71: 2046876 | J71: 2517176 | K71: 81.32%
A72: Ministry of Youth and Sport Affairs -79 | B72: 79
A73: Bahrain Institute for Political Development-80 | B73: 80 | C73: 10 | D73: 0 | E73: 0.00% | F73: 1276289 | G73: 1291000 | H73: 98.86%
A74: Ministry of Finance-81 | B74: 81 | C74: 8903 | D74: 3000 | E74: 296.76% | F74: 8048217 | G74: 10056000 | H74: 80.03% | I74: 1212375 | J74: 1800000 | K74: 67.35%
A75: Central Stores Directorate
A76: Customs Affairs-83 | B76: 83 | C76: 160215987 | D76: 163036000 | E76: 98.27% | F76: 17364308 | G76: 20303000 | H76: 85.53% | I76: 1680053 | J76: 1680053 | K76: 100.00%
A77: National Oncology Center | B77: 84 | F77: 25077945 | G77: 25000000 | H77: 100.31% | I77: 4000000 | J77: 4000000 | K77: 100.00%
A78: Ministry of Works, Municipalities Affairs & Urban Planning (Urban Planning & Development Authority)-85 | B78: 85 | C78: 219365 | D78: 0 | E78: 0.00% | F78: 2431686 | G78: 3973500 | H78: 61.20% | I78: 1119316 | J78: 1840050 | K78: 60.83%
A79: Supreme Council For Islamic Affairs-86 | B79: 86 | F79: 2492846 | G79: 3149000 | H79: 79.16% | I79: 187046 | J79: 600000 | K79: 31.17%
A80: The General Organization of Port
A81: King Hamad University Hospital-88 | B81: 88 | F81: 36520621 | G81: 36198454 | H81: 100.89%
A82: National Health Regulatory Authority (89) | B82: 89 | C82: 2237674 | D82: 835000 | E82: 267.98% | F82: 2351020 | G82: 2492430 | H82: 94.33%
A83: Future Generation Reserve Council
A84: Tax Revenues | B84: 91 | C84: 8815988 | D84: 0 | E84: 0.00% | I84: 3382690 | J84: 6100000 | K84: 55.45%
A85: National Space Science Agency | B85: 92 | C85: 60 | D85: 0 | E85: 0.00% | F85: 170112 | G85: 244000 | H85: 69.72%
A86: GFO - Transfers
D87: 2371615000 | G87: 3329194000 | I87: 327333358 | J87: 394999999

Sheet Meta4
A1: 4- الإيرادات مصنفة حسب الأبواب والوزارات والجهات الحكومية
A3: Ministry | B3: Code | C3: Oil and Gas | D3: Taxation, Fees | E3: Govt Goods, Services | F3: Investments, Govt Properties | G3: Grants | H3: Sale of | I3: Fines,Penalt ies , Misc | J3: Total | K3: Budget | L3: Actual-PY
A4: The Court of H.R.H The Prime Minister | B4: 11 | C4: 3884385 | D4: 3588210 | E4: 111755 | F4: 30515 | G4: 5255 | H4: 10500000 | I4: 0 | J4: 18120121 | K4: 18128000 | L4: 19222655
A5: Ministry of Defence | B5: 12 | C5: 396845222 | D5: 27122900 | E5: 37109397 | F5: 21163146 | G5: 49702851 | H5: 0 | I5: 1268201 | J5: 533211717 | K5: 482050000 | L5: 521881353
A6: Ministry of Interior | B6: 13 | C6: 315880353 | D6: 19589405 | E6: 8317214 | F6: 3835764 | G6: 6078569 | H6: 0 | I6: 0 | J6: 353701306 | K6: 352756000 | L6: 357208194
A7: National Security Agency | B7: 14 | C7: 0 | D7: 0 | E7: 0 | F7: 0 | G7: 0 | H7: 41616000 | I7: 0 | J7: 41616000 | K7: 41616000 | L7: 34842000
A8: Legislation & Legal Opinion Com | B8: 15 | C8: 2044627 | D8: 349765 | E8: 15874 | F8: 10671 | G8: 15001 | H8: 0 | I8: 0 | J8: 2435938 | K8: 2483000 | L8: 2530528
A9: Min. of Foreign Affairs | B9: 16 | C9: 21044772 | D9: 7731385 | E9: 467043 | F9: 290095 | G9: 537238 | H9: 0 | I9: 28152 | J9: 30098686 | K9: 29249119 | L9: 30567635
A10: Deputy of H.R.H The PM | B10: 17 | C10: 781448 | D10: 19501 | E10: 8433 | F10: 1690 | G10: 4338 | H10: 0 | I10: 0 | J10: 815409 | K10: 815410 | L10: 878289
A11: Min. of Justice & Islamic Aff & Awqaf (Justice Aff) | B11: 18 | C11: 8843202 | D11: 2430888 | E11: 108122 | F11: 47160 | G11: 94510 | H11: 14942 | I11: 55000 | J11: 11593824 | K11: 11686851 | L11: 12169486
A12: Min. of Education | B12: 21 | C12: 280273347 | D12: 37390621 | E12: 3864861 | F12: 1634732 | G12: 1821943 | H12: 0 | I12: 75000 | J12: 325060502 | K12: 321186000 | L12: 334558748
A13: Ministry of Health | B13: 22 | C13: 144873918 | D13: 28835530 | E13: 63803490 | F13: 318970 | G13: 2926949 | H13: 0 | I13: 0 | J13: 240758857 | K13: 256937000 | L13: 261116093
A14: Min. of Works, Mun Aff & Urb Plg | B14: 23 | C14: 8176967 | D14: 1782645 | E14: 214908 | F14: 41594 | G14: 114420 | H14: 0 | I14: 0 | J14: 10330535 | K14: 10334050 | L14: 10756348
A15: Min. of Labour | B15: 24 | C15: 0 | D15: 0 | E15: 0 | F15: 0 | G15: 0 | H15: 0 | I15: 0 | J15: 0 | K15: 0 | L15: 6034407
... A59: National Health Regulatory Authority (89) | B59: 89 | C59: 1529887 | D59: 672354 | E59: 45454 | F59: 20223 | G59: 4520 | H59: 0 | I59: 0 | J59: 2272437 | K59: 2362000 | L59: 1965323

Sheet Meta5&9
A1: 5- الإيرادات مصنفة حسب الأبواب والأقسام والبنود
A4: Code | E4: Description | G4: 2017 | I4: Actual
A5: Item | B5: Chp | C5: Sec | D5: Acct | E5: Description | F5: Budget | G5: Actual | H5: Difference | I5: 2016
A6: 4 | B6: 1 | C6: 1 | D6: 40011 | E6: Oil Sales - Bahrain Field | F6: 170167500 | G6: 185559676 | H6: -15392176 | I6: 278643175
A7: 4 | B7: 1 | C7: 1 | D7: 40012 | E7: Oil Sales - Abu-Sa'afa Field | F7: 1028888200 | G7: 987507867 | H7: 41380333 | I7: 723670948
A8: 4 | B8: 1 | C8: 1 | D8: 40014 | E8: Future Generations Reserve- Abu-Sa'afa Field | F8: -20586000 | G8: -20920270 | H8: 334270 | I8: -14056467
A9: 4 | B9: 1 | C9: 2 | D9: 40035 | E9: Gas Sales - Hidd Power Station | H9: 0
A10: 4 | B10: 1 | C10: 2 | D10: 40037 | E10: Gas Sales to Electricity Power and Water Station | F10: 76641700 | G10: 35682528 | H10: 40959172 | I10: 31039851
A11: 4 | B11: 1 | C11: 2 | D11: 40051 | E11: Gas Sales - Alba | F11: 129257500 | G11: 140974901 | H11: -11717401 | I11: 109292545
A12: 4 | B12: 1 | C12: 2 | D12: 40052 | E12: Gas Sales - Bapco | F12: 51703000 | G12: 49352761 | H12: 2350239 | I12: 46614264
A13: 4 | B13: 1 | C13: 2 | D13: 40053 | E13: Gas Sales - Banagas | F13: 27582900 | G13: 11698573 | H13: 15884327 | I13: 14021820
A14: 4 | B14: 1 | C14: 2 | D14: 40054 | E14: Gas Sales - Other Companies | F14: 256051500 | G14: 257966496 | H14: -1914996 | I14: 242372310
A15: 4 | B15: 1 | C15: 3 | D15: 42011 | E15: Gas Income Tax | H15: 0 | I15: 272000
A16: 4 | B16: 1 | C16: 3 | D16: 42013 | E16: Petrol Tax | F16: 5846700 | G16: 4695378 | H16: 1151322 | I16: 4591606
A17: 4 | B17: 2 | C17: 2 | D17: 42501 | E17: Customs Duty on Essential Trade | F17: 40894829 | G17: 67649790 | H17: -26754961 | I17: 48701365
A18: 4 | B18: 2 | C18: 2 | D18: 42503 | E18: Customs Duty on Vehicles | F18: 15000000 | G18: 13254976 | H18: 1745024 | I18: 15675280
A19: 4 | B19: 2 | C19: 2 | D19: 42504 | E19: Customs Duty on Manuf./Unmanuf. Tabacco | F19: 20000000 | G19: 28906366 | H19: -8906366 | I19: 16573529
A20: 4 | B20: 2 | C20: 2 | D20: 42505 | E20: Customs Duty on Luxury Goods | F20: 20000000 | G20: 15489369 | H20: 4510631 | I20: 16370852
A21: 4 | B21: 2 | C21: 2 | D21: 42506 | E21: Customs Duty on Yachts | F21: 200000 | G21: 349898 | H21: -149898 | I21: 260463
A22: 4 | B22: 2 | C22: 2 | D22: 42507 | E22: Protection of Domestic Industries | F22: 570000 | G22: 630278 | H22: -60278 | I22: 565164
A23: 4 | B23: 2 | C23: 3 | D23: 43011 | E23: General Trade Activities Registration Fees | F23: 105000 | G23: 180906 | H23: -75906 | I23: 150828
A24: 4 | B24: 2 | C24: 3 | D24: 43021 | E24: Industrial Activities Registration Fees | F24: 377000 | G24: 130425 | H24: 246575 | I24: 95377
A25: 4 | B25: 2 | C25: 3 | D25: 43031 | E25: Financial Service Activities Registration Fees | F25: 45000 | G25: 4050 | H25: 40950 | I25: 3550
A26: 4 | B26: 2 | C26: 3 | D26: 43041 | E26: Miscellaneous Service Activities Registration Fees | F26: 270487 | G26: 366623 | H26: -96136 | I26: 794808
A27: 4 | B27: 2 | C27: 3 | D27: 43042 | E27: Air Transport Activities | F27: 250000 | G27: 302850 | H27: -52850 | I27: 212782
... A30: 4 | B30: 2 | C30: 3 | D30: 43045 | E30: Post Regulatory Licenses | F30: 40000 | G30: 66775 | H30: -26775 | I30: 60639
A31: 4 | B31: 2 | C31: 3 | D31: 43051 | E31: Commercial Agencies Registration Fees | G31: 17419 | H31: -17419 | I31: 16494
A32: 4 | B32: 2 | C32: 3 | D32: 43054 | E32: Contractor Pre-Qualification Fees | G32: 46950 | H32: -46950
A33: 4 | B33: 2 | C33: 3 | D33: 43071 | E33: Organizing Engineering Professional Practice Fees | F33: 50000 | G33: 50000 | H33: 0 | I33: 50000
A34: 4 | B34: 2 | C34: 3 | D34: 43081 | E34: Sand Mining License Fees | F34: 550000 | G34: 500000 | H34: 50000 | I34: 550000
A35: 4 | B35: 2 | C35: 3 | D35: 43082 | E35: Application and licensing fees for pearl diving an | G35: 30975 | H35: -30975
A36: 4 | B36: 2 | C36: 3 | D36: 44041 | E36: Pharmaceutical Products Licenses & Fees | F36: 200000 | G36: 278820 | H36: -78820 | I36: 128400
A37: 4 | B37: 2 | C37: 3 | D37: 44042 | E37: Health Facilities Licenses & Fees | F37: 230000 | G37: 340150 | H37: -110150 | I37: 251640
A38: 4 | B38: 2 | C38: 3 | D38: 44043 | E38: Health Professions Licenses & Fees | F38: 400000 | G38: 1036500 | H38: -636500 | I38: 456682
A39: 4 | B39: 2 | C39: 4 | D39: 44011 | E39: Passport Fees | F39: 979340 | G39: 1495151 | H39: -515811 | I39: 979340
A40: 4 | B40: 2 | C40: 4 | D40: 44012 | E40: Residence Permit Fees | F40: 3482428 | G40: 3883259 | H40: -400831 | I40: 3482428
A41: 4 | B41: 2 | C41: 4 | D41: 44013 | E41: Visa & NOC Fees | F41: 18119260 | G41: 15659324 | H41: 2459936 | I41: 18029260
A42: 4 | B42: 2 | C42: 4 | D42: 44015 | E42: Identity Card Fees | F42: 2300000 | G42: 2415901 | H42: -115901 | I42: 2449944
A43: 4 | B43: 2 | C43: 4 | D43: 44016 | E43: CONSUITANCY SERVICES FEES | F43: 453525 | G43: 195674 | H43: 257851 | I43: 58175
A44: 4 | B44: 2 | C44: 4 | D44: 44021 | E44: Labour Market Regulatory Authority Fee | F44: 30920000 | G44: 21342887 | H44: 9577113 | I44: 23143294
A45: 4 | B45: 2 | C45: 4 | D45: 44022 | E45: Fast Track Services for Completion of Audit and I | G45: 100 | H45: -100
A46: 4 | B46: 2 | C46: 4 | D46: 44023 | E46: Commodity Classification Fees | F46: 340 | G46: 648 | H46: -308
A47: 4 | B47: 2 | C47: 4 | D47: 44024 | E47: Commodity Inspection Fees | F47: 850 | G47: 1220 | H47: -370
A48: 4 | B48: 2 | C48: 4 | D48: 44025 | E48: Customs Insurance Fees | F48: 1700 | G48: 21322 | H48: -19622
A49: 4 | B49: 2 | C49: 4 | D49: 44026 | E49: Fees on Custom Vehicle Cards | F49: 229484 | G49: 13183 | H49: 216301
A50: 4 | B50: 2 | C50: 4 | D50: 44033 | E50: Collection Fees For BCCI | G50: 233596 | H50: -233596
A51: 4 | B51: 2 | C51: 4 | D51: 44051 | E51: Ownership Registration Fees | F51: 2379500 | G51: 118938 | H51: 2260562 | I51: 126333
A52: 4 | B52: 2 | C52: 4 | D52: 44052 | E52: Ownership Transfer Fees | F52: 20500000 | G52: 16765567 | H52: 3734434 | I52: 17491123
A53: 4 | B53: 2 | C53: 4 | D53: 44071 | E53: Car Registration Fees | F53: 15524624 | G53: 15346470 | H53: 178155 | I53: 15524624
A54: 4 | B54: 2 | C54: 4 | D54: 44072 | E54: Driving License Fees | F54: 4793138 | G54: 5006129 | H54: -212991 | I54: 4793138
A55: 4 | B55: 2 | C55: 4 | D55: 44073 | E55: Sale of Special and Semi-Special Vehicle License P | G55: 2404546 | H55: -2404546
A56: 4 | B56: 2 | C56: 4 | D56: 44091 | E56: Legal Fees | F56: 5804000 | G56: 6926942 | H56: -1122942 | I56: 5279361
A57: 4 | B57: 2 | C57: 4 | D57: 44092 | E57: Documentation Fees | F57: 650000 | G57: 740012 | H57: -90012 | I57: 856036
A58: 4 | B58: 2 | C58: 4 | D58: 44093 | E58: Certification of Official Documents Fees | F58: 3574915 | G58: 2135585 | H58: 1439330 | I58: 1399267
A59: 4 | B59: 2 | C59: 4 | D59: 44094 | E59: Fees on Private Tobacco Goods | F59: 10000000 | G59: 18497970 | H59: -8497970 | I59: 11770715
A60: 4 | B60: 2 | C60: 4 | D60: 44095 | E60: Fees on Private Luxury Goods | F60: 10000000 | G60: 13575496 | H60: -3575496 | I60: 11845225
A61: 4 | B61: 2 | C61: 4 | D61: 44111 | E61: Tourism Services Classification Fees | H61: 0
A62: 4 | B62: 2 | C62: 4 | D62: 44112 | E62: Hotel Service Fees | H62: 0
A63: 4 | B63: 2 | C63: 4 | D63: 44131 | E63: Gold Assaying Fees | F63: 1800000 | G63: 1435828 | H63: 364172 | I63: 224083
A64: 4 | B64: 2 | C64: 4 | D64: 44132 | E64: Pearl Assaying Fees | F64: 60000 | G64: 49964 | H64: 10036 | I64: 72920
A65: 4 | B65: 2 | C65: 4 | D65: 44151 | E65: Design & Measurement Fees | F65: 17500 | G65: 29907 | H65: -12407 | I65: 14811
A66: 4 | B66: 2 | C66: 4 | D66: 44152 | E66: Design & Trademark Fees | F66: 1800000 | G66: 10774233 | H66: -8974233 | I66: 4465008
A67: 4 | B67: 2 | C67: 4 | D67: 44153 | E67: Trademarks & Commercial Reg. Amend. Fees | F67: 7600000 | G67: 5641050 | H67: 1958950 | I67: 5390670
A68: 4 | B68: 2 | C68: 4 | D68: 44171 | E68: Departure Fees | F68: 2940000 | G68: 3221427 | H68: -281427 | I68: 3437443
A69: 4 | B69: 2 | C69: 4 | D69: 44172 | E69: Entrance Permit Fees | F69: 371600 | G69: 654133 | H69: -282533 | I69: 523189
A70: 4 | B70: 2 | C70: 4 | D70: 44173 | E70: Handling Fees on King Fahad Causeway | F70: 11350750 | G70: 262549 | H70: 11088202
A71: 4 | B71: 2 | C71: 4 | D71: 44181 | E71: Partial Land Subdivision Fees | F71: 4500 | G71: 38000 | H71: -33500 | I71: 4500
A72: 4 | B72: 2 | C72: 4 | D72: 44182 | E72: Main Land Subdivision Fees | F72: 1350 | G72: 234900 | H72: -233550 | I72: 1350
A73: 4 | B73: 2 | C73: 4 | D73: 44183 | E73: Fees of Sand Extraction & Sale | F73: 2242525 | G73: 3677837 | H73: -1435312 | I73: 2040224
A74: 4 | B74: 2 | C74: 4 | D74: 44184 | E74: Capital Contribution for Infrastructure Fees | G74: 300704 | H74: -300704
A75: 4 | B75: 2 | C75: 4 | D75: 44191 | E75: Tender Fees | F75: 419594 | G75: 132920 | H75: 286674 | I75: 196108
A76: 4 | B76: 2 | C76: 4 | D76: 44211 | E76: Wireless Equipment Fees | F76: 1339500 | G76: 590404 | H76: 749096 | I76: 789600
A77: 4 | B77: 2 | C77: 4 | D77: 44212 | E77: Vedio Sales Distribution Rights | F77: 7500 | G77: 8650 | H77: -1150 | I77: 7459
A78: 4 | B78: 2 | C78: 4 | D78: 44904 | E78: Ship Arrival and Departure Permit Fees | F78: 284302 | G78: 264773 | H78: 19529 | I78: 284302
A79: 4 | B79: 2 | C79: 4 | D79: 44905 | E79: Lawyer & Pilgrim Contractors Permit | F79: 141500 | G79: 294726 | H79: -153226 | I79: 177132
A80: 4 | B80: 2 | C80: 4 | D80: 44908 | E80: Application Fees | F80: 422458 | G80: 478193 | H80: -55735 | I80: 440739
A81: 4 | B81: 3 | C81: 1 | D81: 40136 | E81: Airport Information Publication | G81: 22245 | H81: -22245 | I81: 6750
A82: 4 | B82: 3 | C82: 1 | D82: 41011 | E82: Hospital Private Room Charges | F82: 500000 | G82: 439234 | H82: 60767 | I82: 384630
A83: 4 | B83: 3 | C83: 1 | D83: 41012 | E83: Primary Health Care Charges | F83: 34600000 | G83: 26991412 | H83: 7608588 | I83: 37094231
A84: 4 | B84: 3 | C84: 1 | D84: 41013 | E84: Public Health Services | F84: 1550000 | G84: 3306077 | H84: -1756077 | I84: 2633573
A85: 4 | B85: 3 | C85: 1 | D85: 41014 | E85: Special Medical Services Charges | F85: 25000 | G85: 63078 | H85: -38078 | I85: 10965
A86: 4 | B86: 3 | C86: 1 | D86: 41015 | E86: Road Accident Treatment Fees | F86: 5000 | H86: 5000
A87: 4 | B87: 3 | C87: 1 | D87: 41016 | E87: Limited Private Practice Charges | F87: 10000 | G87: 210068 | H87: -200068
A88: 4 | B88: 3 | C88: 1 | D88: 41017 | E88: Out-Patient Charges | F88: 1100000 | G88: 650295 | H88: 449705 | I88: 1059605
A89: 4 | B89: 3 | C89: 1 | D89: 41018 | E89: Medical Commission Fees | F89: 95000 | G89: 106625 | H89: -11625 | I89: 97715
A90: 4 | B90: 3 | C90: 1 | D90: 41019 | E90: Occupational Injury Treatment Fees | F90: 270000 | G90: 270000 | H90: 0
A91: 4 | B91: 3 | C91: 1 | D91: 41020 | E91: Pre-employment Medical Examination Fees | F91: 420000 | G91: 411440 | H91: 8560 | I91: 441680
A92: 4 | B92: 3 | C92: 1 | D92: 41023 | E92: X-Ray Fees | F92: 90000 | G92: 88842 | H92: 1158 | I92: 95161
A93: 4 | B93: 3 | C93: 1 | D93: 41024 | E93: Lab. Fees | F93: 430144 | G93: 249607 | H93: 180537 | I93: 169619
A94: 4 | B94: 3 | C94: 1 | D94: 41025 | E94: Operations Fees | F94: 175000 | G94: 200868 | H94: -25868 | I94: 213374
A95: 4 | B95: 3 | C95: 1 | D95: 41026 | E95: Maternity Services | F95: 200000 | G95: 194820 | H95: 5181 | I95: 220067
A96: 4 | B96: 3 | C96: 1 | D96: 41027 | E96: Public University Tution Fees for Non-Bahrainis | H96: 0
A97: 4 | B97: 3 | C97: 1 | D97: 41028 | E97: Courses & Seminar Fees | F97: 12000 | G97: 39130 | H97: -27130
A98: 4 | B98: 3 | C98: 1 | D98: 41029 | E98: Public University Fees for Bahrainis | H98: 0
A99: 4 | B99: 3 | C99: 1 | D99: 41031 | E99: Parcel & Postal Fees | F99: 700000 | G99: 669016 | H99: 30984 | I99: 770550
A100: 4 | B100: 3 | C100: 1 | D100: 41032 | E100: Post Box Rental | F100: 500000 | G100: 438601 | H100: 61399 | I100: 529688
A101: 4 | B101: 3 | C101: 1 | D101: 41033 | E101: Transit Post Fees | F101: 400000 | G101: 794310 | H101: -394310 | I101: 491532
A102: 4 | B102: 3 | C102: 1 | D102: 41034 | E102: Stamp Sales | F102: 700000 | G102: 632938 | H102: 67062 | I102: 721754
A103: 4 | B103: 3 | C103: 1 | D103: 41035 | E103: Franking Machine Sales | F103: 2100000 | G103: 1214663 | H103: 885337 | I103: 2175936
A104: 4 | B104: 3 | C104: 1 | D104: 41051 | E104: Container Handling & Storage Charges | F104: 5400510 | G104: 7360034 | H104: -1959524 | I104: 5472669
...

Sheet Meta8
A1: 8- المصروفات المتكررة مصنفة حسب الأبواب والوزارات والجهات الحكومية
A3: Ministry | B3: Code | C3: Manpower | D3: Services | E3: Consumables | F3: Assets | G3: Maintenance | H3: Transfers | I3: Grants | J3: Total | K3: Budget | L3: Actual-PY
A4: The Court of H.R.H The Prime Minister | B4: 11 | C4: 3884385 | D4: 3588210 | E4: 111755 | F4: 30515 | G4: 5255 | H4: 10500000 | I4: 0 | J4: 18120121 | K4: 18128000 | L4: 19222655
A5: Ministry of Defence | B5: 12 | C5: 396845222 | D5: 27122900 | E5: 37109397 | F5: 21163146 | G5: 49702851 | H5: 0 | I5: 1268201 | J5: 533211717 | K5: 482050000 | L5: 521881353
A6: Ministry of Interior | B6: 13 | C6: 315880353 | D6: 19589405 | E6: 8317214 | F6: 3835764 | G6: 6078569 | H6: 0 | I6: 0 | J6: 353701306 | K6: 352756000 | L6: 357208194
A7: National Security Agency | B7: 14 | C7: 0 | D7: 0 | E7: 0 | F7: 0 | G7: 0 | H7: 41616000 | I7: 0 | J7: 41616000 | K7: 41616000 | L7: 34842000
A8: Legislation & Legal Opinion Com | B8: 15 | C8: 2044627 | D8: 349765 | E8: 15874 | F8: 10671 | G8: 15001 | H8: 0 | I8: 0 | J8: 2435938 | K8: 2483000 | L8: 2530528
A9: Min. of Foreign Affairs | B9: 16 | C9: 21044772 | D9: 7731385 | E9: 467043 | F9: 290095 | G9: 537238 | H9: 0 | I9: 28152 | J9: 30098686 | K9: 29249119 | L9: 30567635
A10: Deputy of H.R.H The PM | B10: 17 | C10: 781448 | D10: 19501 | E10: 8433 | F10: 1690 | G10: 4338 | H10: 0 | I10: 0 | J10: 815409 | K10: 815410 | L10: 878289
A11: Min. of Justice & Islamic Aff & Awqaf (Justice Aff) | B11: 18 | C11: 8843202 | D11: 2430888 | E11: 108122 | F11: 47160 | G11: 94510 | H11: 14942 | I11: 55000 | J11: 11593824 | K11: 11686851 | L11: 12169486
A12: Min. of Education | B12: 21 | C12: 280273347 | D12: 37390621 | E12: 3864861 | F12: 1634732 | G12: 1821943 | H12: 0 | I12: 75000 | J12: 325060502 | K12: 321186000 | L12: 334558748
A13: Ministry of Health | B13: 22 | C13: 144873918 | D13: 28835530 | E13: 63803490 | F13: 318970 | G13: 2926949 | H13: 0 | I13: 0 | J13: 240758857 | K13: 256937000 | L13: 261116093
A14: Min. of Works, Mun Aff & Urb Plg | B14: 23 | C14: 8176967 | D14: 1782645 | E14: 214908 | F14: 41594 | G14: 114420 | H14: 0 | I14: 0 | J14: 10330535 | K14: 10334050 | L14: 10756348
A15: Min. of Labour | B15: 24 | C15: 0 | D15: 0 | E15: 0 | F15: 0 | G15: 0 | H15: 0 | I15: 0 | J15: 0 | K15: 0 | L15: 6034407
... A59: National Health Regulatory Authority (89) | B59: 89 | C59: 1529887 | D59: 672354 | E59: 45454 | F59: 20223 | G59: 4520 | H59: 0 | I59: 0 | J59: 2272437 | K59: 2362000 | L59: 1965323
B63: D | C63: 2662340 | D63: 446480 | E63: 42472 | F63: 7125 | G63: 13334 | H63: 0 | I63: 0 | J63: 3171750 | K63: 3505160 | L63: 3254328
B64: A | C64: 365545 | D64: 101338 | E64: 1621 | F64: 475 | G64: 634 | H64: 0 | I64: 0 | J64: 469614 | K64: 612000 | L64: 493996

Sheet Meta11
A1: 11- مصروفات المشاريع مصنفة حسب الوزارات والجهات الحكومية
A3: Ministry | B3: Ministry Code | C3: Budget | D3: Actual-CY | E3: Actual-PV
A4: The Court of H.R.H The Prime Minister | B4: 11 | C4: 1015500 | D4: 1015500
A5: Ministry of Interior | B5: 13 | C5: 18133497 | D5: 18133497 | E5: 21997018
A6: Min. of Foreign Affairs | B6: 16 | C6: 6416400 | D6: 4250381 | E6: 5671647
A7: Deputy of H.R.H The PM | B7: 17 | C7: 60000 | D7: 60000 | E7: 60000
A8: Min. of Justice & Islamic Aff & Awqaf (Justice Aff) | B8: 18 | C8: 1289700 | D8: 1254459 | E8: 401395
A9: Min. of Education | B9: 21 | C9: 8671900 | D9: 3736798 | E9: 5271730
A10: Ministry of Health | B10: 22 | C10: 8000000 | D10: 4949889 | E10: 10487893
A11: Min. of Works, Mun Aff & Urb Plg | B11: 23 | C11: 9554588 | D11: 6374719 | E11: 11601891
A12: Min. of Labour | B12: 24 | E12: 95560
A13: General Organization for Youth&Sport | B13: 26 | C13: 4600000 | D13: 2960788 | E13: 5298704
A14: Rashed Club for Equestrian & Horse Racing | B14: 28 | E14: 21478
A15: Min. of Social Development | B15: 29 | C15: 600000 | D15: 103791 | E15: 800656
A16: Min of Industry & Commerce | B16: 34 | C16: 5604800 | D16: 4228139 | E16: 4603811
A17: Ministry of Housing | B17: 36 | C17: 114480100 | D17: 110086323 | E17: 143004455
A18: The Supreme Council for the Environment | B18: 41 | C18: 300000 | D18: 249986 | E18: 195681
A19: Min. of Works, Mun Aff & Urb Plg | B19: 46 | C19: 70068912 | D19: 57663189 | E19: 62029663
A20: Min. of Transportation & Telecommunications | B20: 48 | C20: 4413900 | D20: 2770452 | E20: 3708048
A21: National Guard | B21: 50 | C21: 3000000 | D21: 2999671 | E21: 4070533
A22: Min. of Information Aff | B22: 55 | E22: 491198
A23: Tender Board | B23: 59 | C23: 462600 | D23: 318096 | E23: 137365
A24: Transfers | B24: 60 | C24: 120535103 | D24: 94705291 | E24: 93671804
A25: Information Affairs Authority | B25: 65 | C25: 9936200 | D25: 5597657 | E25: 5857139
A26: Bahrain Authority for Culture & Antiquities | B26: 66 | C26: 9528100 | D26: 8872225 | E26: 6609206
A27: Supreme Council for Health | B27: 67 | C27: 4151400 | D27: 1587652 | E27: 248534
A28: Education and Training Quality Authority | B28: 69 | C28: 50000
A29: First Deputy of H.R.H The PM Office | B29: 70 | C29: 3000000 | D29: 3000000 | E29: 3000000
A30: Civil Service Bureau | B30: 72 | C30: 300000 | D30: 273688 | E30: 175796
A31: Central Informatics Org | B31: 73 | C31: 5835000 | D31: 3590338 | E31: 977881
A32: Supreme Judicial Council (76) | B32: 76 | C32: 300000 | D32: 72275 | E32: 105607
A33: Min. of Justice & Islamic Aff & Awqaf (Islamic Aff) | B33: 77 | C33: 636300 | D33: 451224 | E33: 1063630
A34: Survey&Land Reg Bureau | B34: 78 | C34: 680600 | D34: 663531 | E34: 434961
A35: Ministry of Finance | B35: 81 | C35: 1800000 | D35: 1142854 | E35: 1728391
A36: Customs Affairs | B36: 83 | C36: 1575400 | D36: 1399295 | E36: 1138004
A37: National Oncology Center | B37: 84 | C37: 12000000 | D37: 12000000
A38: King Hamad University Hospital | B38: 88 | E38: 15923320

Sheet Meta
A1: Horizontal Schedules | N1: Entity Names | Q1: Vertical Schedule
N2: ديوان صاحب السمو الملكي رئيس مجلس الوزراء | O2: 11 | Q2: Item | R2: Chp | S2: Sec | T2: Acct | U2: Description | V2: Budget | W2: Actual | X2: Difference | Y2: 2014 | AA2: التبويــب | AE2: البيان
A3: Ministry | B3: Code | C3: Oil and Gas | D3: Taxation, Fees | E3: Govt Goods, Services | F3: Investments, Govt Properties | G3: Grants | H3: Sale of | I3: Fines,Penalt ies , Misc | J3: Total | K3: Budget | L3: Actual-PY | N3: وزارة الدفاع (إيضاح رقم 13) | O3: 12 | Q3: 4 | R3: 1 | S3: 1 | T3: 40011 | U3: Oil Sales - Bahrain Field | V3: 148534000 | W3: 230724927 | X3: -82190927 | Y3: 206473297 | AA3: Code
A4: The Court of H.R.H The Prime Minister-1 1 | B4: 11 | C4: 0 | D4: 0 | E4: 0 | F4: 0 | G4: 0 | H4: 0 | I4: 88100 | J4: 88100 | K4: 0 | L4: 1563 | N4: وزارة الداخلية | O4: 13 | Q4: 4 | R4: 1 | S4: 1 | T4: 40012 | U4: Oil Sales - Abu-Sa'afa Field | V4: 1141434000 | W4: 957404837 | X4: 184029163 | Y4: 2027312875 | AA4: بند | AB4: قسم | AC4: باب | AD4: نوع
A5: Ministry of Interior-13 | B5: 13 | C5: 0 | D5: 40677302 | E5: 5658468 | F5: 40550 | G5: 0 | H5: 344376 | I5: 885264 | J5: 47605960 | K5: 40454000 | L5: 40729523 | N5: جهاز الأمن الوطني | O5: 14 | Q5: 4 | R5: 1 | S5: 1 | T5: 40014 | U5: Future Generations Reserve- Abu-Sa'afa Field | V5: -20641000 | W5: -17105245 | X5: -3535755 | Y5: -21172996 | AA5: Item | AB5: Sect. | AC5: Chpt. | AD5: Type
A6: National Security Agency-14 | B6: 14 | C6: 0 | D6: 0 | F6: 0 | G6: 0 | H6: 0 | I6: 0 | J6: 0 | K6: 0 | L6: 170 | N6: هيئة التشريع والرأي القانوني | O6: 15 | Q6: 4 | R6: 1 | S6: 2 | T6: 40032 | U6: Gas Sales - Sitra Power Station | X6: 0 | AC6: 1 | AD6: 4 | AE6: النفط والغاز الطبيعي
A7: Legislation & Legal Opinion Com-15 | B7: 15 | C7: 0 | D7: 60 | E7: 6217 | F7: 0 | G7: 0 | H7: 130 | I7: 6752 | J7: 13159 | K7: 5000 | L7: 3704 | N7: وزارة الخارجية | O7: 16 | Q7: 4 | R7: 1 | S7: 2 | T7: 40034 | U7: Gas Sales - Riffa Power Station | X7: 0 | AB7: 1 | AC7: 1 | AD7: 4 | AE7: مبيعات النفط
A8: Min. of Foreign Affairs-16 | B8: 16 | C8: 0 | D8: 1020750 | E8: 0 | F8: 0 | G8: 0 | H8: 0 | I8: 764873 | J8: 1785623 | K8: 2055000 | L8: 1879359 | N8: نائب رئيس مجلس الوزراء – الشيخ خالد بن عبدالله آل خليفة | O8: 17 | Q8: 4 | R8: 1 | S8: 2 | T8: 40035 | U8: Gas Sales - Hidd Power Station | V8: 64234000 | X8: 64234000 | AA8: 40011 | AB8: 1 | AC8: 1 | AD8: 4 | AE8: حقل البحرين والمصفاة
A9: Min. of Justice & Islamic Aff & Awqaf (J | B9: 18 | C9: 0 | D9: 6399317 | E9: 7341 | F9: 42660 | G9: 0 | H9: 401 | I9: 9387069 | J9: 15836788 | K9: 10846000 | L9: 9952681 | N9: وزارة العدل والشئون الإسلامية والأوقاف (شئون العدل) | O9: 18 | Q9: 4 | R9: 1 | S9: 2 | T9: 40037 | U9: Gas Sales to Electricity Power and Water Station | V9: 51474000 | W9: 44113743 | X9: 7360257 | Y9: 62390724 | AA9: 40012 | AB9: 1 | AC9: 1 | AD9: 4 | AE9: حقل أبوسعفة
A10: Min. of Education-21 | B10: 21 | C10: 0 | D10: 14725 | E10: 115854 | F10: 50 | G10: 0 | H10: 66073 | I10: 1411581 | J10: 1608282 | K10: 768000 | L10: 1188932 | N10: وزارة التربية والتعليم | O10: 21 | Q10: 4 | R10: 1 | S10: 2 | T10: 40051 | U10: Gas Sales - Alba | V10: 96495000 | W10: 90853535 | X10: 5641465 | Y10: 107213712 | AA10: 40014 | AB10: 1 | AC10: 1 | AD10: 4 | AE10: احتياطي الأجيال القادمة- حقل أبوسعفة
A11: Ministry of Health-22 | B11: 22 | C11: 0 | D11: 13665 | E11: 33918844 | F11: 538502 | G11: 0 | H11: 9868 | I11: 582625 | J11: 35063505 | K11: 33450000 | L11: 14181686 | N11: وزارة الصحة | O11: 22 | Q11: 4 | R11: 1 | S11: 2 | T11: 40052 | U11: Gas Sales - Bapco | V11: 38598000 | W11: 43778809 | X11: -5180809 | Y11: 38935826 | AB11: 2 | AC11: 1 | AD11: 4 | AE11: مبيعات الغاز
A12: Min. of Works, Mun Aff & Urb Plg -23 ( | B12: 23 | C12: 0 | D12: 41464 | E12: 349545 | F12: 69629 | G12: 0 | H12: 33934 | I12: 402086 | J12: 896658 | K12: 335000 | L12: 400408 | N12: وزارة الأشغال وشئون البلديات والتخطيط العمراني (شئون الزراعة والثروة البحرية) | O12: 23 | Q12: 4 | R12: 1 | S12: 2 | T12: 40053 | U12: Gas Sales - Banagas | V12: 33392000 | W12: 28565322 | X12: 4826678 | Y12: 36231980 | AA12: 40035 | AB12: 2 | AC12: 1 | AD12: 4 | AE12: محطة الحد للكهرباء
A13: Mun Aff&Urb Plg) Min. of Labour -24 | B13: 24 | C13: 0 | D13: 5435 | E13: 2345 | F13: 400 | G13: 0 | H13: 0 | I13: 22379 | J13: 30559 | K13: 67000 | L13: 1382127 | N13: وزارة العمل والتنمية الاجتماعية | O13: 24 | Q13: 4 | R13: 1 | S13: 2 | T13: 40054 | U13: Gas Sales - Other Companies | V13: 129954000 | W13: 204474412 | X13: -74520412 | Y13: 189949848 | AA13: 40037 | AB13: 2 | AC13: 1 | AD13: 4 | AE13: مبيعات الغاز- محطات الكهرباء والماء
A14: General Organization for Youth&Sport-26 | B14: 26 | C14: 0 | D14: 10905 | E14: 0 | F14: 7400 | G14: 0 | H14: 0 | I14: 582591 | J14: 600896 | K14: 16000 | L14: 77142 | N14: وزارة شئون الشباب والرياضة | O14: 26 | Q14: 4 | R14: 1 | S14: 3 | T14: 42011 | U14: Gas Income Tax | V14: 11130000 | W14: 7282491 | X14: 3847509 | Y14: 10605738 | AA14: 40051 | AB14: 2 | AC14: 1 | AD14: 4 | AE14: شركة المنيوم البحرين (ألبا)
A15: Min. of Social Development-29 | B15: 29 | C15: 0 | D15: 1600 | E15: 0 | F15: 0 | G15: 0 | H15: 665 | I15: 4897 | J15: 7162 | K15: 5000 | L15: 4087 | N15: نادي راشد للفروسية وسباق الخيل | O15: 28 | Q15: 4 | R15: 1 | S15: 3 | T15: 42013 | U15: Petrol Tax | V15: 6183000 | W15: 4579560 | X15: 1603440 | Y15: 4405390 | AA15: 40052 | AB15: 2 | AC15: 1 | AD15: 4 | AE15: شركة نفط البحرين (بابكو)
A16: Min of Industry & Commerce-34 | B16: 34 | C16: 0 | D16: 17561373 | E16: 285351 | F16: 7284872 | G16: 0 | H16: 0 | I16: 29679 | J16: 25161275 | K16: 19495000 | L16: 9937269 | N16: وزارة العمل والتنمية الاجتماعية | O16: 29 | Q16: 4 | R16: 2 | S16: 2 | T16: 42501 | U16: Customs Duty on Essential Trade | V16: 48000000 | W16: 52459852 | X16: -4459852 | Y16: 45313631 | AA16: 40053 | AB16: 2 | AC16: 1 | AD16: 4 | AE16: شركة غاز البحرين الوطنية (بناغاز)
A17: Ministry of Housing-36 | B17: 36 | C17: 0 | D17: 15168 | E17: 0 | F17: 0 | G17: 0 | H17: 0 | I17: 1960518 | J17: 1975685 | K17: 34000 | L17: 31943 | N17: نائب رئيس مجلس الوزراء – جواد بن سالم العريض | O17: 30 | Q17: 4 | R17: 2 | S17: 2 | T17: 42503 | U17: Customs Duty on Vehicles | V17: 7500000 | W17: 18033658 | X17: -10533658 | Y17: 7457362 | AA17: 40054 | AB17: 2 | AC17: 1 | AD17: 4 | AE17: الشركات المحلية الاخرى
A18: The Supreme Council for the Environment | B18: 41 | C18: 0 | D18: 223930 | E18: 0 | F18: 92929 | G18: 0 | H18: 0 | I18: 986 | J18: 317845 | K18: 143000 | L18: 371440 | N18: مستشار رئيس الوزراء للشئون الاقتصادية | O18: 31 | Q18: 4 | R18: 2 | S18: 2 | T18: 42504 | U18: Customs Duty on Manuf./Unmanuf. Tabacco | V18: 16000000 | W18: 18300861 | X18: -2300861 | Y18: 16968822 | AB18: 3 | AC18: 1 | AD18: 4 | AE18: الضرائب والرسوم النفطية
A19: Min. of Works, Mun Aff & Urb Plg -46 ( | B19: 46 | C19: 0 | D19: 82835 | E19: 5020 | F19: 61656 | G19: 0 | H19: 39964 | I19: 432679 | J19: 622154 | K19: 267000 | L19: 1950626 | N19: مكتب وزير شئون مجلس الوزراء | O19: 32 | Q19: 4 | R19: 2 | S19: 2 | T19: 42505 | U19: Customs Duty on Luxury Goods | V19: 20000000 | W19: 19751712 | X19: 248288 | Y19: 17912053 | AA19: 42011 | AB19: 3 | AC19: 1 | AD19: 4 | AE19: ضريبة دخل الغاز
A20: Works Aff) Min. of Transportation & Telecommunicat | B20: 48 | C20: 0 | D20: 3585038 | E20: 31995785 | F20: 8424595 | G20: 0 | H20: 32850 | I20: 47137 | J20: 44085405 | K20: 37292000 | L20: 44464288 | N20: مستشار رئيس مجلس الوزراء – ماجد الجشي | O20: 33 | Q20: 4 | R20: 2 | S20: 2 | T20: 42506 | U20: Customs Duty on Yachts | V20: 400000 | W20: 80700 | X20: 319300 | Y20: 361304 | AA20: 42013 | AB20: 3 | AC20: 1 | AD20: 4 | AE20: ضريبة البنزين
A21: National Oil & Gas Authority-51 | B21: 51 | C21: 0 | D21: 0 | E21: 0 | F21: 0 | G21: 0 | H21: 125 | I21: 7439 | J21: 7564 | K21: 0 | L21: 48960 | N21: وزارة الصناعة والتجارة والسياحة | O21: 34 | Q21: 4 | R21: 2 | S21: 2 | T21: 42507 | U21: Protection of Domestic Industries | V21: 570000 | W21: 578431 | X21: -8431 | Y21: 573849 | AC21: 2 | AD21: 4 | AE21: الضرائب والرسوم
A22: Min. of Shura Council & Representatives | B22: 54 | C22: 0 | D22: 0 | E22: 0 | F22: 0 | G22: 0 | H22: 1200 | I22: 150 | J22: 1350 | K22: 0 | L22: 0 | N22: مستشار رئيس الوزراء للشئون الأمنية | O22: 35 | Q22: 4 | R22: 2 | S22: 3 | T22: 43011 | U22: General Trade Activities Registration Fees | V22: 30000 | W22: 78334 | X22: -48334 | Y22: 41885 | AB22: 2 | AC22: 2 | AD22: 4 | AE22: الضرائب والرسوم على التجارة الدولية
A23: Council Aff 54 Min. of Information Aff-55 | B23: 55 | C23: 0 | D23: 0 | E23: 0 | F23: 0 | G23: 0 | H23: 0 | I23: 6677 | J23: 6677 | K23: 0 | L23: 0 | N23: وزارة الإسكان | O23: 36 | Q23: 4 | R23: 2 | S23: 3 | T23: 43021 | U23: Industrial Activities Registration Fees | V23: 3000 | W23: 2541 | X23: 459 | Y23: 9603 | AA23: 42501 | AB23: 2 | AC23: 2 | AD23: 4 | AE23: ضرائب جمركية على السلع الضرورية الأساسية
A24: Tender Board-59 | B24: 59 | C24: 0 | D24: 8425 | E24: 0 | F24: 0 | G24: 0 | H24: 400 | I24: 0 | J24: 8825 | K24: 0 | L24: 10885 | N24: مستشار سمو رئيس الوزراء للشئون الصناعية والنفطية | O24: 37 | Q24: 4 | R24: 2 | S24: 3 | T24: 43031 | U24: Financial Service Activities Registration Fees | V24: 10000 | W24: 45427 | X24: -35427 | Y24: 13892 | AA24: 42503 | AB24: 2 | AC24: 2 | AD24: 4 | AE24: ضرائب جمركية على العربات
A25: Transfers | B25: 60 | C25: 0 | D25: 19729167 | E25: 881496 | F25: 66919705 | G25: 28169590 | H25: 13455 | I25: 12282350 | J25: 127995763 | K25: 128041000 | L25: 164598430 | N25: مكتب مستشار رئيس مجلس الوزراء | O25: 38 | Q25: 4 | R25: 2 | S25: 3 | T25: 43041 | U25: Miscellaneous Service Activities Registration Fees | V25: 1065052 | W25: 1534627 | X25: -469575 | Y25: 1579778 | AA25: 42504 | AB25: 2 | AC25: 2 | AD25: 4 | AE25: ضرائب جمركية على التبغ المصنع وغير المصنع ومشتقاته
A26: Revenue Account under MOF Control | B26: 62 | C26: 1594672391 | D26: 0 | E26: 0 | F26: 0 | G26: 0 | H26: 0 | I26: 0 | J26: 1594672391 | K26: 1700787000 | L26: 2662346396 | N26: مكتب وزير شئون الكهرباء والماء | O26: 40 | Q26: 4 | R26: 2 | S26: 3 | T26: 43051 | U26: Commercial Agencies Registration Fees | V26: 14500 | W26: 11062 | X26: 3438 | Y26: 13787 | AA26: 42505 | AB26: 2 | AC26: 2 | AD26: 4 | AE26: ضرائب جمركية على السلع الكمالية
A27: Information Affairs Authority-65 | B27: 65 | C27: 0 | D27: 342232 | E27: 1331972 | F27: 600 | G27: 0 | H27: 0 | I27: 43724 | J27: 1718527 | K27: 1492000 | L27: 1298057 | N27: المجلس الأعلى للبيئة | O27: 41 | Q27: 4 | R27: 2 | S27: 3 | T27: 43071 | U27: Organizing Engineering Professional Practice Fees | V27: 85000 | W27: 40000 | X27: 45000 | Y27: 40000 | AA27: 42506 | AB27: 2 | AC27: 2 | AD27: 4 | AE27: ضرائب جمركية على اليخوت والزوارق والقوارب
A28: Bahrain Authority for Culture & Antiquiti | B28: 66 | C28: 0 | D28: 1491933 | E28: 423 | F28: 22800 | G28: 0 | H28: 0 | I28: 281518 | J28: 1796674 | K28: 0 | L28: 12515373 | N28: نائب رئيس مجلس الوزراء – الشيخ محمد بن مبارك آل خليفة | O28: 44 | Q28: 4 | R28: 2 | S28: 3 | T28: 44041 | U28: Pharmaceutical Products Licenses & Fees | V28: 35000 | W28: 32111 | X28: 2889 | Y28: 31799 | AA28: 42507 | AB28: 2 | AC28: 2 | AD28: 4 | AE28: ضريبة حماية الصناعة الوطنية
A29: es 66 Administrative Organization for Public Pr | B29: 68 | C29: 0 | D29: 45 | E29: 0 | F29: 0 | G29: 0 | H29: 0 | I29: 7759 | J29: 7804 | K29: 0 | L29: 0 | N29: وزارة الأشغال وشئون البلديات والتخطيط العمراني (شئون الأشغال) | O29: 46 | Q29: 4 | R29: 2 | S29: 3 | T29: 44042 | U29: Health Facilities Licenses & Fees | V29: 120000 | W29: 113996 | X29: 6004 | Y29: 109042 | AB29: 3 | AC29: 2 | AD29: 4 | AE29: رسوم التسجيل والتراخيص
A30: Civil Service Bureau-72 | B30: 72 | C30: 0 | D30: 250 | E30: 0 | F30: 0 | G30: 0 | H30: 50 | I30: 6431 | J30: 6731 | K30: 5000 | L30: 14151 | N30: وزارة المواصلات والاتصالات | O30: 48 | Q30: 4 | R30: 2 | S30: 3 | T30: 44043 | U30: Health Professions Licenses & Fees | V30: 130000 | W30: 157809 | X30: -27809 | Y30: 117822 | AA30: 43011 | AB30: 3 | AC30: 2 | AD30: 4 | AE30: نشاطات التجارة العامة
A31: Central Informatics Org-73 | B31: 73 | C31: 0 | D31: 2465286 | E31: 0 | F31: 0 | G31: 0 | H31: 0 | I31: 0 | J31: 2465286 | K31: 1683000 | L31: 1704235 | N31: الحرس الوطني | O31: 50 | Q31: 4 | R31: 2 | S31: 4 | T31: 44011 | U31: Passport Fees | V31: 1800000 | W31: 676517 | X31: 1123483 | Y31: 982251 | AA31: 43021 | AB31: 3 | AC31: 2 | AD31: 4 | AE31: نشاطات الصناعة
A32: General Secretariat for Youth & Sports Hi | B32: 75 | C32: 0 | D32: 585 | E32: 0 | F32: 0 | G32: 0 | H32: 0 | I32: 0 | J32: 585 | K32: 0 | L32: 0 | N32: الهيئة الوطنية للنفط والغاز | O32: 51 | Q32: 4 | R32: 2 | S32: 4 | T32: 44012 | U32: Residence Permit Fees | V32: 2437000 | W32: 2321112 | X32: 115888 | Y32: 2428954 | AA32: 43031 | AB32: 3 | AC32: 2 | AD32: 4 | AE32: نشاطات الخدمات المالية
A33: gh Council 75 Supreme Judicial Council (76) | B33: 76 | C33: 0 | D33: 645 | E33: 3309 | F33: 0 | G33: 0 | H33: 0 | I33: 2261 | J33: 6215 | K33: 0 | L33: 1873 | N33: وزارة الدولة لشئون الاتصالات | O33: 53 | Q33: 4 | R33: 2 | S33: 4 | T33: 44013 | U33: Visa & NOC Fees | V33: 9708000 | W33: 16781608 | X33: -7073608 | Y33: 11471167 | AA33: 43041 | AB33: 3 | AC33: 2 | AD33: 4 | AE33: نشاطات الخدمات المتنوعة
A34: Min. of Justice & Islamic Aff & Awqaf (I | B34: 77 | C34: 0 | D34: 5475 | E34: 0 | F34: 0 | G34: 0 | H34: 0 | I34: 3300 | J34: 8775 | K34: 10000 | L34: 24264 | N34: وزارة شئون مجلسي الشورى والنواب | O34: 54 | Q34: 4 | R34: 2 | S34: 4 | T34: 44015 | U34: Population Card Fees | V34: 1510000 | W34: 2201066 | X34: -691066 | Y34: 1475497 | AA34: 43051 | AB34: 3 | AC34: 2 | AD34: 4 | AE34: رسوم تسجيل الوكالات التجارية
A35: Survey&Land Reg Bureau-78 | B35: 78 | C35: 0 | D35: 20803808 | E35: 150986 | F35: 300 | G35: 0 | H35: 0 | I35: 15088 | J35: 20970182 | K35: 20376000 | L35: 22671205 | N35: وزارة شئون الإعلام | O35: 55 | Q35: 4 | R35: 2 | S35: 4 | T35: 44016 | U35: CONSUITANCY SERVICES FEES | V35: 85000 | W35: 1233 | X35: 83767 | Y35: 7000 | AA35: 43071 | AB35: 3 | AC35: 2 | AD35: 4 | AE35: رسوم تنظيم مزاولة المهن الهندسية
A36: Ministry of Finance-81 | B36: 81 | C36: 0 | D36: 640 | E36: 0 | F36: 180 | G36: 0 | H36: 0 | I36: 16689 | J36: 17509 | K36: 3000 | L36: 34588 | N36: وزارة الدولة لشئون حقوق الانسان | O36: 58 | Q36: 4 | R36: 2 | S36: 4 | T36: 44021 | U36: Labour Market Regulatory Authority Fee | V36: 18500000 | W36: 19206857 | X36: -706857 | Y36: 24231174 | AA36: 44041 | AB36: 3 | AC36: 2 | AD36: 4 | AE36: رسوم وتراخيص المواد الصيدلانية
A37: Customs Affairs-83 | B37: 83 | C37: 0 | D37: 110031666 | E37: 63437 | F37: 0 | G37: 0 | H37: 20790 | I37: 6650646 | J37: 116766540 | K37: 99700000 | L37: 97643744 | N37: مجلـس المناقصات والمزايدات | O37: 59 | Q37: 4 | R37: 2 | S37: 4 | T37: 44031 | U37: Employment Permission Fees | X37: 0 | Y37: 783410 | AA37: 44042 | AB37: 3 | AC37: 2 | AD37: 4 | AE37: رسوم وتراخيص المرافق الصحية
N38: الميزانية التحويلية (إيضاح رقم 10) | O38: 60 | Q38: 4 | R38: 2 | S38: 4 | T38: 44032 | U38: Employment Permission Renewal Fees | X38: 0 | Y38: 557105 | AA38: 44043 | AB38: 3 | AC38: 2 | AD38: 4 | AE38: رسوم وتراخيص المهن الصحية
A39: Government Agency Name | B39: Code | C39: Actual | D39: Revenue Budget | E39: % Spent | F39: Actual | G39: Recurrent Budget | H39: % Spent | I39: Actual | J39: Project Budget | K39: % Spent | N39: وزارة النفط | O39: 61 | Q39: 4 | R39: 2 | S39: 4 | T39: 44051 | U39: Ownership Registration Fees | V39: 150000 | W39: 116381 | X39: 33619 | Y39: 91573 | AB39: 4 | AC39: 2 | AD39: 4 | AE39: الرسوم والأتعاب الإدارية
A40: The Court of H.R.H The Prime Minister-11 | B40: 11 | C40: 88100 | D40: 0 | E40: 0 | F40: 19317706 | G40: 19342000 | H40: 0.9987 | N40: إيرادات النفط والغاز الطبيعي | O40: 62 | Q40: 4 | R40: 2 | S40: 4 | T40: 44052 | U40: Ownership Transfer Fees | V40: 20000000 | W40: 20686702 | X40: -686702 | Y40: 22418893 | AA40: 44011 | AB40: 4 | AC40: 2 | AD40: 4 | AE40: رسوم الجوازات
A41: Ministry of Defence-12 | B41: 12 | F41: 496154820 | G41: 494950000 | H41: 1.0024 | N41: وزارة شئون الإعلام | O41: 65 | Q41: 4 | R41: 2 | S41: 4 | T41: 44071 | U41: Car Registration Fees | V41: 15296000 | W41: 15717790 | X41: -421790 | Y41: 14490304 | AA41: 44012 | AB41: 4 | AC41: 2 | AD41: 4 | AE41: رسوم الإقامات
A42: Ministry of Interior-13 | B42: 13 | C42: 47605960 | D42: 40454000 | E42: 1.1768 | F42: 372640335 | G42: 350900000 | H42: 1.062 | I42: 31276833 | J42: 38755028 | K42: 0.807 | N42: هيئة البحرين للثقافة والآثار | O42: 66 | Q42: 4 | R42: 2 | S42: 4 | T42: 44072 | U42: Driving License Fees | V42: 3727000 | W42: 4381225 | X42: -654225 | Y42: 3695338 | AA42: 44013 | AB42: 4 | AC42: 2 | AD42: 4 | AE42: رسوم التأشيرات وشهادات عدم الممانعة
A43: National Security Agency-14 | B43: 14 | C43: 0 | D43: 0 | E43: 0 | F43: 35889000 | G43: 35889000 | H43: 1 | N43: الجهاز الإداري للنيابة العامة | O43: 68 | Q43: 4 | R43: 2 | S43: 4 | T43: 44091 | U43: Legal Fees | V43: 5104000 | W43: 5652851 | X43: -548851 | Y43: 4775298 | AA43: 44015 | AB43: 4 | AC43: 2 | AD43: 4 | AE43: رسوم البطاقة السكانية
A44: Legislation & Legal Opinion Com-15 | B44: 15 | C44: 13159 | D44: 5000 | E44: 2.6317 | F44: 2609942 | G44: 2609942 | H44: 1 | N44: مكتب صاحب السمو الملكي النائب الأول لرئيس مجلس الوزراء | O44: 70 | Q44: 4 | R44: 2 | S44: 4 | T44: 44092 | U44: Documentation Fees | V44: 580000 | W44: 613478 | X44: -33478 | Y44: 526107 | AA44: 44016 | AB44: 4 | AC44: 2 | AD44: 4 | AE44: رسوم تقديم الخدمات الاستشارية
A45: Min. of Foreign Affairs-16 | B45: 16 | C45: 1785623 | D45: 2055000 | E45: 0.8689 | F45: 30933748 | G45: 30832586 | H45: 1.0033 | I45: 987912 | J45: 2185198 | K45: 0.4521 | N45: الأمانة العامة لمجلس الوزراء | O45: 71 | Q45: 4 | R45: 2 | S45: 4 | T45: 44093 | U45: Certification of Official Documents Fees | V45: 1660000 | W45: 1846493 | X45: -186493 | Y45: 2581558 | AA45: 44021 | AB45: 4 | AC45: 2 | AD45: 4 | AE45: رسوم هيئة تنظيم سوق العمل
A46: Deputy of H.R.H The PM-17 | B46: 17 | F46: 964152 | G46: 964152 | H46: 1 | I46: 15000 | J46: 15000 | K46: 1 | N46: ديوان الخدمة المدنية | O46: 72 | Q46: 4 | R46: 2 | S46: 4 | T46: 44111 | U46: Tourism Services Classification Fees | V46: 435500 | W46: 547350 | X46: -111850 | Y46: 456500 | AA46: 44031 | AB46: 4 | AC46: 2 | AD46: 4 | AE46: رسوم رخص العمل
A47: Min. of Justice & Islamic Aff & Awqaf (Justice Aff)-18 | B47: 18 | C47: 15836788 | D47: 10846000 | E47: 1.4602 | F47: 12475822 | G47: 11294000 | H47: 1.1046 | I47: 200090 | J47: 1894583 | K47: 0.1056 | N47: هيئة المعلومات والحكومة الالكترونية | O47: 73 | Q47: 4 | R47: 2 | S47: 4 | T47: 44112 | U47: Hotel Service Fees | V47: 10000000 | W47: 12651162 | X47: -2651162 | Y47: 11427380 | AA47: 44032 | AB47: 4 | AC47: 2 | AD47: 4 | AE47: رسوم تجديد رخص العمل
A48: Supreme Council for Oil | N48: نائب رئيس مجلس الوزراء – الشيخ علي بن خليفة آل خليفة | O48: 74 | Q48: 4 | R48: 2 | S48: 4 | T48: 44131 | U48: Gold Assaying Fees | V48: 250000 | W48: 275209 | X48: -25209 | Y48: 236632 | AA48: 44051 | AB48: 4 | AC48: 2 | AD48: 4 | AE48: رسوم تسجيل الملكية
A49: Ministry of Information-20 (Old) | B49: 20 | N49: الأمانة العامة للمجلس الأعلى للشباب والرياضة | O49: 75 | Q49: 4 | R49: 2 | S49: 4 | T49: 44132 | U49: Pearl Assaying Fees | V49: 50000 | W49: 67315 | X49: -17315 | Y49: 56916 | AA49: 44052 | AB49: 4 | AC49: 2 | AD49: 4 | AE49: رسوم نقل الملكية
A50: Min. of Education-21 | B50: 21 | C50: 1608282 | D50: 768000 | E50: 2.0941 | F50: 334079328 | G50: 315972000 | H50: 1.0573 | I50: 4432953 | J50: 13608151 | K50: 0.3258 | N50: المجلس الأعلى للقضاء | O50: 76 | Q50: 4 | R50: 2 | S50: 4 | T50: 44151 | U50: Design & Measurement Fees | V50: 5000 | W50: 6981 | X50: -1981 | Y50: 6988 | AA50: 44071 | AB50: 4 | AC50: 2 | AD50: 4 | AE50: رسوم تسجيل العربات
A51: Ministry of Health-22 | B51: 22 | C51: 35063505 | D51: 33450000 | E51: 1.0482 | F51: 277946873 | G51: 244412000 | H51: 1.1372 | I51: 8570086 | J51: 16238207 | K51: 0.5278 | N51: وزارة العدل والشئون الإسلامية والأوقاف (الشئون الإسلامية) | O51: 77 | Q51: 4 | R51: 2 | S51: 4 | T51: 44152 | U51: Design & Trademark Fees | V51: 1200000 | W51: 1349810 | X51: -149810 | Y51: 1299825 | AA51: 44072 | AB51: 4 | AC51: 2 | AD51: 4 | AE51: رسوم رخص السياقة
A52: Min. of Works, Mun Aff & Urb Plg -23 (Mun Aff&Urb Plg) | B52: 23 | C52: 896658 | D52: 335000 | E52: 2.6766 | F52: 11763130 | G52: 11912000 | H52: 0.9875 | I52: 8548357 | J52: 16079981 | K52: 0.5316 | N52: جهاز المساحة والتسجيل العقاري | O52: 78 | Q52: 4 | R52: 2 | S52: 4 | T52: 44153 | U52: Trademarks & Commercial Reg. Amend. Fees | V52: 3350000 | W52: 3599740 | X52: -249740 | Y52: 3739191 | AA52: 44091 | AB52: 4 | AC52: 2 | AD52: 4 | AE52: رسوم قضائية
A53: Min. of Labour -24 | B53: 24 | C53: 30559 | D53: 67000 | E53: 0.4561 | F53: 6050055 | G53: 6050055 | H53: 1 | I53: 181466 | J53: 398945 | K53: 0.4549 | N53: وزارة شئون الشباب والرياضة (مكتب الوزير) | O53: 79 | Q53: 4 | R53: 2 | S53: 4 | T53: 44171 | U53: Departure Fees | V53: 1140000 | W53: 2202764 | X53: -1062764 | Y53: 2016602 | AA53: 44092 | AB53: 4 | AC53: 2 | AD53: 4 | AE53: رسوم التوثيق
A54: Min. of Muncipalities & Agriculture Aff. (Muncipalities Affairs) | N54: وزارة المالية والاقتصاد الوطني | O54: 81 | Q54: 4 | R54: 2 | S54: 4 | T54: 44172 | U54: Entrance Permit Fees | V54: 70000 | W54: 657474 | X54: -587474 | Y54: 813061 | AA54: 44093 | AB54: 4 | AC54: 2 | AD54: 4 | AE54: رسوم تصديق المعاملات الرسمية
A55: General Organization for Youth&Sport-26 | B55: 26 | C55: 600896 | D55: 16000 | E55: 37.556 | F55: 12228419 | G55: 12239000 | H55: 0.9991 | I55: 6911289 | J55: 11020786 | K55: 0.6271 | N55: شئون الجمارك | O55: 83 | Q55: 4 | R55: 2 | S55: 4 | T55: 44191 | U55: Tender Fees | V55: 190869 | W55: 146427 | X55: 44442 | Y55: 199350 | AA55: 44111 | AB55: 4 | AC55: 2 | AD55: 4 | AE55: رسوم تصنيف الفنادق
A56: Environmental Affairs ( Old ) | N56: المجلس الأعلى للصحة | O56: 67 | Q56: 4 | R56: 2 | S56: 4 | T56: 44211 | U56: Wireless Equipment Fees | V56: 662109 | W56: 719869 | X56: -57760 | Y56: 753425 | AA56: 44112 | AB56: 4 | AC56: 2 | AD56: 4 | AE56: رسوم خدمات الفنادق
A57: Rashed Club for Equestrian & Horse Racing-28 | B57: 28 | F57: 1663692 | G57: 1876000 | H57: 0.8868 | I57: 261070 | J57: 296478 | K57: 0.8806 | N57: مركز الشيخ محمد بن خليفة آل خليفة التخصصي للقلب (إيضاح رقم 13) | O57: 43 | Q57: 4 | R57: 2 | S57: 4 | T57: 44212 | U57: Vedio Sales Distribution Rights | V57: 3000 | W57: 8214 | X57: -5214 | Y57: 10164 | AA57: 44131 | AB57: 4 | AC57: 2 | AD57: 4 | AE57: رسوم فحص الذهب
A58: Min. of Social Development-29 | B58: 29 | C58: 7162 | D58: 5000 | E58: 1.4325 | F58: 12079638 | G58: 12079639 | H58: 1 | I58: 970328 | J58: 2049023 | K58: 0.4736 | N58: هيئة الكهرباء والماء (إيضاح رقم 12) | O58: 47 | Q58: 4 | R58: 2 | S58: 4 | T58: 44904 | U58: Ship Arrival and Departure Permit Fees | V58: 570000 | W58: 384449 | X58: 185551 | Y58: 515456 | AA58: 44132 | AB58: 4 | AC58: 2 | AD58: 4 | AE58: رسوم فحص اللؤلؤ
A59: Deputy of H.R.H The PM-30 | B59: 30 | F59: 1003973 | G59: 1003974 | H59: 1 | N59: مستشفى الملك حمد الجامعي (إيضاح رقم 14،13) | O59: 88 | Q59: 4 | R59: 2 | S59: 4 | T59: 44905 | U59: Lawyer & Pilgrim Contractors Permit | V59: 90500 | W59: 139701 | X59: -49201 | Y59: 136611 | AA59: 44151 | AB59: 4 | AC59: 2 | AD59: 4 | AE59: رسوم المواصفات والمقاييس
A60: Advisor to H.R.H The PM for Economic Aff-31 | B60: 31 | F60: 266144 | G60: 266144 | H60: 1 | N60: الهيئة الوطنية لتنظيم المهن والخدمات الصحية | O60: 89 | Q60: 4 | R60: 2 | S60: 4 | T60: 44908 | U60: Application Fees | V60: 497523 | W60: 352826 | X60: 144697 | Y60: 166574 | AA60: 44152 | AB60: 4 | AC60: 2 | AD60: 4 | AE60: رسوم التصميمات والعلامات التجارية
A61: Min. of Follow-up Affairs-32 | B61: 32 | F61: 556012 | G61: 556013 | H61: 1 | N61: مكاتب نواب صاحب السمو الملكي رئيس مجلس الوزراء | O61: D | Q61: 4 | R61: 3 | S61: 1 | T61: 41011 | U61: Hospital Private Room Charges | V61: 500000 | W61: 418152 | X61: 81848 | Y61: 420375 | AA61: 44153 | AB61: 4 | AC61: 2 | AD61: 4 | AE61: رسوم تأشير السجل والعلامات التجارية
A62: Advisor to H.R.H PM-33 | B62: 33 | F62: 0 | G62: 0 | H62: 0 | N62: مكاتب مستشاري صاحب السمو الملكي رئيس مجلس الوزراء | O62: A | Q62: 4 | R62: 3 | S62: 1 | T62: 41012 | U62: Primary Health Care Charges | V62: 28800000 | W62: 28482392 | X62: 317608 | Y62: 8560266 | AA62: 44171 | AB62: 4 | AC62: 2 | AD62: 4 | AE62: رسوم المغادرة
A63: Min of Industry & Commerce-34 | B63: 34 | C63: 25161275 | D63: 19495000 | E63: 1.2907 | F63: 12626368 | G63: 12153000 | H63: 1.039 | I63: 4793449 | J63: 13482609 | K63: 0.3555 | N63: المركز الوطني للاورام السرطانية (إيضاح رقم 13) | O63: 84 | Q63: 4 | R63: 3 | S63: 1 | T63: 41013 | U63: Parcel & Postal Fees | V63: 1450000 | W63: 1498793 | X63: -48793 | Y63: 1466386 | AA63: 44172 | AB63: 4 | AC63: 2 | AD63: 4 | AE63: رسوم التصاريح
A64: Advisor to H.R.H PM for Security Aff-35 | B64: 35 | F64: 0 | G64: 0 | H64: 0 | N64: هيئة جودة التعليم والتدريب | O64: 69 | Q64: 4 | R64: 3 | S64: 1 | T64: 41014 | U64: Special Medical Services Charges | V64: 14000 | W64: 481754 | X64: -467754 | Y64: 18439 | AA64: 44191 | AB64: 4 | AC64: 2 | AD64: 4 | AE64: رسوم المناقصات
A65: Ministry of Housing-36 | B65: 36 | C65: 1975685 | D65: 34000 | E65: 58.1084 | F65: 5316719 | G65: 5316720 | H65: 1 | I65: 141827915 | J65: 171582617 | K65: 0.8266 | N65: معهد البحرين للتنمية السياسية | O65: 80 | Q65: 4 | R65: 3 | S65: 1 | T65: 41015 | U65: Road Accident Treatment Fees | V65: 5000 | X65: 5000 | AA65: 44211 | AB65: 4 | AC65: 2 | AD65: 4 | AE65: رسوم الأجهزة اللاسلكية
A66: Advisor to H.R.H The PM for Industrial & Oil Aff-37 | B66: 37 | F66: 130863 | G66: 140000 | H66: 0.9347 | Q66: 4 | R66: 3 | S66: 1 | T66: 41016 | U66: Limited Private Practice Charges | V66: 10000 | X66: 10000 | Y66: 900 | AA66: 44212 | AB66: 4 | AC66: 2 | AD66: 4 | AE66: حقوق توزيع أشرطة الفيديو
A67: Advisor to H.R.H The PM-38 | B67: 38 | F67: 155629 | G67: 181000 | H67: 0.8598 | Q67: 4 | R67: 3 | S67: 1 | T67: 41017 | U67: Out-Patient Charges | V67: 1050000 | W67: 1408321 | X67: -358321 | Y67: 1224931 | AA67: 44904 | AB67: 4 | AC67: 2 | AD67: 4 | AE67: رسوم رخص الوصول والمغادرة للسفن
A68: Ministry of State-39 | B68: 39 | Q68: 4 | R68: 3 | S68: 1 | T68: 41018 | U68: Medical Commission Fees | V68: 135000 | W68: 112715 | X68: 22285 | Y68: 115491 | AA68: 44905 | AB68: 4 | AC68: 2 | AD68: 4 | AE68: رسوم المحاماة ومقاولي الحج
A69: Min. of Energy-40 | B69: 40 | F69: 206438 | G69: 279000 | H69: 0.7399 | Q69: 4 | R69: 3 | S69: 1 | T69: 41019 | U69: Occupational Injury Treatment Fees | V69: 270000 | W69: 290000 | X69: -20000 | Y69: 272660 | AA69: 44908 | AB69: 4 | AC69: 2 | AD69: 4 | AE69: رسوم تقديم الطلبات
A70: The Supreme Council for the Environment-41 | B70: 41 | C70: 317845 | D70: 143000 | E70: 2.2227 | F70: 6894164 | G70: 6894165 | H70: 1 | I70: 211391 | J70: 900753 | K70: 0.2347 | Q70: 4 | R70: 3 | S70: 1 | T70: 41020 | U70: Pre-employment Medical Examination Fees | V70: 440000 | W70: 502674 | X70: -62674 | Y70: 455586 | AC70: 3 | AD70: 4 | AE70: المنتجات الخدمية والسلعية الحكومية
A71: Bahrain Royal Flight ( Old ) | Q71: 4 | R71: 3 | S71: 1 | T71: 41021 | U71: Registration of College for Health Sciences | X71: 0 | Y71: 13000 | AB71: 1 | AC71: 3 | AD71: 4 | AE71: المنتجات الخدمية الحكومية
A72: Mohammed bin Khalifa Al Khalifa Cardiac Center-43 | B72: 43 | F72: 15463922 | G72: 15465000 | H72: 0.9999 | Q72: 4 | R72: 3 | S72: 1 | T72: 41023 | U72: X-Ray Fees | V72: 35000 | W72: 66425 | X72: -31425 | Y72: 40884 | AA72: 41011 | AB72: 1 | AC72: 3 | AD72: 4 | AE72: الغرف الخاصة بالمستشفيات
A73: Deputy of H.R.H The PM-44 | B73: 44 | F73: 778667 | G73: 1093000 | H73: 0.7124 | Q73: 4 | R73: 3 | S73: 1 | T73: 41024 | U73: Lab. Fees | V73: 90000 | W73: 266355 | X73: -176355 | Y73: 110623 | AA73: 41012 | AB73: 1 | AC73: 3 | AD73: 4 | AE73: الرعاية الصحية الأساسية
A74: Min.Of Housing -Old | Q74: 4 | R74: 3 | S74: 1 | T74: 41025 | U74: Operations Fees | V74: 150000 | W74: 209750 | X74: -59750 | Y74: 201883 | AA74: 41013 | AB74: 1 | AC74: 3 | AD74: 4 | AE74: خدمات الصحة العامة
A75: Min. of Works, Mun Aff & Urb Plg -46 (Works Aff) | B75: 46 | C75: 622154 | D75: 267000 | E75: 2.3302 | F75: 45258497 | G75: 45258498 | H75: 1 | I75: 86617663 | J75: 119104897 | K75: 0.7272 | Q75: 4 | R75: 3 | S75: 1 | T75: 41026 | U75: Maternity Services | V75: 155000 | W75: 189687 | X75: -34687 | Y75: 130374 | AA75: 41014 | AB75: 1 | AC75: 3 | AD75: 4 | AE75: الخدمات الطبية الخاصة
A76: Elec & Water Authority-47 | B76: 47 | F76: 325500000 | G76: 325500000 | H76: 1 | Q76: 4 | R76: 3 | S76: 1 | T76: 41027 | U76: Public University Tution Fees for Non-Bahrainis | V76: 54381 | X76: 54381 | AA76: 41015 | AB76: 1 | AC76: 3 | AD76: 4 | AE76: رسوم علاج اصابات حوادث الطرق
A77: Min. of Transportation & Telecommunications-48 | B77: 48 | C77: 44085405 | D77: 37292000 | E77: 1.1822 | F77: 32609661 | G77: 32851000 | H77: 0.9927 | I77: 4039329 | J77: 8478946 | K77: 0.4764 | Q77: 4 | R77: 3 | S77: 1 | T77: 41029 | U77: Public University Fees for Bahrainis | V77: 580060 | X77: 580060 | AA77: 41016 | AB77: 1 | AC77: 3 | AD77: 4 | AE77: الطب الخاص المحدود
A78: Ministry of State ( Old ) | Q78: 4 | R78: 3 | S78: 1 | T78: 41031 | U78: Parcel & Postal Fees | V78: 900000 | W78: 837373 | X78: 62627 | Y78: 956945 | AA78: 41017 | AB78: 1 | AC78: 3 | AD78: 4 | AE78: المرضى الخارجيون
A79: National Guard-50 | B79: 50 | F79: 40050000 | G79: 40050000 | H79: 1 | I79: 5953424 | J79: 6000000 | K79: 0.9922 | Q79: 4 | R79: 3 | S79: 1 | T79: 41032 | U79: Post Box Rental | V79: 500000 | W79: 525848 | X79: -25848 | Y79: 520760 | AA79: 41018 | AB79: 1 | AC79: 3 | AD79: 4 | AE79: القومسيون الطبي
A80: National Oil & Gas Authority-51 | B80: 51 | C80: 7564 | D80: 0 | E80: 0 | F80: 2515446 | G80: 2515446 | H80: 1 | Q80: 4 | R80: 3 | S80: 1 | T80: 41033 | U80: Transit Post Fees | V80: 300000 | W80: 499831 | X80: -199831 | Y80: 357218 | AA80: 41019 | AB80: 1 | AC80: 3 | AD80: 4 | AE80: رسوم علاج اصابات العمل
A81: Civil Aviation Aff-52 | B81: 52 | Q81: 4 | R81: 3 | S81: 1 | T81: 41034 | U81: Stamp Sales | V81: 800000 | W81: 803426 | X81: -3426 | Y81: 908474 | AA81: 41020 | AB81: 1 | AC81: 3 | AD81: 4 | AE81: رسوم الفحص الطبي للعمالة الجديدة
A82: Ministry of State of Telecommunication Affairs | F82: 0 | G82: 0 | H82: 0 | Q82: 4 | R82: 3 | S82: 1 | T82: 41035 | U82: Franking Machine Sales | V82: 2700000 | W82: 2553570 | X82: 146430 | Y82: 3000233 | AA82: 41021 | AB82: 1 | AC82: 3 | AD82: 4 | AE82: رسوم التسجيل في كلية العلوم الصحية
A83: Min. of Shura Council & Representatives Council Aff-54 | B83: 54 | C83: 1350 | D83: 0 | E83: 0 | F83: 1489032 | G83: 1584546 | H83: 0.9397 | Q83: 4 | R83: 3 | S83: 1 | T83: 41051 | U83: Container Handling & Storage Charges | V83: 4000000 | W83: 5879788 | X83: -1879788 | Y83: 4519780 | AA83: 41023 | AB83: 1 | AC83: 3 | AD83: 4 | AE83: رسوم الأشعة
A84: Min. of Information Aff-55 | B84: 55 | C84: 6677 | D84: 0 | E84: 0 | F84: 700150 | G84: 708500 | H84: 0.9882 | I84: 1091600 | J84: 1432483 | K84: 0.762 | Q84: 4 | R84: 3 | S84: 1 | T84: 41052 | U84: Harbor Services Charges | V84: 907000 | W84: 1344866 | X84: -437866 | Y84: 1331112 | AA84: 41024 | AB84: 1 | AC84: 3 | AD84: 4 | AE84: رسوم المختبر
A85: Ministry of Industry | Q85: 4 | R85: 3 | S85: 1 | T85: 41053 | U85: Port Operation Charges | V85: 850000 | W85: 1278081 | X85: -428081 | Y85: 1542199 | AA85: 41025 | AB85: 1 | AC85: 3 | AD85: 4 | AE85: رسوم العمليات
A86: Ministy of State 4 | Q86: 4 | R86: 3 | S86: 1 | T86: 41054 | U86: Port Administration Service Charges | X86: 0 | AA86: 41026 | AB86: 1 | AC86: 3 | AD86: 4 | AE86: رسوم الولادة
A87: Ministry of Human Rights Affairs-58 | B87: 58 | F87: 0 | G87: 0 | H87: 0 | Q87: 4 | R87: 3 | S87: 1 | T87: 41055 | U87: Customs Stamp - Containers | V87: 55000 | W87: 56361 | X87: -1361 | Y87: 54339 | AA87: 41027 | AB87: 1 | AC87: 3 | AD87: 4 | AE87: رسوم تسجيل الطلبة غير البحرينين في الجامعات الحكومية
A88: Tender Board-59 | B88: 59 | C88: 8825 | D88: 0 | E88: 0 | F88: 1159177 | G88: 1159177 | H88: 1 | I88: 114432 | J88: 200000 | K88: 0.5722 | Q88: 4 | R88: 3 | S88: 1 | T88: 41071 | U88: Aeroplane Landing Fees | V88: 500000 | W88: 1413901 | X88: -913901 | Y88: 604765 | AA88: 41029 | AB88: 1 | AC88: 3 | AD88: 4 | AE88: رسوم تسجيل الطلبة البحرينين في الجامعات الحكومية
A89: Transfers | B89: 60 | C89: 127995763 | D89: 128041000 | E89: 0.9996 | F89: 838184766 | G89: 960857378 | H89: 0.8723 | I89: 100302253 | J89: 146536854 | K89: 0.6845 | Q89: 4 | R89: 3 | S89: 1 | T89: 41072 | U89: Aeroplane Parking Fees | W89: 175 | X89: -175 | Y89: 2626 | AA89: 41031 | AB89: 1 | AC89: 3 | AD89: 4 | AE89: الطرود البريدية
A90: Revenue Account under MOF Control | B90: 62 | C90: 1594672391 | D90: 1700787000 | E90: 0.9376 | Q90: 4 | R90: 3 | S90: 1 | T90: 41073 | U90: Overflying Fees | V90: 15999300 | W90: 16521634 | X90: -522334 | Y90: 18437758 | AA90: 41032 | AB90: 1 | AC90: 3 | AD90: 4 | AE90: صناديق البريد الخاصة
A91: Special Projects | Q91: 4 | R91: 3 | S91: 1 | T91: 41091 | U91: Telephone Usage Charges | W91: 51973 | X91: -51973 | Y91: 65940 | AA91: 41033 | AB91: 1 | AC91: 3 | AD91: 4 | AE91: بريد العبور
A92: General Services ( Special Projects ) | Q92: 4 | R92: 3 | S92: 1 | T92: 41111 | U92: Vehicle Parking Fees | V92: 112000 | W92: 179791 | X92: -67791 | Y92: 116437 | AA92: 41034 | AB92: 1 | AC92: 3 | AD92: 4 | AE92: الطوابع البريدية
A93: Information Affairs Authority-65 | B93: 65 | C93: 1718527 | D93: 1492000 | E93: 1.1518 | F93: 22993263 | G93: 23552053 | H93: 0.9763 | I93: 7511345 | J93: 12647048 | K93: 0.5939 | Q93: 4 | R93: 3 | S93: 1 | T93: 41112 | U93: Driving Instruction Fees | V93: 1061000 | W93: 1216415 | X93: -155415 | Y93: 1047936 | AA93: 41035 | AB93: 1 | AC93: 3 | AD93: 4 | AE93: مكائن التخليص الآلي
A94: Bahrain Authority for Culture & Antiquities-66 | B94: 66 | C94: 1796674 | D94: 0 | E94: 0 | F94: 7672969 | G94: 7673000 | H94: 1 | I94: 4650195 | J94: 10208947 | K94: 0.4555 | Q94: 4 | R94: 3 | S94: 1 | T94: 41151 | U94: Advertisement Sales | V94: 727158 | W94: 1155858 | X94: -428700 | Y94: 594859 | AA94: 41051 | AB94: 1 | AC94: 3 | AD94: 4 | AE94: مناولة وتخزين الحاويات
A95: Supreme Council for Health-67 | B95: 67 | F95: 279388 | G95: 279388 | H95: 1 | I95: 237637 | J95: 465611 | K95: 0.5104 | Q95: 4 | R95: 3 | S95: 1 | T95: 41171 | U95: Security Guard Income | V95: 4000000 | W95: 3639729 | X95: 360271 | Y95: 4336260 | AA95: 41052 | AB95: 1 | AC95: 3 | AD95: 4 | AE95: خدمات المرفأ
A96: Administrative Organization for Public Prosecution-68 | B96: 68 | C96: 7804 | D96: 0 | E96: 0 | F96: 3361118 | G96: 3361118 | H96: 1 | Q96: 4 | R96: 3 | S96: 1 | T96: 41212 | U96: Subscriptions to Training Programmes | V96: 815000 | W96: 466645 | X96: 348355 | Y96: 750616 | AA96: 41053 | AB96: 1 | AC96: 3 | AD96: 4 | AE96: عمليات الموانىء
A97: First Deputy of H.R.H The PM Office-70 | B97: 70 | F97: 1316372 | G97: 1860000 | H97: 0.7077 | I97: 3000000 | J97: 3000000 | K97: 1 | Q97: 4 | R97: 3 | S97: 1 | T97: 41231 | U97: Water Wells Drilling Income | V97: 10200 | W97: 3400 | X97: 6800 | AA97: 41055 | AB97: 1 | AC97: 3 | AD97: 4 | AE97: قيمة الأختام الجمركية للحاويات
A98: General Secretariat of the Cabinet -71 | B98: 71 | F98: 1429566 | G98: 1566000 | H98: 0.9129 | Q98: 4 | R98: 3 | S98: 1 | T98: 41232 | U98: Land Survey Charges | V98: 150000 | W98: 97242 | X98: 52758 | Y98: 77665 | AA98: 41071 | AB98: 1 | AC98: 3 | AD98: 4 | AE98: نزول الطائرات
A99: Civil Service Bureau-72 | B99: 72 | C99: 6731 | D99: 5000 | E99: 1.3462 | F99: 5916829 | G99: 5916829 | H99: 1 | I99: 134694 | J99: 859506 | K99: 0.1567 | Q99: 4 | R99: 3 | S99: 1 | T99: 41901 | U99: Issue of Certificate Charges | V99: 685000 | W99: 870641 | X99: -185641 | Y99: 764074 | AA99: 41072 | AB99: 1 | AC99: 3 | AD99: 4 | AE99: وقوف الطائرات
A100: Central Informatics Org-73 | B100: 73 | C100: 2465286 | D100: 1683000 | E100: 1.4648 | F100: 9016838 | G100: 8614000 | H100: 1.0468 | I100: 4768215 | J100: 6287379 | K100: 0.7584 | Q100: 4 | R100: 3 | S100: 1 | T100: 41902 | U100: Examination Charges | V100: 29000 | W100: 29273 | X100: -273 | Y100: 36661 | AA100: 41073 | AB100: 1 | AC100: 3 | AD100: 4 | AE100: تحليق وإرشاد الطائرات
...

Sheet  بيان الإيرادات والمصروفات
A1: بيان الإيرادات والمصروفات الموحد للدولة
A2: للسنة المالية المنتهية في 31 ديسمبر 2020
E3: (دينار بحريني)
A4: البيان | B4: الإيضاحات | C4: الاعتماد | D4: الفعلي 2020 | E4: الفعلي 2019
A5: الإيرادات
A6: النفط والغاز الطبيعي | B6: 4،3 | C6: ='تفصيل الإيرادات'!F5 -> 2096283000 | D6: ='تفصيل الإيرادات'!G5 -> 1232792812 | E6: ='تفصيل الإيرادات'!I5 -> 2090143298
A7: الضرائب والرسوم | B7: 4،3 | C7: ='تفصيل الإيرادات'!F28 -> 569086833 | D7: ='تفصيل الإيرادات'!G28 -> 479884128 | E7: ='تفصيل الإيرادات'!I28 -> 552980854
A8: المنتجات الخدمية والسلعية الحكومية | B8: 4،3 | C8: ='تفصيل الإيرادات'!F144 -> 86638516 | D8: ='تفصيل الإيرادات'!G144 -> 73008491 | E8: ='تفصيل الإيرادات'!I144 -> 77100692
A9: الإستثمارات والأملاك الحكومية | B9: 4،3 | C9: ='تفصيل الإيرادات'!F224 -> 149619520 | D9: ='تفصيل الإيرادات'!G224 -> 255614354 | E9: ='تفصيل الإيرادات'!I224 -> 137994587
A10: الإعانات | B10: 4،3
A11: مبيعات الأصول الرأسمالية | B11: 4،3 | C11: ='تفصيل الإيرادات'!F249 -> 329107 | D11: ='تفصيل الإيرادات'!G249 -> 454407 | E11: ='تفصيل الإيرادات'!I249 -> 267365
A12: الغرامات والجزاءات والإيرادات المتنوعة | B12: 4،3 | C12: ='تفصيل الإيرادات'!F262 -> 44536578 | D12: ='تفصيل الإيرادات'!G262 -> 40620860 | E12: ='تفصيل الإيرادات'!I262 -> 43869144
A13: مجموع الإيرادات | B13: 4،3،2 | C13: =SUM(C6:C12) -> 2946493554 | D13: =SUM(D6:D12) -> 2082375052 | E13: =SUM(E6:E12) -> 2902355940
A14: المصروفات المتكررة
A15: القوى العاملة | B15: 8،7،5 | C15: ='تفصيل المصروفات'!G5 -> 1386400029 | D15: ='تفصيل المصروفات'!H5 -> 1389808947 | E15: ='تفصيل المصروفات'!J5 -> 1398864073
A16: الخدمات | B16: 8،7،5 | C16: ='تفصيل المصروفات'!G132 -> 201655636 | D16: ='تفصيل المصروفات'!H132 -> 221968427 | E16: ='تفصيل المصروفات'!J132 -> 246766332
A17: السلع الاستهلاكية | B17: 8،7،5 | C17: ='تفصيل المصروفات'!G264 -> 119780414 | D17: ='تفصيل المصروفات'!H264 -> 133504935 | E17: ='تفصيل المصروفات'!J264 -> 149706143
A18: السلع الرأسمالية | B18: 8،7،5 | C18: ='تفصيل المصروفات'!G327 -> 16074359 | D18: ='تفصيل المصروفات'!H327 -> 15132187 | E18: ='تفصيل المصروفات'!J327 -> 26213208
A19: الصيانة | B19: 8،7،5 | C19: ='تفصيل المصروفات'!G406 -> 37847535 | D19: ='تفصيل المصروفات'!H406 -> 49580500 | E19: ='تفصيل المصروفات'!J406 -> 49655351
A20: النفقات التحويلية | B20: 8،7،5 | C20: ='تفصيل المصروفات'!G508 -> 718388050 | D20: ='تفصيل المصروفات'!H508 -> 726004810 | E20: ='تفصيل المصروفات'!J508 -> 501105176
A21: الإعانات وتسديد فوائد القروض | B21: 8،7،5 | C21: ='تفصيل المصروفات'!G518 -> 1019273111 | D21: ='تفصيل المصروفات'!H518 -> 997042755 | E21: ='تفصيل المصروفات'!J518 -> 961672334
A22: مجموع المصروفات المتكررة | B22: 8،7،6،5،2 | C22: =SUM(C15:C21) -> 3499419134 | D22: =SUM(D15:D21) -> 3533042561 | E22: =SUM(E15:E21) -> 3333982617
A23: مصروفات المشاريع | B23: 10،5،2 | C23: ='مشاريع '!C47 -> 254803288 | D23: ='مشاريع '!D47 -> 219914638 | E23: ='مشاريع '!F47 -> 252077051
A24: مجموع المصروفات | B24: 5 | C24: =SUM(C22:C23) -> 3754222422 | D24: =SUM(D22:D23) -> 3752957199 | E24: =SUM(E22:E23) -> 3586059668
A25: العجز للسنة | C25: =C13-C24 -> -807728868 | D25: =D13-D24 -> -1670582147 | E25: =E13-E24 -> -683703728
A27: مصروفات مشاريع التسليح والتطوير | B27: 14 | C27: 0 | D27: 0 | E27: 0
A28: العجز للسنة | C28: =C25-C27 -> -807728868 | D28: =D25-D27 -> -1670582147 | E28: =E25-E27 -> -683703728
A29: بيان الاعتمادات المدورة إلى السنة المالية اللاحقة
D30: 2020 | E30: 2019
A31: اعتمادات المصروفات المتكررة | B31: 15،5 | D31: 27512180 | E31: 8659975
A32: اعتمادات المشاريع | B32: 15،5 | D32: 23000000 | E32: 21000000
A33: مجموع الاعتمادات المدورة | D33: =SUM(D31:D32) -> 50512180 | E33: =SUM(E31:E32) -> 29659975
A35: الإيضاحات الواردة على الصفحات من (5) إلى (36) هي جزء مكمل للحساب الختامي الموحد للدولة.

Sheet إيرادات النفط 
A1: 2- إيرادات النفط والغاز الطبيعي
C2: (دينار بحريني)
A3: البيان | B3: الفعلي 2018 | C3: الفعلي 2017
A4: إيرادات حقل البحرين النفطية والمصفاة
A5: الإيرادات
A6: إجمالي الإيرادات | B6: 2975111772 | C6: 2271373555
A7: إجمالي التكاليف | B7: -2521004100 | C7: -2085813879
A8: صافي الإيرادات | B8: =SUM(B6:B7) -> 454107672 | C8: =SUM(C6:C7) -> 185559676
A10: إيرادات حقل أبو سعفة
A11: إجمالي الإيرادات | B11: 1440898669 | C11: 1086573086
A12: إجمالي التكاليف | B12: -90708328 | C12: -99065219
A13: احتياطي الأجيال القادمة | B13: -19469985 | C13: -20920270
A14: صافي الإيرادات | B14: =SUM(B11:B13) -> 1330720356 | C14: =SUM(C11:C13) -> 966587597
A16: مبيعات الغاز الطبيعي
A17: إيرادات الغاز الطبيعي | B17: 493830478 | C17: 495675259
A19: ضرائب ورسوم نفطية | B19: 7410464 | C19: 4695378
A20: توزيعات أرباح مستلمة (الشركة القابضة للنفط والغاز) | B20: 0 | C20: 0
A22: صافي إيرادات النفط والغاز الطبيعي | B22: =B8+B14+B17+B19+B20 -> 2286068970 | C22: =C8+C14+C17+C19+C20 -> 1652517910

Sheet مصروفات وايرادات الوزارات
A1: 2- الإيرادات والمصروفات مصنفة حسب الوزارات والجهات الحكومية
C2: (دينار بحريني)
A3: الوزارة أو الجهة الحكومية | C3: الإيرادات | G3: المصروفات المتكررة | K3: مصروفات المشاريع
B4: Code | C4: الفعلي | D4: الاعتماد | E4: نسبة التحصيل % | G4: الفعلي | H4: الاعتماد | I4: نسبة الصرف % | K4: الفعلي | L4: الاعتماد | M4: نسبة الصرف %
A5: مكتب رئيس مجلس الوزراء | B5: 11 | C5: 0 | D5: 0 | E5: 0 | G5: 17946528 | H5: 18069000 | I5: =(G5/H5)*100 -> 99.322198 | K5: 0 | L5: 0 | M5: 0
A6: وزارة الدفاع (إيضاح رقم 13) | B6: 12 | C6: 0 | D6: 0 | E6: 0 | G6: 528984900 | H6: 482050000 | I6: =(G6/H6)*100 -> 109.73652 | K6: 0 | L6: 0 | M6: 0
A7: {=INDEX(Meta!N:N,MATCH(B7,Meta!O:O,0))} -> وزارة الداخلية | B7: 13 | C7: 34257465 | D7: 54141942 | E7: =(C7/D7)*100 -> 63.273432 | G7: 352939305 | H7: 357982350 | I7: =(G7/H7)*100 -> 98.591259 | K7: 8643632 | L7: 11229500 | M7: =(K7/L7)*100 -> 76.972546
A8: جهاز المخابرات الوطني | B8: 14 | C8: 0 | D8: 0 | E8: 0 | G8: 33313200 | H8: 34116000 | I8: =(G8/H8)*100 -> 97.646852 | K8: 0 | L8: 0 | M8: 0
A9: =INDEX(Meta!N:N,MATCH(B9,Meta!O:O,0)) -> هيئة التشريع والرأي القانوني | B9: 15 | C9: 0 | D9: 5000 | E9: =(C9/D9)*100 -> 0 | G9: 2027419 | H9: 2286000 | I9: =(G9/H9)*100 -> 88.688495 | K9: 0 | L9: 0 | M9: 0
A10: {=INDEX(Meta!N:N,MATCH(B10,Meta!O:O,0))} -> وزارة الخارجية | B10: 16 | C10: 1173330 | D10: 2055000 | E10: =(C10/D10)*100 -> 57.09635 | G10: 34416536 | H10: 38849000 | I10: =(G10/H10)*100 -> 88.590533 | K10: 1591517 | L10: 1591517 | M10: =(K10/L10)*100 -> 100
A11: {=INDEX(Meta!N:N,MATCH(B11,Meta!O:O,0))} -> وزارة العدل والشئون الإسلامية والأوقاف (شئون العدل) | B11: 18 | C11: 30052470 | D11: 34307300 | E11: =(C11/D11)*100 -> 87.597887 | G11: 9586920 | H11: 10235272 | I11: =(G11/H11)*100 -> 93.665513 | K11: 21768 | L11: 379400 | M11: =(K11/L11)*100 -> 5.7374802
A12: {=INDEX(Meta!N:N,MATCH(B12,Meta!O:O,0))} -> وزارة التربية والتعليم | B12: 21 | C12: 596603 | D12: 556930 | E12: =(C12/D12)*100 -> 107.12352 | G12: 262147440 | H12: 276982000 | I12: =(G12/H12)*100 -> 94.644215 | K12: 2326533 | L12: 2500000 | M12: =(K12/L12)*100 -> 93.06132
A13: {=INDEX(Meta!N:N,MATCH(B13,Meta!O:O,0))} -> وزارة الصحة | B13: 22 | C13: 38877969 | D13: 38115000 | E13: =(C13/D13)*100 -> 102.00176 | G13: 228680868 | H13: 220763970 | I13: =(G13/H13)*100 -> 103.58614 | K13: 2188889 | L13: 3070600 | M13: =(K13/L13)*100 -> 71.285384
A14: وزارة الأشغال وشئون البلديات والتخطيط العمراني (شئون الزراعة والثروة البحرية والحيوانية) | B14: 23 | C14: 4078444 | D14: 5108000 | E14: =(C14/D14)*100 -> 79.844244 | G14: 5526609 | H14: 5727000 | I14: =(G14/H14)*100 -> 96.500943 | K14: 1191549 | L14: 2206599 | M14: =(K14/L14)*100 -> 53.999345
A15: =INDEX(Meta!N:N,MATCH(B15,Meta!O:O,0)) -> وزارة شئون الشباب والرياضة | B15: 26 | C15: 141057 | D15: 2000000 | E15: =(C15/D15)*100 -> 7.05285 | G15: 8362642 | H15: 11979300 | I15: =(G15/H15)*100 -> 69.809104 | K15: 2268983 | L15: 3383900 | M15: =(K15/L15)*100 -> 67.052307
A16: =INDEX(Meta!N:N,MATCH(B16,Meta!O:O,0)) -> نادي راشد للفروسية وسباق الخيل | B16: 28 | C16: 0 | D16: 0 | E16: 0 | G16: 1903999 | H16: 1904000 | I16: =(G16/H16)*100 -> 99.999947 | K16: 0 | L16: 0 | M16: 0
A17: {=INDEX(Meta!N:N,MATCH(B17,Meta!O:O,0))} -> وزارة العمل والتنمية الاجتماعية | B17: 29 | C17: 24089 | D17: 29000 | E17: =(C17/D17)*100 -> 83.065517 | G17: 11844232 | H17: 13088000 | I17: =(G17/H17)*100 -> 90.496883 | K17: 173993 | L17: 348300 | M17: =(K17/L17)*100 -> 49.954924
A18: {=INDEX(Meta!N:N,MATCH(B18,Meta!O:O,0))} -> مكتب وزير شئون مجلس الوزراء | B18: 32 | C18: 0 | D18: 0 | E18: 0 | G18: 473614 | H18: 642000 | I18: =(G18/H18)*100 -> 73.771651 | K18: 0 | L18: 0 | M18: 0
A19: {=INDEX(Meta!N:N,MATCH(B19,Meta!O:O,0))} -> وزارة الصناعة والتجارة والسياحة | B19: 34 | C19: 28968956 | D19: 39532700 | E19: =(C19/D19)*100 -> 73.278466 | G19: 9298083 | H19: 10438298 | I19: =(G19/H19)*100 -> 89.07662 | K19: 856774 | L19: 3163700 | M19: =(K19/L19)*100 -> 27.081392
A20: {=INDEX(Meta!N:N,MATCH(B20,Meta!O:O,0))} -> وزارة الإسكان | B20: 36 | C20: 200 | D20: 35000 | E20: =(C20/D20)*100 -> 0.57142857 | G20: 4045303 | H20: 4434000 | I20: =(G20/H20)*100 -> 91.233717 | K20: 69663089 | L20: 76122677 | M20: =(K20/L20)*100 -> 91.51424
A21: {=INDEX(Meta!N:N,MATCH(B21,Meta!O:O,0))} -> مكتب صاحب السمو الملكي النائب الأول لرئيس مجلس الوزراء | B21: 70 | C21: 0 | D21: 0 | E21: 0 | F21: =(D21/E21)*100 -> #DIV/0! | G21: 1587861 | H21: 3208000 | I21: =(G21/H21)*100 -> 49.496914 | K21: 4000000 | L21: 5000000 | M21: =(K21/L21)*100 -> 80
A22: مكاتب نواب رئيس مجلس الوزراء | B22: D | C22: 0 | D22: 0 | E22: 0 | F22: =(D22/E22)*100 -> #DIV/0! | G22: =619424+1032503+625962+591232 -> 2869121 | H22: =720000+1054892+846000+601000 -> 3221892 | I22: =(G22/H22)*100 -> 89.050812 | K22: 0 | L22: 0 | M22: 0
A23: مكاتب مستشاري رئيس مجلس الوزراء | B23: A | C23: 0 | D23: 0 | E23: 0 | F23: =(D23/E23)*100 -> #DIV/0! | G23: =282572+257952 -> 540524 | H23: =282572+305000 -> 587572 | I23: =(G23/H23)*100 -> 91.992811 | K23: 0 | L23: 0 | M23: 0
A24: =INDEX(Meta!N:N,MATCH(B24,Meta!O:O,0)) -> مكتب وزير شئون الكهرباء والماء | B24: 40 | C24: 0 | D24: 0 | E24: 0 | F24: =(D24/E24)*100 -> #DIV/0! | G24: 172453 | H24: 232000 | I24: =(G24/H24)*100 -> 74.33319 | K24: 2766430 | L24: 2766430 | M24: =(K24/L24)*100 -> 100
A25: {=INDEX(Meta!N:N,MATCH(B25,Meta!O:O,0))} -> المجلس الأعلى للبيئة | B25: 41 | C25: 774022 | D25: 1923700 | E25: =(C25/D25)*100 -> 40.236108 | F25: =(D25/E25)*100 -> 4781029.1 | G25: 4442436 | H25: 4615000 | I25: =(G25/H25)*100 -> 96.260802 | K25: 637042 | L25: 637200 | M25: =(K25/L25)*100 -> 99.975204
A26: مركز محمد بن خليفة آل خليفة التخصصي للقلب (إيضاح رقم 13) | B26: 43 | C26: 0 | D26: 0 | E26: 0 | F26: =(D26/E26)*100 -> #DIV/0! | G26: 20243530 | H26: 19636000 | I26: =(G26/H26)*100 -> 103.09396 | K26: 0 | L26: 0 | M26: 0
A27: 2- الإيرادات والمصروفات مصنفة حسب الوزارات والجهات الحكومية (تتمة)
C28: (دينار بحريني)
A29: الوزارة أو الجهة الحكومية | C29: الإيرادات | G29: المصروفات المتكررة | K29: مصروفات المشاريع
C30: الفعلي | D30: الاعتماد | E30: نسبة التحصيل % | G30: الفعلي | H30: الاعتماد | I30: نسبة الصرف % | K30: الفعلي | L30: الاعتماد | M30: نسبة الصرف %
A31: {=INDEX(Meta!N:N,MATCH(B31,Meta!O:O,0))} -> وزارة الأشغال وشئون البلديات والتخطيط العمراني (شئون الأشغال) | B31: 46 | C31: 10009528 | D31: 6000000 | E31: =(C31/D31)*100 -> 166.82547 | G31: 40098631 | H31: 42220000 | I31: =(G31/H31)*100 -> 94.975441 | K31: 51432011 | L31: 56316477 | M31: =(K31/L31)*100 -> 91.326755
A32: هيئة الكهرباء والماء (إيضاح رقم 12) | B32: 47 | C32: 0 | D32: 0 | E32: 0 | G32: 154481416 | H32: 154481226 | I32: =(G32/H32)*100 -> 100.00012 | K32: 0 | L32: 0 | M32: 0
A33: {=INDEX(Meta!N:N,MATCH(B33,Meta!O:O,0))} -> وزارة المواصلات والاتصالات | B33: 48 | C33: 38612598 | D33: 50458000 | E33: =(C33/D33)*100 -> 76.524234 | G33: 29123409 | H33: 29141626 | I33: =(G33/H33)*100 -> 99.937488 | K33: 3899051 | L33: 3899051 | M33: =(K33/L33)*100 -> 100
A34: {=INDEX(Meta!N:N,MATCH(B34,Meta!O:O,0))} -> الحرس الوطني | B34: 50 | C34: 0 | D34: 0 | E34: 0 | G34: 41350995 | H34: 42094000 | I34: =(G34/H34)*100 -> 98.234891 | K34: 5840121 | L34: 8118000 | M34: =(K34/L34)*100 -> 71.940392
A35: {=INDEX(Meta!N:N,MATCH(B35,Meta!O:O,0))} -> الهيئة الوطنية للنفط والغاز | B35: 51 | C35: 0 | D35: 0 | E35: 0 | G35: 1475909 | H35: 1605000 | I35: =(G35/H35)*100 -> 91.956947 | K35: 0 | L35: 0 | M35: 0
A36: {=INDEX(Meta!N:N,MATCH(B36,Meta!O:O,0))} -> وزارة شئون مجلسي الشورى والنواب | B36: 54 | C36: 0 | D36: 0 | E36: 0 | G36: 1279716 | H36: 1321000 | I36: =(G36/H36)*100 -> 96.874792 | K36: 0 | L36: 0 | M36: 0
A37: مركز الاتصال الوطني | B37: 55 | C37: 0 | D37: 0 | E37: 0 | G37: 1053295 | H37: 1230000 | I37: =(G37/H37)*100 -> 85.63374 | K37: 23357 | L37: 281915 | M37: =(K37/L37)*100 -> 8.2851214
A38: {=INDEX(Meta!N:N,MATCH(B38,Meta!O:O,0))} -> وزارة شئون الإعلام | B38: 65 | C38: 590303 | D38: 2200000 | E38: =(C38/D38)*100 -> 26.831955 | G38: 17464057 | H38: 19646000 | I38: =(G38/H38)*100 -> 88.893704 | K38: 6168201 | L38: 6168201 | M38: =(K38/L38)*100 -> 100
A39: {=INDEX(Meta!N:N,MATCH(B39,Meta!O:O,0))} -> مجلـس المناقصات والمزايدات | B39: 59 | C39: 785053 | D39: 790000 | E39: =(C39/D39)*100 -> 99.373797 | G39: 981944 | H39: 1286000 | I39: =(G39/H39)*100 -> 76.356454 | K39: 181140 | L39: 241300 | M39: =(K39/L39)*100 -> 75.06838
A40: الميزانيات التحويلية (إيضاحي رقم 9 و10) | B40: 60 | C40: 261737330 | D40: 155238003 | E40: =(C40/D40)*100 -> 168.6039 | G40: 1532691530 | H40: 1505759540 | I40: =(G40/H40)*100 -> 101.7886 | K40: 35619842 | L40: 42431167 | M40: =(K40/L40)*100 -> 83.947354
A41: {=INDEX(Meta!N:N,MATCH(B41,Meta!O:O,0))} -> وزارة النفط | B41: 61 | C41: 0 | D41: 0 | E41: 0 | G41: 165007 | H41: 214987 | I41: =(G41/H41)*100 -> 76.752083 | K41: 0 | L41: 0 | M41: 0
A42: إيرادات النفط والغاز الطبيعي (إيضاح رقم 11) | B42: 62 | C42: 1232792812 | D42: 2096283000 | E42: =(C42/D42)*100 -> 58.808511 | G42: 0 | H42: 0 | I42: 0 | K42: 0 | L42: 0 | M42: 0
A43: {=INDEX(Meta!N:N,MATCH(B43,Meta!O:O,0))} -> هيئة البحرين للثقافة والآثار | B43: 66 | C43: 82499 | D43: 351700 | E43: =(C43/D43)*100 -> 23.457208 | G43: 6573157 | H43: 7338591 | I43: =(G43/H43)*100 -> 89.569742 | K43: 7445280 | L43: 7719200 | M43: =(K43/L43)*100 -> 96.451446
A44: =INDEX(Meta!N:N,MATCH(B44,Meta!O:O,0)) -> المجلس الأعلى للصحة | B44: 67 | C44: 0 | D44: 0 | E44: 0 | G44: 1218319 | H44: 1295444 | I44: =(G44/H44)*100 -> 94.046443 | K44: 1082714 | L44: 1600000 | M44: =(K44/L44)*100 -> 67.669625
A45: {=INDEX(Meta!N:N,MATCH(B45,Meta!O:O,0))} -> الجهاز الإداري للنيابة العامة | B45: 68 | C45: 50 | D45: 0 | E45: 0 | G45: 3206461 | H45: 3341000 | I45: =(G45/H45)*100 -> 95.973092 | K45: 300 | L45: 300 | M45: =(K45/L45)*100 -> 100
A46: {=INDEX(Meta!N:N,MATCH(B46,Meta!O:O,0))} -> هيئة جودة التعليم والتدريب | B46: 69 | C46: 4600 | D46: 0 | E46: 0 | G46: 3434828 | H46: 3928000 | I46: =(G46/H46)*100 -> 87.444705 | K46: 0 | L46: 0 | M46: 0
A47: جهاز الخدمة المدنية | B47: 72 | C47: 75 | D47: 0 | E47: 0 | G47: 5827178 | H47: 6094271 | I47: =(G47/H47)*100 -> 95.61731 | K47: 55991 | L47: 284300 | M47: =(K47/L47)*100 -> 19.694337
A48: {=INDEX(Meta!N:N,MATCH(B48,Meta!O:O,0))} -> الأمانة العامة لمجلس الوزراء | B48: 71 | C48: 0 | D48: 0 | E48: 0 | G48: 990732 | H48: 1138000 | I48: =(G48/H48)*100 -> 87.059051 | K48: 0 | L48: 0 | M48: 0
A49: هيئة المعلومات والحكومة الإلكترونية | B49: 73 | C49: 3747653 | D49: 3620300 | E49: =(C49/D49)*100 -> 103.51775 | G49: 10644553 | H49: 11896854 | I49: =(G49/H49)*100 -> 89.473679 | K49: 3813069 | L49: 3908300 | M49: =(K49/L49)*100 -> 97.563365
A50: {=INDEX(Meta!N:N,MATCH(B50,Meta!O:O,0))} -> الأمانة العامة للمجلس الأعلى للشباب والرياضة | B50: 75 | C50: 0 | D50: 0 | E50: 0 | G50: 9764411 | H50: 12337000 | I50: =(G50/H50)*100 -> 79.14737 | K50: 20888 | L50: 20888 | M50: =(K50/L50)*100 -> 100
A51: {=INDEX(Meta!N:N,MATCH(B51,Meta!O:O,0))} -> المجلس الأعلى للقضاء | B51: 76 | C51: 1063 | D51: 0 | E51: 0 | G51: 13059012 | H51: 13064000 | I51: =(G51/H51)*100 -> 99.961819 | K51: 162396 | L51: 172316 | M51: =(K51/L51)*100 -> 94.243135
A52: {=INDEX(Meta!N:N,MATCH(B52,Meta!O:O,0))} -> وزارة العدل والشئون الإسلامية والأوقاف (الشئون الإسلامية) | B52: 77 | C52: 8775 | D52: 10000 | E52: =(C52/D52)*100 -> 87.75 | G52: 3018861 | H52: 3779000 | I52: =(G52/H52)*100 -> 79.885181 | K52: 106018 | L52: 530800 | M52: =(K52/L52)*100 -> 19.973248
A53: {=INDEX(Meta!N:N,MATCH(B53,Meta!O:O,0))} -> جهاز المساحة والتسجيل العقاري | B53: 78 | C53: 12369002 | D53: 21901000 | E53: =(C53/D53)*100 -> 56.476882 | G53: 7060106 | H53: 7572000 | I53: =(G53/H53)*100 -> 93.239646 | K53: 1414153 | L53: 1911165 | M53: =(K53/L53)*100 -> 73.994291
A54: {=INDEX(Meta!N:N,MATCH(B54,Meta!O:O,0))} -> معهد البحرين للتنمية السياسية | B54: 80 | C54: 60 | D54: 0 | E54: 0 | G54: 1108328 | H54: 1188000 | I54: =(G54/H54)*100 -> 93.293603 | K54: 0 | L54: 0 | M54: 0
A55: =INDEX(Meta!N:N,MATCH(B55,Meta!O:O,0)) -> وزارة المالية والاقتصاد الوطني | B55: 81 | C55: 1045 | D55: 0 | E55: 0 | G55: 7693672 | H55: 10570000 | I55: =(G55/H55)*100 -> 72.787815 | K55: 1070698 | L55: 1200000 | M55: =(K55/L55)*100 -> 89.224833
A56: {=INDEX(Meta!N:N,MATCH(B56,Meta!O:O,0))} -> شئون الجمارك | B56: 83 | C56: 91644352 | D56: 157902715 | E56: =(C56/D56)*100 -> 58.03849 | G56: 16965501 | H56: 19986800 | I56: =(G56/H56)*100 -> 84.883528 | K56: 1425527 | L56: 2352700 | M56: =(K56/L56)*100 -> 60.591108
A57: مركز البحرين للأورام (إيضاحي رقم 13 و14) | B57: 84 | C57: 0 | D57: 0 | E57: 0 | G57: 26299974 | H57: 25000000 | I57: =(G57/H57)*100 -> 105.1999 | K57: 0 | L57: 0 | M57: 0
A58: هيئة التخطيط والتطوير العمراني | B58: 85 | C58: 230450 | D58: 1000900 | E58: =(C58/D58)*100 -> 23.024278 | G58: 2436304 | H58: 3126000 | I58: =(G58/H58)*100 -> 77.936788 | K58: 50797 | L58: 800000 | M58: =(K58/L58)*100 -> 6.349625
A59: المجلس الأعلى للشئون الإسلامية | B59: 86 | C59: 0 | D59: 0 | E59: 0 | G59: 1605474 | H59: 2422000 | I59: =(G59/H59)*100 -> 66.287118 | K59: 1500 | L59: 676000 | M59: 0
A60: مستشفى الملك حمد الجامعي (إيضاحي رقم 13 و14) | B60: 88 | C60: 0 | D60: 0 | E60: 0 | G60: 43614251 | H60: 35698000 | I60: =(G60/H60)*100 -> 122.17561 | K60: 0 | L60: 0 | M60: 0
A61: {=INDEX(Meta!N:N,MATCH(B61,Meta!O:O,0))} -> الهيئة الوطنية لتنظيم المهن والخدمات الصحية | B61: 89 | C61: 2136310 | D61: 3000000 | E61: =(C61/D61)*100 -> 71.210333 | G61: 2354613 | H61: 2567141 | I61: =(G61/H61)*100 -> 91.721218 | K61: 0 | L61: 0 | M61: 0
A62: الجهاز الوطني للإيرادات | C62: 288676629 | D62: 269928364 | E62: =(C62/D62)*100 -> 106.94564 | G62: 3645848 | H62: 5000000 | I62: =(G62/H62)*100 -> 72.91696 | K62: 3771385 | L62: 3771385 | M62: =(K62/L62)*100 -> 100
A63: الهيئة الوطنية لعلوم الفضاء | B63: 92 | C63: 260 | D63: 0 | E63: 0 | G63: 528902 | H63: 1031000 | I63: =(G63/H63)*100 -> 51.299903 | K63: 0 | L63: 0 | M63: 0
A64: هيئة الطاقة المستدامة | C64: 0 | D64: 0 | E64: 0 | G64: 472644 | H64: 1000000 | I64: =(G64/H64)*100 -> 47.2644 | K64: 0 | L64: 0 | M64: 0
A65: المجموع | C65: =SUM(C5:C64) -> 2082375052 | D65: =SUM(D5:D64) -> 2946493554 | E65: =C65/D65*100 -> 70.672989 | G65: =SUM(G5:G64) -> 3533042561 | H65: =SUM(H5:H64) -> 3499419134 | I65: =G65/H65*100 -> 100.96083 | K65: =SUM(K5:K64) -> 219914638 | L65: =SUM(L5:L64) -> 254803288 | M65: =K65/L65*100 -> 86.307614

Sheet الايرادات
A1: 3- الإيرادات مصنفة حسب الأبواب والوزارات والجهات الحكومية
C2: (دينار بحريني)
A3: الوزارة أو الجهة الحكومية | B3: Code | C3: نفط وغاز طبيعي | D3: ضــرائـب ورســوم | E3: منتجات خدمية وسلعية حكومية | F3: إستثمارات وأملاك حكومية | G3: إعانات | H3: مبيعات أصول رأسمالية | I3: غرامــات وجزاءات وإيرادات متنوعة | J3: المجموع | K3: الاعتماد | L3: الفعلي 2019
A4: ديوان صاحب السمو الملكي رئيس الوزراء | B4: 11 | C4: 0 | D4: 0 | E4: 0 | F4: 0 | G4: 0 | H4: 0 | I4: 0 | J4: 0 | K4: 0 | L4: 0
A5: وزارة الداخلية | B5: 13 | C5: 0 | D5: 29455957 | E5: 3977520 | F5: 56000 | H5: 57425 | I5: 710563 | J5: =SUM(C5:I5) -> 34257465 | K5: 54141942 | L5: 48206905
A6: هيئة التشريع والرأي القانوني | B6: 15 | C6: 0 | D6: 0 | E6: 0 | F6: 0 | H6: 0 | I6: 0 | J6: =SUM(C6:I6) -> 0 | K6: 5000 | L6: 582
A7: وزارة الخارجية | B7: 16 | C7: 0 | D7: 1012666 | E7: 5360 | F7: 0 | H7: 42009 | I7: 113295 | J7: =SUM(C7:I7) -> 1173330 | K7: 2055000 | L7: 1328079
A8: وزارة العدل والشئون الإسلامية والأوقاف (شئون العدل) | B8: 18 | C8: 0 | D8: 10088997 | E8: 8376 | F8: 26972 | H8: 0 | I8: 19928125 | J8: =SUM(C8:I8) -> 30052470 | K8: 34307300 | L8: 31521759
A9: وزارة التربية والتعليم | B9: 21 | C9: 0 | D9: 8590 | E9: 146262 | F9: 0 | H9: 34821 | I9: 406930 | J9: =SUM(C9:I9) -> 596603 | K9: 556930 | L9: 462137
A10: وزارة الصحة | B10: 22 | C10: 0 | D10: 250 | E10: 38576898 | F10: 157379 | H10: 9198 | I10: 134244 | J10: =SUM(C10:I10) -> 38877969 | K10: 38115000 | L10: 31754468
A11: وزارة الأشغال وشئون البلديات والتخطيط العمراني (شئون الزراعة والثروة البحرية والحيوانية) | B11: 23 | C11: 0 | D11: 3060981 | E11: 890322 | F11: 117758 | H11: 9370 | I11: 13 | J11: =SUM(C11:I11) -> 4078444 | K11: 5108000 | L11: 6933340
A12: وزارة شئون الشباب والرياضة | B12: 26 | C12: 0 | D12: 20 | E12: 20348 | F12: 1000 | H12: 150 | I12: 119539 | J12: =SUM(C12:I12) -> 141057 | K12: 2000000 | L12: 42779
A13: وزارة العمل والتنمية الاجتماعية | B13: 29 | C13: 0 | D13: 170 | E13: 229 | F13: 0 | H13: 23690 | I13: 0 | J13: =SUM(C13:I13) -> 24089 | K13: 29000 | L13: 3740
A14: وزارة الصناعة والتجارة والسياحة | B14: 34 | C14: 0 | D14: 18451684 | E14: 433471 | F14: 9775732 | H14: 700 | I14: 307369 | J14: =SUM(C14:I14) -> 28968956 | K14: 39532700 | L14: 34193939
A15: وزارة الإسكان | B15: 36 | C15: 0 | D15: 200 | E15: 0 | F15: 0 | H15: 0 | I15: 0 | J15: =SUM(C15:I15) -> 200 | K15: 35000 | L15: 287826
A16: المجلس الأعلى للبيئة | B16: 41 | C16: 0 | D16: 630150 | E16: 59639 | F16: 76935 | H16: 0 | I16: 7298 | J16: =SUM(C16:I16) -> 774022 | K16: 1923700 | L16: 2016959
... A18: وزارة المواصلات والاتصالات | B18: 48 | C18: 0 | D18: 2036703 | E18: 24735241 | F18: 11531194 | H18: 402 | I18: 309058 | J18: =SUM(C18:I18) -> 38612598 | K18: 50458000 | L18: 50830271
A19: الحرس الوطني | C19: 0 | D19: 0 | E19: 0 | F19: 0 | H19: 0 | I19: 0 | J19: =SUM(C19:I19) -> 0 | K19: 0 | L19: 35557
A20: الهيئة الوطنية للنفط والغاز | B20: 51 | J20: =SUM(C20:I20) -> 0 | L20: 0
A21: وزارة شئون مجلسي الشورى والنواب | B21: 54 | J21: =SUM(C21:I21) -> 0 | L21: 0
A22: وزارة شئون الاعلام | B22: 55 | J22: =SUM(C22:I22) -> 0 | L22: 0
A23: وزارة شئون الإعلام | B23: 65 | C23: 0 | D23: 386040 | E23: 179857 | F23: 11170 | H23: 0 | I23: 13236 | J23: =SUM(C23:I23) -> 590303 | K23: 2200000 | L23: 990131
A24: مجلـس المناقصات والمزايدات | B24: 59 | C24: 0 | D24: 556691 | E24: 228362 | F24: 0 | H24: 0 | I24: 0 | J24: =SUM(C24:I24) -> 785053 | K24: 790000 | L24: 720578
A25: الميزانيات التحويلية | B25: 60 | C25: 0 | D25: 15458664 | E25: 886470 | F25: 228873354 | H25: 201526 | I25: 16317316 | J25: =SUM(C25:I25) -> 261737330 | K25: 155238003 | L25: 155009110
A26: إيرادات النفط والغاز الطبيعي (إيضاح رقم 11) | B26: 62 | C26: 1232792812 | D26: 0 | E26: 0 | F26: 0 | G26: 0 | H26: 0 | I26: 0 | J26: =SUM(C26:I26) -> 1232792812 | K26: 2096283000 | L26: 2090143298
A27: هيئة البحرين للثقافة والآثار | B27: 66 | C27: 0 | D27: 45367 | E27: 0 | F27: 8050 | H27: 22535 | I27: 6547 | J27: =SUM(C27:I27) -> 82499 | K27: 351700 | L27: 315283
A28: الجهاز الإداري للنيابة العامة | B28: 68 | C28: 0 | D28: 0 | E28: 0 | F28: 0 | H28: 0 | I28: 50 | J28: =SUM(C28:I28) -> 50 | K28: 0 | L28: 75
A29: هيئة جودة التعليم والتدريب | B29: 69 | C29: 0 | D29: 0 | E29: 4600 | F29: 0 | H29: 0 | I29: 0 | J29: =SUM(C29:I29) -> 4600 | K29: 0 | L29: 655
A30: جهاز الخدمة المدنية | B30: 72 | C30: 0 | D30: 0 | E30: 0 | F30: 0 | H30: 75 | I30: 0 | J30: =SUM(C30:I30) -> 75 | K30: 0 | L30: 0
A31: وزارة النفط | B31: 61 | C31: 0 | D31: 0 | E31: 0 | F31: 0 | G31: 0 | H31: 0 | I31: 0 | J31: 0 | K31: 0 | L31: =J31 -> 0
A32: وزارة شئون مجلس الوزراء | C32: 0 | J32: =SUM(C32:I32) -> 0
A33: وزارة الثقافة | J33: =SUM(C33:I33) -> 0
A34: 3- الإيرادات مصنفة حسب الأبواب والوزارات والجهات الحكومية (تتمة)
C35: (دينار بحريني)
A36: الوزارة أو الجهة الحكومية | B36: Code | C36: نفط وغاز طبيعي | D36: ضــرائـب ورســوم | E36: منتجات خدمية وسلعية حكومية | F36: إستثمارات وأملاك حكومية | G36: إعانات | H36: مبيعات أصول رأسمالية | I36: غرامــات وجزاءات وإيرادات متنوعة | J36: المجموع | K36: الاعتماد | L36: الفعلي 2019
A37: هيئة المعلومات والحكومة الإلكترونية | B37: 73 | C37: 0 | D37: 3581087 | E37: 166235 | F37: 0 | H37: 0 | I37: 331 | J37: =SUM(C37:I37) -> 3747653 | K37: 3620300 | L37: 3539184
A38: الأمانة العامة للمجلس الأعلى للشباب والرياضة | B38: 75 | C38: 0 | D38: 0 | E38: 0 | F38: 0 | G38: 0 | H38: 0 | I38: 0 | J38: =SUM(C38:I38) -> 0 | K38: 0 | L38: 105
A39: المجلس الأعلى للقضاء | B39: 76 | C39: 0 | D39: 0 | E39: 1063 | F39: 0 | H39: 0 | I39: 0 | J39: =SUM(C39:I39) -> 1063 | K39: 0 | L39: 1485
A40: وزارة العدل والشئون الإسلامية والأوقاف (الشئون الإسلامية) | B40: 77 | C40: 0 | D40: 8775 | E40: 0 | F40: 0 | H40: 0 | I40: 0 | J40: =SUM(C40:I40) -> 8775 | K40: 10000 | L40: 8550
A41: جهاز المساحة والتسجيل العقاري | B41: 78 | C41: 0 | D41: 12234464 | E41: 133938 | F41: 600 | H41: 0 | I41: 0 | J41: =SUM(C41:I41) -> 12369002 | K41: 21901000 | L41: 14253275
A42: معهد البحرين للتنمية السياسية | C42: 0 | D42: 60 | E42: 0 | F42: 0 | H42: 0 | I42: 0 | J42: =SUM(C42:I42) -> 60 | K42: 0 | L42: 25
A43: وزارة المالية والاقتصاد الوطني | B43: 81 | C43: 0 | D43: 0 | E43: 0 | F43: 360 | H43: 685 | I43: 0 | J43: =SUM(C43:I43) -> 1045 | K43: 0 | L43: 1405
A44: شئون الجمارك | B44: 83 | C44: 0 | D44: 87339190 | E44: 2401132 | F44: 0 | H44: 430 | I44: 1903600 | J44: =SUM(C44:I44) -> 91644352 | K44: 157902715 | L44: 100376567
A45: هيئة التخطيط والتطوير العمراني | B45: 85 | C45: 0 | D45: 230450 | E45: 0 | F45: 0 | H45: 0 | I45: 0 | J45: =SUM(C45:I45) -> 230450 | K45: 1000900 | L45: 311620
A46: الهيئة الوطنية لتنظيم المهن والخدمات الصحية | B46: 89 | C46: 0 | D46: 1919540 | E46: 300 | F46: 0 | H46: 0 | I46: 216470 | J46: =SUM(C46:I46) -> 2136310 | K46: 3000000 | L46: 1956428
A47: الجهاز الوطني للإيرادات | C47: 0 | D47: 288676629 | E47: 0 | F47: 0 | H47: 0 | I47: 0 | J47: =SUM(C47:I47) -> 288676629 | K47: 269928364 | L47: 321560081
A48: الهيئة الوطنية لعلوم الفضاء | B48: 92 | C48: 0 | D48: 0 | E48: 260 | F48: 0 | H48: 0 | I48: 0 | J48: =SUM(C48:I48) -> 260 | K48: 0 | L48: 60
A49: المجموع | C49: =SUM(C5:C48) -> 1232792812 | D49: =SUM(D5:D48) -> 479884128 | E49: =SUM(E5:E48) -> 73008491 | F49: =SUM(F5:F48) -> 255614354 | G49: =SUM(G5:G48) -> 0 | H49: =SUM(H5:H48) -> 454407 | I49: =SUM(I5:I48) -> 40620860 | J49: =SUM(J30:J48,J5:J29) -> 2082375052 | K49: =SUM(K5:K48) -> 2946493554 | L49: =SUM(L5:L48) -> 2902355940

Sheet تفصيل الإيرادات
A1: 4- الإيرادات مصنفة حسب الأبواب والأقسام والبنود
A2: (دينار بحريني)
A3: التبويــب | E3: البيـــان | F3: 2020 | I3: 2019 الفعلي
A4: بند | B4: قسم | C4: باب | D4: نوع | F4: الاعتماد | G4: الفعلي | H4: الفرق
C5: 1 | D5: 4 | E5: النفط والغاز الطبيعي | F5: =F6+F10+F22 -> 2096283000 | G5: =G6+G10+G22 -> 1232792812 | H5: =G5-F5 -> -863490188 | I5: =I6+I10+I22 -> 2090143298
B6: 1 | C6: 1 | D6: 4 | E6: مبيعات النفط | F6: =SUM(F7:F9) -> 1350741464 | G6: =SUM(G7:G9) -> 911279000 | H6: =G6-F6 -> -439462464 | I6: =SUM(I7:I9) -> 1492705634
A7: 40011 | B7: 1 | C7: 1 | D7: 4 | E7: حقل البحرين | F7: 255094229 | G7: 184172370 | H7: =G7-F7 -> -70921859 | I7: 129563620
A8: 40012 | B8: 1 | C8: 1 | D8: 4 | E8: حقل أبوسعفة (إيضاح رقم 11) | F8: 1116233235 | G8: 730444720 | H8: =G8-F8 -> -385788515 | I8: 1386475415
A9: 40014 | B9: 1 | C9: 1 | D9: 4 | E9: احتياطي الأجيال القادمة | F9: -20586000 | G9: -3338090 | H9: =G9-F9 -> 17247910 | I9: -23333401
B10: 2 | C10: 1 | D10: 4 | E10: مبيعات الغاز | F10: =SUM(F11:F21) -> 736762638 | G10: =SUM(G11:G21) -> 314876430 | H10: =G10-F10 -> -421886208 | I10: =SUM(I11:I21) -> 572470986
A11: 40031 | B11: 2 | C11: 1 | D11: 4 | E11: =IFERROR(INDEX([2]Meta!AE:AE,MATCH(D11&C11&B11&A11,[2]Meta!AD:AD&[2]Meta!AC:AC&[2]Meta!AB:AB&[2]Meta!AA:AA,0)),K11) -> 0 | F11: {=IFERROR(INDEX([2]Meta!V:V,MATCH($D11&$C11&$B11&$A11,[2]Meta!$Q:$Q&[2]Meta!$R:$R&[2]Meta!$S:$S&[2]Meta!$T:$T,0)),0)} -> 0 | G11: {=IFERROR(INDEX([2]Meta!W:W,MATCH($D11&$C11&$B11&$A11,[2]Meta!$Q:$Q&[2]Meta!$R:$R&[2]Meta!$S:$S&[2]Meta!$T:$T,0)),0)} -> 0 | H11: =G11-F11 -> 0 | I11: 0
A12: 40032 | B12: 2 | C12: 1 | D12: 4 | E12: محطة سترة للكهرباء | F12: 0 | G12: 0 | H12: =G12-F12 -> 0 | I12: 0
A13: 40033 | B13: 2 | C13: 1 | D13: 4 | E13: محطة سترة للمياه | F13: 0 | G13: 0 | H13: =G13-F13 -> 0 | I13: 0
A14: 40034 | B14: 2 | C14: 1 | D14: 4 | E14: محطة الرفاع للكهرباء | F14: 0 | G14: 0 | H14: =G14-F14 -> 0 | I14: 0
A15: 40035 | B15: 2 | C15: 1 | D15: 4 | E15: محطة الحد للكهرباء | F15: 0 | G15: 0 | H15: =G15-F15 -> 0 | I15: 0
A16: 40036 | B16: 2 | C16: 1 | D16: 4 | E16: محطة الحد للماء | F16: 0 | G16: 0 | H16: =G16-F16 -> 0 | I16: 0
A17: 40037 | B17: 2 | C17: 1 | D17: 4 | E17: مبيعات الغاز إلى محطات انتاج الكهرباء والماء | F17: 53292616 | G17: 0 | H17: =G17-F17 -> -53292616 | I17: 24488858
A18: 40051 | B18: 2 | C18: 1 | D18: 4 | E18: شركة المنيوم البحرين (ألبا) | F18: 197777268 | G18: 0 | H18: =G18-F18 -> -197777268 | I18: 127701666
A19: 40052 | B19: 2 | C19: 1 | D19: 4 | E19: شركة نفط البحرين (بابكو) | F19: 56186724 | G19: 0 | H19: =G19-F19 -> -56186724 | I19: 41038712
A20: 40053 | B20: 2 | C20: 1 | D20: 4 | E20: شركة غاز البحرين الوطنية (بناغاز) | F20: 12747563 | G20: 0 | H20: =G20-F20 -> -12747563 | I20: 24533850
A21: 40054 | B21: 2 | C21: 1 | D21: 4 | E21: الشركات المحلية الأخرى | F21: 416758467 | G21: 314876430 | H21: =G21-F21 -> -101882037 | I21: 354707900
B22: 3 | C22: 1 | D22: 4 | E22: الضرائب والرسوم النفطية | F22: =SUM(F23:F27) -> 8778898 | G22: =SUM(G23:G27) -> 6637382 | H22: =G22-F22 -> -2141516 | I22: =SUM(I23:I27) -> 24966678
A23: 42011 | B23: 3 | C23: 1 | D23: 4 | E23: ضريبة دخل الغاز | F23: 2660414 | G23: 1919050 | H23: =G23-F23 -> -741364 | I23: 3024263
A24: 42012 | B24: 3 | C24: 1 | D24: 4 | E24: رسوم وغرامات النفط والغاز | F24: 0 | G24: 0 | H24: =G24-F24 -> 0 | I24: 16920000
A25: 42013 | B25: 3 | C25: 1 | D25: 4 | E25: ضريبة البنزين | F25: 6118484 | G25: 4718332 | H25: =G25-F25 -> -1400152 | I25: 5022415
B26: 4 | C26: 1 | D26: 4 | E26: =IFERROR(INDEX([2]Meta!AE:AE,MATCH(D26&C26&B26&A26,[2]Meta!AD:AD&[2]Meta!AC:AC&[2]Meta!AB:AB&[2]Meta!AA:AA,0)),K26) -> 0 | F26: =F27 -> 0 | G26: =G27 -> 0 | H26: =H27 -> 0 | I26: 0
A27: 45014 | B27: 4 | C27: 1 | D27: 4 | E27: =IFERROR(INDEX([2]Meta!AE:AE,MATCH(D27&C27&B27&A27,[2]Meta!AD:AD&[2]Meta!AC:AC&[2]Meta!AB:AB&[2]Meta!AA:AA,0)),K27) -> 0 | F27: 0 | G27: 0 | H27: =G27-F27 -> 0 | I27: 0
C28: 2 | D28: 4 | E28: الضرائب والرسوم | F28: =F31+F42+F79+F129+F139 -> 569086833 | G28: =G31+G42+G79+G129+G139 -> 479884128 | H28: =G28-F28 -> -89202705 | I28: =I31+I42+I79+I129+I139 -> 552980854
B29: 1 | C29: 2 | D29: 4 | E29: الضرائب والرسوم على استهلاك السلع والمنتجات | F29: =SUM(F30) -> 0 | G29: =SUM(G30) -> 0 | H29: =G29-F29 -> 0 | I29: 0
A30: 42013 | B30: 1 | C30: 2 | D30: 4 | E30: ضريبة البنزين | F30: 0 | G30: 0 | H30: =G30-F30 -> 0 | I30: 0
B31: 2 | C31: 2 | D31: 4 | E31: الضرائب والرسوم على التجارة الدولية | F31: =SUM(F32:F41) -> 143881999 | G31: =SUM(G32:G41) -> 85107469 | H31: =G31-F31 -> -58774530 | I31: =SUM(I32:I41) -> 91188181
A32: 42501 | B32: 2 | C32: 2 | D32: 4 | E32: ضرائب جمركية على السلع الضرورية الأساسية | F32: 74261106 | G32: 45443074 | H32: =G32-F32 -> -28818032 | I32: 46517323
A33: 42503 | B33: 2 | C33: 2 | D33: 4 | E33: ضرائب جمركية على المركبات | F33: 20400000 | G33: 9472996 | H33: =G33-F33 -> -10927004 | I33: 11995507
A34: 42504 | B34: 2 | C34: 2 | D34: 4 | E34: ضرائب جمركية على التبغ المصنع وغير المصنع ومشتقاته | F34: 45900000 | G34: 11937624 | H34: =G34-F34 -> -33962376 | I34: 16660253
A35: 42505 | B35: 2 | C35: 2 | D35: 4 | E35: ضرائب جمركية على السلع الكمالية | F35: 0 | G35: 0 | H35: =G35-F35 -> 0 | I35: 62
A36: 42506 | B36: 2 | C36: 2 | D36: 4 | E36: ضرائب جمركية على اليخوت | F36: 204000 | G36: 454111 | H36: =G36-F36 -> 250111 | I36: 46290
A37: 42507 | B37: 2 | C37: 2 | D37: 4 | E37: ضريبة حماية الصناعة الوطنية | F37: 918000 | G37: 990382 | H37: =G37-F37 -> 72382 | I37: 892684
A38: 42509 | B38: 2 | C38: 2 | D38: 4 | E38: ضرائب جمركية على آلات التسخين | F38: 291312 | G38: 10475531 | H38: =G38-F38 -> 10184219 | I38: 8262313
A39: 42511 | B39: 2 | C39: 2 | D39: 4 | E39: ضرائب جمركية على الأجهزة الكهربائية والمعدات | F39: 1752847 | G39: 5083632 | H39: =G39-F39 -> 3330785 | I39: 6504755
A40: 42512 | B40: 2 | C40: 2 | D40: 4 | E40: ضرائب جمركية على الحديد والفولاذ | F40: 127704 | G40: 1239369 | H40: =G40-F40 -> 1111665 | I40: 293824
A41: 42513 | B41: 2 | C41: 2 | D41: 4 | E41: ضرائب جمركية على حديد التسليح ولفائف الحديد | F41: 27030 | G41: 10750 | H41: =G41-F41 -> -16280 | I41: 15170
B42: 3 | C42: 2 | D42: 4 | E42: رسوم التسجيل والتراخيص | F42: =F43+F44+F45+F46+F47+F48+F49+F50+F51+F52+F53+F54+F55+F56+F57+F58+F59+F60+F61+F62+F63+F65+F66+F67+F68+F69+F70+F71+F72+F73+F78+F64 -> 18164435 | G42: =G43+G44+G45+G46+G47+G48+G49+G50+G51+G52+G53+G54+G55+G56+G57+G58+G59+G60+G61+G62+G63+G65+G66+G67+G68+G69+G70+G71+G72+G73+G78+G64 -> 12538553 | H42: =G42-F42 -> -5625882 | I42: =SUM(I43:I78) -> 14234316
A43: 43011 | B43: 3 | C43: 2 | D43: 4 | E43: نشاطات التجارة العامة | F43: 7700000 | G43: 4907813 | H43: =G43-F43 -> -2792187 | I43: 5038982
A44: 43021 | B44: 3 | C44: 2 | D44: 4 | E44: نشاطات الصناعة | H44: =G44-F44 -> 0 | I44: 0
A45: 43031 | B45: 3 | C45: 2 | D45: 4 | E45: نشاطات الخدمات المالية | F45: 0 | G45: 0 | H45: =G45-F45 -> 0 | I45: 3600
A46: 43041 | B46: 3 | C46: 2 | D46: 4 | E46: نشاطات الخدمات المتنوعة | F46: 1353096 | G46: 276159 | H46: =G46-F46 -> -1076937 | I46: 335923
A47: 43042 | B47: 3 | C47: 2 | D47: 4 | E47: نشاطات النقل الجوي | F47: 135000 | G47: 91100 | H47: =G47-F47 -> -43900 | I47: 77950
A48: 43043 | B48: 3 | C48: 2 | D48: 4 | E48: نشاطات التراخيص الجوية | F48: 378000 | G48: 299202 | H48: =G48-F48 -> -78798 | I48: 575685
A49: 43044 | B49: 3 | C49: 2 | D49: 4 | E49: رسوم تراخيص النقل البري | F49: 1230000 | G49: 886627 | H49: =G49-F49 -> -343373 | I49: 1359574
A50: 43045 | B50: 3 | C50: 2 | D50: 4 | E50: رسوم تراخيص تنظيم البريد | F50: 390000 | G50: 527147 | H50: =G50-F50 -> 137147 | I50: 284252
A51: 43046 | B51: 3 | C51: 2 | D51: 4 | E51: رسوم ترخيص فحص المركبات | F51: 412 | G51: 101070 | H51: =G51-F51 -> 100658 | I51: 6985
A52: 43051 | B52: 3 | C52: 2 | D52: 4 | E52: رسوم تسجيل الوكالات التجارية | F52: 0 | G52: 2210 | H52: =G52-F52 -> 2210 | I52: 11491
A53: 43052 | B53: 3 | C53: 2 | D53: 4 | E53: رسوم عقود الإيجار | F53: 0 | G53: 275090 | H53: =G53-F53 -> 275090 | I53: 131949
A54: 43053 | B54: 3 | C54: 2 | D54: 4 | E54: رسوم تسجيل المؤسسات الصحية والطبية البيطرية | F54: 832 | G54: 1380 | H54: =G54-F54 -> 548 | I54: 1625
A55: 43054 | B55: 3 | C55: 2 | D55: 4 | E55: رسوم تأهيل المقاولين | F55: 135000 | G55: 209040 | H55: =G55-F55 -> 74040 | I55: 118475
A56: 43071 | B56: 3 | C56: 2 | D56: 4 | E56: رسوم تنظيم مزاولة المهن الهندسية | F56: 300000 | G56: 100000 | H56: =G56-F56 -> -200000 | I56: 400000
... A73: 44063 | B73: 3 | C73: 2 | D73: 4 | E73: تراخيص إستيراد المواد الكيميائية والمشعة | F73: 45000 | G73: 38600 | H73: =G73-F73 -> -6400 | I73: 37279
A74: 4- الإيرادات مصنفة حسب الأبواب والأقسام والبنود (تتمة)
A75: (دينار بحريني)
A76: التبويــب | E76: البيـــان | F76: 2020 | I76: 2019 الفعلي
A77: بند | B77: قسم | C77: باب | D77: نوع | F77: الاعتماد | G77: الفعلي | H77: الفرق
A78: 44064 | B78: 3 | C78: 2 | D78: 4 | E78: تراخيص النفايات الخطرة | F78: 1350000 | G78: 407818 | H78: =G78-F78 -> -942182 | I78: 1359991
B79: 4 | C79: 2 | D79: 4 | E79: الرسوم والأتعاب الإدارية | F79: =SUM(F81:F82,F83:F128) -> 137112035 | G79: =SUM(G81:G82,G83:G128) -> 93561476 | H79: =G79-F79 -> -43550559 | I79: =SUM(I81:I82,I83:I128) -> 125998276
A80: 42012 | B80: 4 | C80: 2 | D80: 4 | E80: =IFERROR(INDEX([2]Meta!AE:AE,MATCH(D80&C80&B80&A80,[2]Meta!AD:AD&[2]Meta!AC:AC&[2]Meta!AB:AB&[2]Meta!AA:AA,0)),K80) -> 0 | F80: 0 | G80: 0 | H80: 0 | I80: 0
A81: 44011 | B81: 4 | C81: 2 | D81: 4 | E81: رسوم الجوازات | F81: 1543958 | G81: 621031 | H81: =G81-F81 -> -922927 | I81: 947701
A82: 44012 | B82: 4 | C82: 2 | D82: 4 | E82: رسوم الإقامات | F82: 4359091 | G82: 1452848 | H82: =G82-F82 -> -2906243 | I82: 3744432
A83: 44013 | B83: 4 | C83: 2 | D83: 4 | E83: رسوم التأشيرات وشهادات عدم الممانعة | F83: 15377269 | G83: 4448907 | H83: =G83-F83 -> -10928362 | I83: 14672628
A84: 44014 | B84: 4 | C84: 2 | D84: 4 | E84: رسوم البطاقة الشخصية | H84: =G84-F84 -> 0
A85: 44015 | B85: 4 | C85: 2 | D85: 4 | E85: رسوم بطاقة الهوية | F85: 2300000 | G85: 2138821 | H85: =G85-F85 -> -161179 | I85: 2017967
A86: 44016 | B86: 4 | C86: 2 | D86: 4 | E86: رسوم الخدمات الاستشارية | F86: 260000 | G86: 334950 | H86: =G86-F86 -> 74950 | I86: 258623
A87: 44017 | B87: 4 | C87: 2 | D87: 4 | E87: رسوم تصديق البصمة | F87: 30000 | G87: 40540 | H87: =G87-F87 -> 10540 | I87: 35865
A88: 44021 | B88: 4 | C88: 2 | D88: 4 | E88: حصة الحكومة من رسوم هيئة تنظيم سوق العمل | F88: 24689243 | G88: 15156902 | H88: =G88-F88 -> -9532341 | I88: 25548190
A89: 44022 | B89: 4 | C89: 2 | D89: 4 | E89: رسوم الخدمة السريعة لإنهاء إجراءات التدقيق والمعاينة | F89: 204 | G89: 160 | H89: =G89-F89 -> -44 | I89: 221
A90: 44023 | B90: 4 | C90: 2 | D90: 4 | E90: رسوم خدمات تصنيف البضائع | F90: 4080 | G90: 3765 | H90: =G90-F90 -> -315 | I90: 5619
A91: 44024 | B91: 4 | C91: 2 | D91: 4 | E91: رسوم مطابقة البضائع | F91: 408 | G91: 0 | H91: =G91-F91 -> -408 | I91: 690
A92: 44025 | B92: 4 | C92: 2 | D92: 4 | E92: رسوم التأمين الجمركي | F92: 35700 | G92: 6895 | H92: =G92-F92 -> -28805 | I92: 10864
A93: 44026 | B93: 4 | C93: 2 | D93: 4 | E93: رسوم البطاقة الجمركية للمركبات | F93: 15300 | G93: 8396 | H93: =G93-F93 -> -6904 | I93: 10838
A94: 44031 | B94: 4 | C94: 2 | D94: 4 | E94: رسوم رخص العمل | H94: =G94-F94 -> 0
A95: 44032 | B95: 4 | C95: 2 | D95: 4 | E95: رسوم تجديد رخص العمل | H95: =G95-F95 -> 0
A96: 44033 | B96: 4 | C96: 2 | D96: 4 | E96: رسوم تحصيل إيرادات عضوية غرفة تجارة وصناعة البحرين | F96: 275000 | G96: 126806 | H96: =G96-F96 -> -148194 | I96: 209532
A97: 44051 | B97: 4 | C97: 2 | D97: 4 | E97: رسوم تسجيل الملكية | F97: 200000 | G97: 133180 | H97: =G97-F97 -> -66820 | I97: 147054
A98: 44052 | B98: 4 | C98: 2 | D98: 4 | E98: رسوم نقل الملكية | F98: 20000000 | G98: 12101284 | H98: =G98-F98 -> -7898716 | I98: 13816427
A99: 44071 | B99: 4 | C99: 2 | D99: 4 | E99: رسوم تسجيل العربات | F99: 17097955 | G99: 17433053 | H99: =G99-F99 -> 335098 | I99: 16834246
A100: 44072 | B100: 4 | C100: 2 | D100: 4 | E100: رسوم رخص السياقة | F100: 4609672 | G100: 4099716 | H100: =G100-F100 -> -509956 | I100: 4841642
A101: 44073 | B101: 4 | C101: 2 | D101: 4 | E101: عوائد بيع أرقام التسجيل المميزة وشبه المميزة للمركبات | F101: 2020711 | G101: 856067 | H101: =G101-F101 -> -1164644 | I101: 610998
A102: 44091 | B102: 4 | C102: 2 | D102: 4 | E102: رسوم قضائية | F102: 8604000 | G102: 8553133 | H102: =G102-F102 -> -50867 | I102: 8996936
A103: 44092 | B103: 4 | C103: 2 | D103: 4 | E103: رسوم التوثيق | F103: 1400000 | G103: 1008241 | H103: =G103-F103 -> -391759 | I103: 1174793
A104: 44093 | B104: 4 | C104: 2 | D104: 4 | E104: رسوم تصديق المعاملات الرسمية | F104: 2860000 | G104: 2904471 | H104: =G104-F104 -> 44471 | I104: 3199149
A105: 44111 | B105: 4 | C105: 2 | D105: 4 | E105: رسوم تصنيف الفنادق | H105: =G105-F105 -> 0
A106: 44112 | B106: 4 | C106: 2 | D106: 4 | E106: رسوم خدمات الفنادق | H106: =G106-F106 -> 0
A107: 44094 | B107: 4 | C107: 2 | D107: 4 | E107: رسوم السلع الخاصة للتبغ | F107: 0 | G107: 0 | H107: =G107-F107 -> 0 | I107: 128281
A108: 44095 | B108: 4 | C108: 2 | D108: 4 | E108: رسوم السلع الخاصة للسلع الكمالية | H108: =G108-F108 -> 0 | I108: 0
A109: 44131 | B109: 4 | C109: 2 | D109: 4 | E109: رسوم فحص الذهب | F109: 2272000 | G109: 1030319 | H109: =G109-F109 -> -1241681 | I109: 1546912
A110: 44132 | B110: 4 | C110: 2 | D110: 4 | E110: رسوم فحص اللؤلؤ | H110: =G110-F110 -> 0 | I110: 0
A111: 44151 | B111: 4 | C111: 2 | D111: 4 | E111: رسوم المواصفات والمقاييس | F111: 17500 | G111: 9434 | H111: =G111-F111 -> -8066 | I111: 38099
A112: 44152 | B112: 4 | C112: 2 | D112: 4 | E112: رسوم التصميمات والعلامات التجارية | F112: 8520000 | G112: 7576236 | H112: =G112-F112 -> -943764 | I112: 8352531
A113: 44153 | B113: 4 | C113: 2 | D113: 4 | E113: رسوم تأشير السجل والعلامات التجارية | F113: 6621000 | G113: 4627881 | H113: =G113-F113 -> -1993119 | I113: 5032284
A114: 44171 | B114: 4 | C114: 2 | D114: 4 | E114: رسوم المغادرة | F114: 2471000 | G114: 32945 | H114: =G114-F114 -> -2438055 | I114: 1650232
A115: 44172 | B115: 4 | C115: 2 | D115: 4 | E115: رسوم التصاريح | F115: 797000 | G115: 256679 | H115: =G115-F115 -> -540321 | I115: 897247
A116: 44173 | B116: 4 | C116: 2 | D116: 4 | E116: رسوم المناولة على جسر الملك فهد | F116: 510000 | G116: 269801 | H116: =G116-F116 -> -240199 | I116: 334939
...

Sheet الميزانية المعتمدة
A1: 5- ميزانية المصروفات المتكررة والمشاريع
I2: (دينار بحريني)
A3: البيـان | B3: الاعتمادات الأصلية | C3: الاعتماد الإضافي للمصروفات الطارئة | D3: تعديل الميزانية | E3: الاعتمادات بعد التعديل | F3: الاعتمادات المدورة من سنوات سابقة | G3: الاعتمادات بعد التعديل | H3: المصروفات الفعلية | I3: الوفر / (التجاوز)
A4: المصروفات المتكررة
A5: القوى العاملة | B5: 1377123962 | C5: 0 | D5: 9276067 | F5: 0 | G5: =B5+D5+F5 -> 1386400029 | H5: =' بيان الإيرادات والمصروفات'!D15 -> 1389808947 | I5: =G5-H5 -> -3408918
A6: الخدمات | B6: 225238104 | C6: 0 | D6: -24084312 | F6: 501844 | G6: =B6+D6+F6 -> 201655636 | H6: =' بيان الإيرادات والمصروفات'!D16 -> 221968427 | I6: =G6-H6 -> -20312791
A7: السلع الاستهلاكية | B7: 113368701 | C7: 0 | D7: 6411713 | F7: 0 | G7: =B7+D7+F7 -> 119780414 | H7: =' بيان الإيرادات والمصروفات'!D17 -> 133504935 | I7: =G7-H7 -> -13724521
A8: السلع الرأسمالية | B8: 18136722 | C8: 0 | D8: -2062363 | F8: 0 | G8: =B8+D8+F8 -> 16074359 | H8: =' بيان الإيرادات والمصروفات'!D18 -> 15132187 | I8: =G8-H8 -> 942172
A9: الصيانة | B9: 43531467 | C9: 0 | D9: -5683932 | F9: 0 | G9: =B9+D9+F9 -> 37847535 | H9: =' بيان الإيرادات والمصروفات'!D19 -> 49580500 | I9: =G9-H9 -> -11732965
A10: النفقات التحويلية | B10: 553555687 | C10: 177360117 | D10: -20685885 | F10: 8158131 | G10: =B10+C10+D10+F10 -> 718388050 | H10: =' بيان الإيرادات والمصروفات'!D20 -> 726004810 | I10: =G10-H10 -> -7616760
A11: الإعانات وتسديد فوائد القروض | B11: 1016247687 | C11: 0 | D11: 3025424 | F11: 0 | G11: =B11+D11+F11 -> 1019273111 | H11: =' بيان الإيرادات والمصروفات'!D21 -> 997042755 | I11: =G11-H11 -> 22230356
A12: مجموع المصروفات المتكررة | B12: =SUM(B5:B11) -> 3347202330 | C12: =C10 -> 177360117 | D12: =SUM(D5:D11) -> -33803288 | E12: =SUM(E5:E11) -> 0 | F12: =SUM(F5:F11) -> 8659975 | G12: =SUM(G5:G11) -> 3499419134 | H12: =SUM(H5:H11) -> 3533042561 | I12: =SUM(I5:I11) -> -33623427
A13: مصروفات المشاريع | B13: 200000000 | C13: 0 | D13: 33803288 | E13: 358000000 | F13: 21000000 | G13: =B13+D13+F13 -> 254803288 | H13: =' بيان الإيرادات والمصروفات'!D23 -> 219914638 | I13: =G13-H13 -> 34888650
A14: المجموع | B14: =B13+B12 -> 3547202330 | C14: =C12 -> 177360117 | D14: =D13+D12 -> 0 | E14: =E13+E12 -> 358000000 | F14: =F13+F12 -> 29659975 | G14: =G13+G12 -> 3754222422 | H14: =H13+H12 -> 3752957199 | I14: =I13+I12 -> 1265223

Sheet مناقلات الميزانية  
A1: 6- الميزانية الأصلية والتعديل للمصروفات المتكررة
F2: (دينار بحريني)
A3: البيـان | B3: الاعتمادات الأصلية | C3: الاعتماد الإضافي | D3: الاعتمادات الإضافية والمناقلات | E3: الاعتمادات المدورة من سنوات سابقة | F3: الاعتمادات بعد التعديل | G3: الاعتمادات المدورة من سنوات سابقة | H3: الاعتمادات المتوفرة
A4: قطاع خدمات الإدارة العامة | B4: =SUM(B5:B46) -> 884126000 | C4: =SUM(C5:C45) -> 0 | D4: =SUM(D5:D46) -> 10217651 | E4: =SUM(E5:E46) -> 8158131 | F4: =SUM(F5:F46) -> 902501782 | G4: =SUM(G5:G45) -> 0 | H4: =SUM(H5:H45) -> 863326323
A5: مكتب رئيس مجلس الوزراء | B5: 18069000 | D5: 0 | E5: 0 | F5: =SUM(B5:E5) -> 18069000 | G5: 0 | H5: =SUM(F5:G5) -> 18069000
A6: مكتب صاحب السمو الملكي النائب الأول لرئيس مجلس الوزراء | B6: 3208000 | D6: 0 | E6: 0 | F6: =SUM(B6:E6) -> 3208000 | G6: 0 | H6: =SUM(F6:G6) -> 3208000
A7: مكاتب نواب رئيس مجلس الوزراء | B7: =663000+601000+758000+846000 -> 2868000 | D7: =57000+296892 -> 353892 | E7: =0 -> 0 | F7: =SUM(B7:E7) -> 3221892 | G7: 0 | H7: =SUM(F7:G7) -> 3221892
A8: مكاتب مستشاري رئيس مجلس الوزراء | B8: =291000+265000 -> 556000 | D8: 31572 | E8: 0 | F8: =SUM(B8:E8) -> 587572 | G8: 0 | H8: =SUM(F8:G8) -> 587572
A9: مكتب وزير شئون مجلس الوزاراء | B9: 452000 | D9: 190000 | E9: 0 | F9: =SUM(B9:E9) -> 642000 | G9: 0 | H9: =SUM(F9:G9) -> 642000
A10: الأمانة العامة لمجلس الوزراء | B10: 1138000 | D10: 0 | E10: 0 | F10: =SUM(B10:E10) -> 1138000 | G10: 0 | H10: =SUM(F10:G10) -> 1138000
A11: هيئة التشريع والرأي القانوني | B11: 2202000 | D11: 84000 | E11: 0 | F11: =SUM(B11:E11) -> 2286000 | G11: 0 | H11: =SUM(F11:G11) -> 2286000
A12: وزارة شئون مجلسي الشورى والنواب | B12: 1321000 | D12: 0 | E12: 0 | F12: =SUM(B12:E12) -> 1321000 | G12: 0 | H12: =SUM(F12:G12) -> 1321000
A13: مجلس الشورى | B13: 9427000 | D13: -481200 | E13: 0 | F13: =SUM(B13:E13) -> 8945800 | G13: 0 | H13: =SUM(F13:G13) -> 8945800
A14: مجلس النواب | B14: 10888000 | D14: -653400 | E14: 0 | F14: =SUM(B14:E14) -> 10234600 | G14: 0 | H14: =SUM(F14:G14) -> 10234600
A15: ديوان الرقابة المالية والإدارية | B15: 5264000 | D15: 0 | E15: 0 | F15: =SUM(B15:E15) -> 5264000 | G15: 0 | H15: =SUM(F15:G15) -> 5264000
A16: وزارة المالية والاقتصاد الوطني | B16: 7570000 | D16: 3000000 | E16: 0 | F16: =SUM(B16:E16) -> 10570000 | G16: 0 | H16: =SUM(F16:G16) -> 10570000
A17: وزارة الخارجية | B17: 38849000 | D17: 0 | E17: 0 | F17: =SUM(B17:E17) -> 38849000 | G17: 0 | H17: =SUM(F17:G17) -> 38849000
A18: برنامج الأمم المتحدة الإنمائي | E18: 0 | F18: =SUM(B18:E18) -> 0 | G18: 0 | H18: =SUM(F18:G18) -> 0
A19: نصيب البحرين في مجلس التعاون | B19: 11000000 | D19: -69565 | E19: 0 | F19: =SUM(B19:E19) -> 10930435 | G19: 0 | H19: =SUM(F19:G19) -> 10930435
A20: اشتراكات ومساهمات في منظمات الأمم المتحدة | B20: 3500000 | D20: -295699 | E20: 0 | F20: =SUM(B20:E20) -> 3204301 | G20: 0 | H20: =SUM(F20:G20) -> 3204301
A21: اشتراكات ومساهمات في المنظمات العربية والإسلامية | B21: 2239000 | D21: -1658483 | E21: 0 | F21: =SUM(B21:E21) -> 580517 | G21: 0 | H21: =SUM(F21:G21) -> 580517
A22: جهاز الخدمة المدنية | B22: 5567000 | D22: 527271 | E22: 0 | F22: =SUM(B22:E22) -> 6094271 | G22: 0 | H22: =SUM(F22:G22) -> 6094271
A23: هيئة المعلومات والحكومة الإلكترونية | B23: 11378000 | D23: 518854 | E23: 0 | F23: =SUM(B23:E23) -> 11896854 | H23: =SUM(F23:G23) -> 11896854
A24: جهاز المساحة والتسجيل العقاري | B24: 7572000 | D24: 0 | E24: 0 | F24: =SUM(B24:E24) -> 7572000 | G24: 0 | H24: =SUM(F24:G24) -> 7572000
A25: مجلس المناقصات والمزايدات | B25: 936000 | D25: 350000 | E25: 0 | F25: =SUM(B25:E25) -> 1286000 | G25: 0 | H25: =SUM(F25:G25) -> 1286000
A26: الجهاز الوطني للإيرادات | B26: 5000000 | D26: 0 | E26: 0 | F26: =SUM(B26:E26) -> 5000000
A27: هيئة الطاقة المستندامة | B27: 0 | D27: 1000000 | E27: 0 | F27: =SUM(B27:E27) -> 1000000
A28: مركز الملك حمد للتعايش السلمي | B28: 990000 | D28: 0 | E28: 0 | F28: =SUM(B28:E28) -> 990000
A29: المؤسسة الوطنية لحقوق الإنسان | B29: 830000 | D29: -49800 | E29: 0 | F29: =SUM(B29:E29) -> 780200 | G29: 0 | H29: =SUM(F29:G29) -> 780200
A30: معهد الإدارة العامة | B30: 1604000 | D30: 138619 | E30: 0 | F30: =SUM(B30:E30) -> 1742619 | G30: 0 | H30: =SUM(F30:G30) -> 1742619
A31: معهد البحرين للتنمية السياسية | B31: 1188000 | D31: 0 | E31: 0 | F31: =SUM(B31:E31) -> 1188000 | G31: 0 | H31: =SUM(F31:G31) -> 1188000
A32: وزارة العدل والشئون الإسلامية والأوقاف (الشئون الإسلامية) | B32: 3779000 | D32: 0 | E32: 0 | F32: =SUM(B32:E32) -> 3779000 | G32: 0 | H32: =SUM(F32:G32) -> 3779000
A33: المجلس الأعلى للشئون الإسلامية | B33: 2422000 | D33: 0 | E33: 0 | F33: =SUM(B33:E33) -> 2422000 | G33: 0 | H33: =SUM(F33:G33) -> 2422000
A34: الأوقاف السنية | B34: 2734000 | D34: -76000 | E34: 0 | F34: =SUM(B34:E34) -> 2658000 | G34: 0 | H34: =SUM(F34:G34) -> 2658000
A35: الأوقاف الجعفرية | B35: 2734000 | D35: -76000 | E35: 0 | F35: =SUM(B35:E35) -> 2658000 | G35: 0 | H35: =SUM(F35:G35) -> 2658000
A36: بيت القرآن | B36: 75000 | D36: 0 | E36: 0 | F36: =SUM(B36:E36) -> 75000 | G36: 0 | H36: =SUM(F36:G36) -> 75000
A37: فوائد الدين الحكومي | B37: 697000000 | D37: -22000000 | E37: 0 | F37: =SUM(B37:E37) -> 675000000 | G37: 0 | H37: =SUM(F37:G37) -> 675000000
A38: تمويل الأخطار | B38: 400000 | D38: 0 | E38: 0 | F38: =SUM(B38:E38) -> 400000 | G38: 0 | H38: =SUM(F38:G38) -> 400000
A39: مساعدات حكومية | B39: 750000 | D39: 0 | E39: 0 | F39: =SUM(B39:E39) -> 750000 | G39: 0 | H39: =SUM(F39:G39) -> 750000
A40: التزامات متنوعة | B40: 11500000 | D40: 7268344 | E40: 5646918 | F40: =SUM(B40:E40) -> 24415262 | G40: 0 | H40: =SUM(F40:G40) -> 24415262
A41: تقديرات أخرى للوزارات والجهات الحكومية | B41: 7559000 | D41: -7559000 | E41: 0 | F41: =SUM(B41:E41) -> 0 | G41: 0 | H41: =SUM(F41:G41) -> 0
A42: حساب الاعتمادات المدورة | B42: 0 | D42: 0 | E42: 2511213 | F42: =SUM(B42:E42) -> 2511213
A43: حسابات تحت اشراف وزارة المالية والاقتصاد الوطني | B43: 0 | D43: 29288242 | E43: 0 | F43: =SUM(B43:E43) -> 29288242
A44: البنك الدولي للأنشاء والتعمير | B44: 0 | D44: 386004 | E44: 0 | F44: =SUM(B44:E44) -> 386004
A45: مساهمة مملكة البحرين في البنك الآسيوي للاستثمار في البنية التحتية | B45: 1557000 | D45: 0 | E45: 0 | F45: =SUM(B45:E45) -> 1557000 | G45: 0 | H45: =SUM(F45:G45) -> 1557000
A46: اللجنة التنفيذية لانتخابات مجلس النواب | F46: =SUM(B46:E46) -> 0 | G46: 0 | H46: =SUM(F46:G46) -> 0
A47: 6- الميزانية الأصلية والتعديل للمصروفات المتكررة (تتمة)
F48: (دينار بحريني)
A49: البيـان | B49: الاعتمادات الأصلية | C49: الاعتماد الإضافي | D49: الاعتمادات الإضافية والمناقلات | E49: الاعتمادات المدورة من سنوات سابقة | F49: الاعتمادات بعد التعديل
A50: قطاع الدفاع | B50: =SUM(B51:B53) -> 524428000 | C50: =SUM(C51:C53) -> 0 | D50: =SUM(D51:D53) -> 3672250 | E50: =SUM(E51:E53) -> 0 | F50: =SUM(F51:F53) -> 528100250 | G50: =SUM(#REF!,G51:G52) -> #REF! | H50: =SUM(H51:H53) -> 528100250
A51: وزارة الدفاع (إيضاح رقم 13) | B51: 482050000 | D51: 0 | E51: 0 | F51: =SUM(B51:E51) -> 482050000 | G51: 0 | H51: =SUM(F51:G51) -> 482050000
A52: الأمانة العامة لمجلس الدفاع الأعلى | B52: 284000 | D52: 3672250 | E52: 0 | F52: =SUM(B52:E52) -> 3956250 | G52: 0 | H52: =SUM(F52:G52) -> 3956250
A53: الحرس الوطني | B53: 42094000 | D53: 0 | E53: 0 | F53: =SUM(B53:E53) -> 42094000 | G53: 0 | H53: =SUM(F53:G53) -> 42094000
A55: قطاع النظام العام وشئون السلامة العامة | B55: =SUM(B56:B63) -> 442805000 | C55: =SUM(C56:C63) -> 0 | D55: =SUM(D56:D63) -> 2220562 | E55: =SUM(E56:E63) -> 0 | F55: =SUM(F56:F63) -> 445025562 | G55: =SUM(G56:G63) -> 0 | H55: =SUM(H56:H63) -> 445025562
A56: وزارة الداخلية | B56: 355448000 | D56: 2534350 | E56: 0 | F56: =SUM(B56:E56) -> 357982350 | G56: 0 | H56: =SUM(F56:G56) -> 357982350
A57: المحافظات | B57: 4421000 | D57: -265260 | E57: 0 | F57: =SUM(B57:E57) -> 4155740 | G57: 0 | H57: =SUM(F57:G57) -> 4155740
A58: جهاز المخابرات الوطني | B58: 34116000 | D58: 0 | E58: 0 | F58: =SUM(B58:E58) -> 34116000 | G58: 0 | H58: =SUM(F58:G58) -> 34116000
A59: شئون الجمارك | B59: 19983000 | D59: 3800 | E59: 0 | F59: =SUM(B59:E59) -> 19986800 | G59: 0 | H59: =SUM(F59:G59) -> 19986800
A60: المجلس الأعلى للقضاء | B60: 13064000 | D60: 0 | E60: 0 | F60: =SUM(B60:E60) -> 13064000 | G60: 0 | H60: =SUM(F60:G60) -> 13064000
A61: وزارة العدل والشئون الإسلامية والأوقاف (شئون العدل) | B61: 10203000 | D61: 32272 | E61: 0 | F61: =SUM(B61:E61) -> 10235272 | G61: 0 | H61: =SUM(F61:G61) -> 10235272
A62: الجهاز الإداري للنيابة العامة | B62: 3341000 | D62: 0 | E62: 0 | F62: =SUM(B62:E62) -> 3341000 | G62: 0 | H62: =SUM(F62:G62) -> 3341000
A63: المحكمة الدستورية | B63: 2229000 | D63: -84600 | E63: 0 | F63: =SUM(B63:E63) -> 2144400 | G63: 0 | H63: =SUM(F63:G63) -> 2144400
A65: قطاع الشئون الاقتصادية والبنية التحتية | B65: =SUM(B66:B81) -> 260863000 | C65: =SUM(C66:C81) -> 0 | D65: =SUM(D66:D81) -> 11907495 | E65: =SUM(E66:E81) -> 0 | F65: =SUM(F66:F81) -> 272770495 | G65: =SUM(G66:G81) -> 0 | H65: =SUM(H66:H81) -> 272770495
A66: مجلس التنمية الاقتصادية | B66: 5683000 | D66: -251400 | E66: 0 | F66: =SUM(B66:E66) -> 5431600 | G66: 0 | H66: =SUM(F66:G66) -> 5431600
A67: وزارة الصناعة والتجارة والسياحة | B67: 9876000 | D67: 562298 | E67: 0 | F67: =SUM(B67:E67) -> 10438298 | G67: 0 | H67: =SUM(F67:G67) -> 10438298
A68: وزارة العمل والتنمية الاجتماعية | B68: 13088000 | D68: 0 | E68: 0 | F68: =SUM(B68:E68) -> 13088000 | G68: 0 | H68: =SUM(F68:G68) -> 13088000
A69: هيئة تنظيم سوق العمل | B69: 9941000 | D69: -793460 | E69: 0 | F69: =SUM(B69:E69) -> 9147540 | G69: 0 | H69: =SUM(F69:G69) -> 9147540
A70: وزارة النفط | B70: 168000 | D70: 46987 | E70: 0 | F70: =SUM(B70:E70) -> 214987 | G70: 0 | H70: =SUM(F70:G70) -> 214987
A71: الهيئة الوطنية للنفط والغاز | B71: 1605000 | D71: 0 | E71: 0 | F71: =SUM(B71:E71) -> 1605000 | G71: 0 | H71: =SUM(F71:G71) -> 1605000
A72: مكتب وزير شئون الكهرباء والماء | B72: 232000 | D72: 0 | E72: 0 | F72: =SUM(B72:E72) -> 232000 | G72: 0 | H72: =SUM(F72:G72) -> 232000
A73: هيئة الكهرباء والماء (إيضاح رقم 12) | B73: 141000000 | D73: 13481226 | E73: 0 | F73: =SUM(B73:E73) -> 154481226 | G73: 0 | H73: =SUM(F73:G73) -> 154481226
A74: وزارة الأشغال وشئون البلديات والتخطيط العمراني (شئون الأشغال) | B74: 42220000 | D74: 0 | E74: 0 | F74: =SUM(B74:E74) -> 42220000 | G74: 0 | H74: =SUM(F74:G74) -> 42220000
A75: وزارة المواصلات والاتصالات | B75: 28547000 | D75: 594626 | E75: 0 | F75: =SUM(B75:E75) -> 29141626 | G75: 0 | H75: =SUM(F75:G75) -> 29141626
A76: معرض البحرين الدولي للطيران | B76: 2500000 | D76: -2169565 | E76: 0 | F76: =SUM(B76:E76) -> 330435 | G76: 0 | H76: =SUM(F76:G76) -> 330435
A77: بدالة انترنت البحرين | B77: 1268000 | D77: 518183 | E77: 0 | F77: =SUM(B77:E77) -> 1786183 | G77: 0 | H77: =SUM(F77:G77) -> 1786183
... A80: الهيئة الوطنية لعلوم الفضاء | B80: 1031000 | D80: 0 | E80: 0 | F80: =SUM(B80:E80) -> 1031000 | G80: 0 | H80: =SUM(F80:G80) -> 1031000
A81: بورصة البحرين | F81: =SUM(B81:D81) -> 0 | G81: 0 | H81: =SUM(F81:G81) -> 0
A83: قطاع حماية البيئة | B83: =SUM(B84) -> 4615000 | C83: =SUM(C84) -> 0 | D83: =SUM(D84) -> 0 | E83: =SUM(E84) -> 0 | F83: =SUM(F84) -> 4615000 | G83: =SUM(G84) -> 0 | H83: =SUM(H84) -> 4615000
A84: المجلس الأعلى للبيئة | B84: 4615000 | D84: 0 | E84: 0 | F84: =SUM(B84:E84) -> 4615000 | G84: 0 | H84: =SUM(F84:G84) -> 4615000
A86: قطاع الإسكان ومرافق المجتمع | B86: =SUM(B87:B92) -> 13899000 | C86: =SUM(C87:C92) -> 0 | D86: =SUM(D87:D92) -> 670000 | E86: 0 | F86: =SUM(F87:F92) -> 14569000 | G86: =SUM(G87:G92) -> 0 | H86: =SUM(H87:H92) -> 8172000
A87: وزارة الإسكان | B87: 4434000 | D87: 0 | E87: 0 | F87: =SUM(B87:E87) -> 4434000 | G87: 0 | H87: =SUM(F87:G87) -> 4434000
A88: وزارة الأشغال وشئون البلديات والتخطيط العمراني (شئون الزراعة والثروة البحرية والحيوانية) | B88: 5727000 | D88: 0 | E88: 0 | F88: =SUM(B88:E88) -> 5727000
F89: =SUM(B89:E89) -> 0 | G89: 0 | H89: =SUM(F89:G89) -> 0
A90: هيئة التخطيط والتطوير العمراني | B90: 3126000 | D90: 0 | E90: 0 | F90: =SUM(B90:E90) -> 3126000 | G90: 0 | H90: =SUM(F90:G90) -> 3126000
A91: مؤسسة التنظيم العقاري | B91: 0 | D91: 670000 | E91: 0 | F91: =SUM(B91:E91) -> 670000
A92: المجالس البلدية | B92: 612000 | D92: 0 | E92: 0 | F92: =SUM(B92:E92) -> 612000 | G92: 0 | H92: =SUM(F92:G92) -> 612000
A94: قطاع الصحة | B94: =SUM(B95:B101) -> 299008000 | C94: =SUM(C95:C100) -> 0 | D94: =SUM(D95:D101) -> 5650711 | E94: =SUM(E95:E101) -> 501844 | F94: =SUM(F95:F101) -> 305160555 | G94: =SUM(G95:G100) -> 0 | H94: =SUM(H95:H100) -> 304960555
A95: المجلس الأعلى للصحة | B95: 424000 | D95: 369600 | E95: 501844 | F95: =SUM(B95:E95) -> 1295444 | G95: 0 | H95: =SUM(F95:G95) -> 1295444
A96: وزارة الصحة | B96: 215753000 | D96: 5010970 | E96: 0 | F96: =SUM(B96:E96) -> 220763970 | G96: 0 | H96: =SUM(F96:G96) -> 220763970
A97: الهيئة الوطنية لتنظيم المهن والخدمات الصحية | B97: 2497000 | D97: 70141 | E97: 0 | F97: =SUM(B97:E97) -> 2567141 | G97: 0 | H97: =SUM(F97:G97) -> 2567141
A98: مستشفى الملك حمد الجامعي (إيضاحي رقم 13 و14) | B98: 35698000 | D98: 0 | E98: 0 | F98: =SUM(B98:E98) -> 35698000 | G98: 0 | H98: =SUM(F98:G98) -> 35698000
A99: مركز محمد بن خليفة آل خليفة التخصصي للقلب (إيضاح رقم 13) | B99: 19636000 | D99: 0 | E99: 0 | F99: =SUM(B99:E99) -> 19636000 | G99: 0 | H99: =SUM(F99:G99) -> 19636000
A100: مركز البحرين للأورام (إيضاحي رقم 13 و14) | B100: 25000000 | D100: 0 | E100: 0 | F100: =SUM(B100:E100) -> 25000000 | G100: 0 | H100: =SUM(F100:G100) -> 25000000
A101: حساب نفقات علاج إصابات الحوادث والحالات الطارئة للمواطنين بالخارج | B101: 0 | D101: 200000 | E101: 0 | F101: =SUM(B101:E101) -> 200000
A103: قطاع الشباب والثقافة والإعلام | B103: =SUM(B104:B112) -> 55650000 | C103: =SUM(C104:C112) -> 0 | D103: =SUM(D104:D112) -> 1115891 | E103: =SUM(E104:E112) -> 0 | F103: =SUM(F104:F112) -> 56765891 | G103: =SUM(G104:G112) -> 0 | H103: =SUM(H104:H112) -> 56765891
A104: وزارة شئون الشباب والرياضة | B104: 11750000 | D104: 229300 | E104: 0 | F104: =SUM(B104:E104) -> 11979300 | G104: 0 | H104: =SUM(F104:G104) -> 11979300
A105: الأمانة العامة للمجلس الأعلى للشباب والرياضة | B105: 12337000 | D105: 0 | E105: 0 | F105: =SUM(B105:E105) -> 12337000 | G105: 0 | H105: =SUM(F105:G105) -> 12337000
A106: نادي راشد للفروسية وسباق الخيل | B106: 1904000 | D106: 0 | E106: 0 | F106: =SUM(B106:E106) -> 1904000 | G106: 0 | H106: =SUM(F106:G106) -> 1904000
A107: هيئة البحرين للثقافة والآثار | B107: 6452000 | D107: 886591 | E107: 0 | F107: =SUM(B107:E107) -> 7338591 | G107: 0 | H107: =SUM(F107:G107) -> 7338591
A108: مركز عيسى الثقافي | B108: 1298000 | D108: 0 | E108: 0 | F108: =SUM(B108:E108) -> 1298000 | G108: 0 | H108: =SUM(F108:G108) -> 1298000
...

Sheet مصروفات الوزارات
A1: 7- المصروفات المتكررة مصنفة حسب الأبواب والوزارات والجهات الحكومية
L2: (دينار بحريني)
A3: الوزارة أو الجهة الحكومية | B3: Code | C3: قوى عاملة | D3: خدمات | E3: سلع إستهلاكية | F3: سلع رأسمالية | G3: صيانة | H3: نفقات تحويلية | I3: إعانات وتسديد فوائد القروض | J3: المجموع | K3: الاعتماد | L3: الفعلي 2019
A4: مكتب رئيس مجلس الوزراء | B4: 11 | C4: 3793045 | D4: 3489207 | E4: 48180 | F4: 103195 | G4: 12901 | H4: 10500000 | I4: 0 | J4: =SUM(C4:I4) -> 17946528 | K4: 18069000 | L4: 18022010
A5: وزارة الدفاع (إيضاح رقم 13) | B5: 12 | C5: 422662380 | D5: 36599703 | E5: 26693104 | F5: 6566048 | G5: 33955862 | H5: 0 | I5: 2507803 | J5: =SUM(C5:I5) -> 528984900 | K5: 482050000 | L5: 539567214
A6: وزارة الداخلية | B6: 13 | C6: 318072364 | D6: 20104840 | E6: 8133632 | F6: 1740895 | G6: 4887574 | H6: 0 | I6: 0 | J6: =SUM(C6:I6) -> 352939305 | K6: 357982350 | L6: 357622683
A7: جهاز المخابرات الوطني | B7: 14 | C7: 0 | D7: 0 | E7: 0 | F7: 0 | G7: 0 | H7: 33313200 | I7: 0 | J7: =SUM(C7:I7) -> 33313200 | K7: 34116000 | L7: 34116000
A8: هيئة التشريع والرأي القانوني | B8: 15 | C8: 1786491 | D8: 229022 | E8: 3041 | F8: 2568 | G8: 6297 | H8: 0 | I8: 0 | J8: =SUM(C8:I8) -> 2027419 | K8: 2286000 | L8: 1888536
A9: وزارة الخارجية | B9: 16 | C9: 22241835 | D9: 10189942 | E9: 512840 | F9: 446182 | G9: 626909 | H9: 0 | I9: 398828 | J9: =SUM(C9:I9) -> 34416536 | K9: 38849000 | L9: 38892485
A10: وزارة العدل والشئون الإسلامية والأوقاف (شئون العدل) | B10: 18 | C10: 7824503 | D10: 1515743 | E10: 35365 | F10: 23799 | G10: 82602 | H10: 38908 | I10: 66000 | J10: =SUM(C10:I10) -> 9586920 | K10: 10235272 | L10: 10473901
A11: وزارة التربية والتعليم | B11: 21 | C11: 233940860 | D11: 24922651 | E11: 2178944 | F11: 465068 | G11: 639917 | H11: 0 | I11: 0 | J11: =SUM(C11:I11) -> 262147440 | K11: 276982000 | L11: 296191995
A12: وزارة الصحة | B12: 22 | C12: 131878299 | D12: 28102441 | E12: 66033012 | F12: 51868 | G12: 2492090 | H12: 0 | I12: 123158 | J12: =SUM(C12:I12) -> 228680868 | K12: 220763970 | L12: 231656516
A13: وزارة الأشغال وشئون البلديات والتخطيط العمراني (شئون الزراعة والثروة البحرية والحيوانية) | B13: 23 | C13: 4694704 | D13: 701774 | E13: 112555 | F13: 5896 | G13: 11680 | H13: 0 | I13: 0 | J13: =SUM(C13:I13) -> 5526609 | K13: 5727000 | L13: 6225809
A14: وزارة شئون الشباب والرياضة | B14: 26 | C14: 2913171 | D14: 2865450 | E14: 186957 | F14: 6884 | G14: 500190 | H14: 308139 | I14: 1581851 | J14: =SUM(C14:I14) -> 8362642 | K14: 11979300 | L14: 11515797
A15: نادي راشد للفروسية وسباق الخيل | B15: 28 | C15: 839806 | D15: 655302 | E15: 69376 | F15: 41507 | G15: 298008 | H15: 0 | I15: 0 | J15: =SUM(C15:I15) -> 1903999 | K15: 1904000 | L15: 2060101
... A20: مكتب صاحب السمو الملكي النائب الأول لرئيس مجلس الوزراء | B20: 70 | C20: 1271013 | D20: 175789 | E20: 22455 | F20: 90663 | G20: 7941 | H20: 0 | I20: 20000 | J20: =SUM(C20:I20) -> 1587861 | K20: 3208000 | L20: 1688816
A21: مكاتب نواب رئيس مجلس الوزراء | B21: D | C21: =592700+713568+549233+568727 -> 2424228 | D21: =16462+314053+37240+9770 -> 377525 | E21: =6533+3406+20077+6208 -> 36224 | F21: =1366+1258+6958+5679 -> 15261 | G21: =2363+218+12453+849 -> 15883 | H21: 0 | I21: 0 | J21: =SUM(C21:I21) -> 2869121 | K21: =720000+1054892+846000+601000 -> 3221892 | L21: 2894456
A22: مكاتب مستشاري رئيس مجلس الوزراء | B22: A | C22: =228079+184187 -> 412266 | D22: =51464+62381 -> 113845 | E22: =2196+8279 -> 10475 | F22: =583+3105 -> 3688 | G22: =250+0 -> 250 | H22: 0 | I22: 0 | J22: =SUM(C22:I22) -> 540524 | K22: =282572+305000 -> 587572 | L22: 559782
A23: 7- المصروفات المتكررة مصنفة حسب الأبواب والوزارات والجهات الحكومية (تتمة)
L24: (دينار بحريني)
A25: الوزارة أو الجهة الحكومية | B25: Code | C25: قوى عاملة | D25: خدمات | E25: سلع إستهلاكية | F25: سلع رأسمالية | G25: صيانة | H25: نفقات تحويلية | I25: إعانات وتسديد فوائد القروض | J25: المجموع | K25: الاعتماد | L25: الفعلي 2019
A26: مكتب وزير شئون الكهرباء والماء | B26: 40 | C26: 118367 | D26: 38436 | E26: 7909 | F26: 7352 | G26: 389 | H26: 0 | I26: 0 | J26: =SUM(C26:I26) -> 172453 | K26: 232000 | L26: 205795
A27: المجلس الأعلى للبيئة | B27: 41 | C27: 3321234 | D27: 801788 | E27: 228386 | F27: 16622 | G27: 74406 | H27: 0 | I27: 0 | J27: =SUM(C27:I27) -> 4442436 | K27: 4615000 | L27: 4609802
A28: مركز محمد بن خليفة آل خليفة التخصصي للقلب (إيضاح رقم 13) | B28: 43 | C28: 12099142 | D28: 150109 | E28: 7098492 | F28: 401130 | G28: 467057 | H28: 0 | I28: 27600 | J28: =SUM(C28:I28) -> 20243530 | K28: 19636000 | L28: 20300415
A29: وزارة الأشغال وشئون البلديات والتخطيط العمراني (شئون الأشغال) | B29: 46 | C29: 19318712 | D29: 20655761 | E29: 85400 | F29: 3136 | G29: 35622 | H29: 0 | I29: 0 | J29: =SUM(C29:I29) -> 40098631 | K29: 42220000 | L29: 41626008
A30: هيئة الكهرباء والماء (إيضاح رقم 12) | B30: 47 | C30: 190 | D30: 0 | E30: 0 | F30: 0 | G30: 0 | H30: 154481226 | I30: 0 | J30: =SUM(C30:I30) -> 154481416 | K30: 154481226 | L30: 141000000
A31: وزارة المواصلات والاتصالات | B31: 48 | C31: 12885584 | D31: 15300895 | E31: 100220 | F31: 18003 | G31: 818707 | H31: 0 | I31: 0 | J31: =SUM(C31:I31) -> 29123409 | K31: 29141626 | L31: 29824103
A32: الحرس الوطني | B32: 50 | C32: 40676563 | D32: 492746 | E32: 132218 | F32: 0 | G32: 24968 | H32: 0 | I32: 24500 | J32: =SUM(C32:I32) -> 41350995 | K32: 42094000 | L32: 42094000
A33: الهيئة الوطنية للنفط والغاز | B33: 51 | C33: 871167 | D33: 588933 | E33: 7673 | F33: 3354 | G33: 4782 | H33: 0 | I33: 0 | J33: =SUM(C33:I33) -> 1475909 | K33: 1605000 | L33: 1580235
A34: وزارة شئون مجلسي الشورى والنواب | B34: 54 | C34: 1092493 | D34: 173276 | E34: 5492 | F34: 6098 | G34: 2357 | H34: 0 | I34: 0 | J34: =SUM(C34:I34) -> 1279716 | K34: 1321000 | L34: 1424051
A35: مركز الاتصال الوطني | B35: 55 | C35: 790878 | D35: 219495 | E35: 1984 | F35: 3014 | G35: 7924 | H35: 0 | I35: 30000 | J35: =SUM(C35:I35) -> 1053295 | K35: 1230000 | L35: 923882
A36: مجلـس المناقصات والمزايدات | B36: 59 | C36: 727794 | D36: 245868 | E36: 3513 | F36: 3304 | G36: 1465 | H36: 0 | I36: 0 | J36: =SUM(C36:I36) -> 981944 | K36: 1286000 | L36: 907310
A37: الميزانيات التحويلية (إيضاح رقم 9) | B37: 60 | C37: 912773 | D37: 22230588 | E37: 0 | F37: 0 | G37: 0 | H37: 518568743 | I37: 990979426 | J37: =SUM(C37:I37) -> 1532691530 | K37: 1505759540 | L37: 1277218070
... A58: الهيئة الوطنية لتنظيم المهن والخدمات الصحية | B58: 89 | C58: 1816960 | D58: 518771 | E58: 4755 | F58: 6467 | G58: 7660 | H58: 0 | I58: 0 | J58: =SUM(C58:I58) -> 2354613 | K58: 2567141 | L58: 2610446
A59: الجهاز الوطني للإيرادات | C59: 1717515 | D59: 1671556 | E59: 6061 | F59: 247950 | G59: 2766 | H59: 0 | I59: 0 | J59: =SUM(C59:I59) -> 3645848 | K59: 5000000 | L59: 2429239
A60: الهيئة الوطنية لعلوم الفضاء | B60: 92 | C60: 411582 | D60: 48494 | E60: 7132 | F60: 61073 | G60: 621 | H60: 0 | I60: 0 | J60: =SUM(C60:I60) -> 528902 | K60: 1031000 | L60: 397080
A61: هيئة الطاقة المستدامة | E61: 0 | F61: 0 | G61: 0 | H61: 0 | I61: 0 | J61: =SUM(C61:I61) -> 0 | L61: 0
A62: هيئة الطاقة المستدامة | C62: 137191 | D62: 310611 | E62: 4162 | F62: 19598 | G62: 1082 | H62: 0 | I62: 0 | J62: =SUM(C62:I62) -> 472644 | K62: 1000000 | L62: 0
A63: المجموع | C63: =SUM(C4:C62) -> 1389808947 | D63: =SUM(D4:D62) -> 221968427 | E63: =SUM(E4:E62) -> 133504935 | F63: =SUM(F4:F62) -> 15132187 | G63: =SUM(G4:G62) -> 49580500 | H63: =SUM(H4:H62) -> 726004810 | I63: =SUM(I4:I62) -> 997042755 | J63: =SUM(J4:J62) -> 3533042561 | ... L63: =SUM(L4:L62) -> 3333982617

Sheet تفصيل المصروفات
A1: 8- المصروفات المتكررة مصنفة حسب الأبواب والأقسام والبنود
G2: (دينار بحريني)
A3: التبويــب | F3: البيـــان | G3: 2020 | J3: 2019 الفعلي
A4: بند | B4: قسم | C4: باب | D4: نوع | G4: الاعتماد | H4: الفعلي | I4: الفرق
C5: 1 | D5: 6 | F5: نفقات القوى العاملة | G5: =G6+G40+G69+G79+G87+G100+G118+G129 -> 1386400029 | H5: =H6+H40+H69+H79+H87+H100+H118+H129 -> 1389808947 | I5: =I6+I40+I69+I79+I87+I100+I118+I129 -> -3408918 | J5: =J6+J40+J69+J79+J87+J100+J118+J129 -> 1398864073 | L5: نفقات القوى العاملة | O5: =L5=F5 -> TRUE
B6: 1 | C6: 1 | D6: 6 | F6: وظائف البحرينيين | G6: =SUM(G7:G39) -> 997133887 | H6: =SUM(H7:H39) -> 999109398 | I6: =G6-H6 -> -1975511 | J6: =SUM(J7:J39) -> 999235947 | L6: وظائف البحرينيين | O6: =L6=F6 -> TRUE
A7: 60011 | B7: 1 | C7: 1 | D7: 6 | E7: 61160011 | F7: الرواتب الأساسية | G7: 794792945 | H7: 789310034 | I7: =G7-H7 -> 5482911 | J7: 789505862 | L7: الرواتب الأساسية | O7: =L7=F7 -> TRUE
A8: 60021 | B8: 1 | C8: 1 | D8: 6 | E8: 61160021 | F8: العمل الإضافي | G8: 9920783 | H8: 11430824 | I8: =G8-H8 -> -1510041 | J8: 12943425 | L8: العمل الإضافي | O8: =L8=F8 -> TRUE
A9: 61011 | B9: 1 | C9: 1 | D9: 6 | E9: 61161011 | F9: العلاوة الاجتماعية | G9: 46516248 | H9: 46492653 | I9: =G9-H9 -> 23595 | J9: 46708770 | L9: العلاوة الاجتماعية | O9: =L9=F9 -> TRUE
A10: 61012 | B10: 1 | C10: 1 | D10: 6 | E10: 61161012 | F10: علاوة تحسين المعيشة | G10: 57027036 | H10: 57036798 | I10: =G10-H10 -> -9762 | J10: 57482216 | L10: علاوة تحسين المعيشة | O10: =L10=F10 -> TRUE
A11: 61013 | B11: 1 | C11: 1 | D11: 6 | E11: 61161013 | F11: علاوة السيارة | G11: 3578550 | H11: 4229480 | I11: =G11-H11 -> -650930 | J11: 2802475 | L11: علاوة السيارة والمواصلات | O11: =L11=F11 -> FALSE
A12: 61014 | B12: 1 | C12: 1 | D12: 6 | E12: 61161014 | F12: مكافأة موظف السنة | G12: 31800 | H12: 9000 | I12: =G12-H12 -> 22800 | J12: 17400 | L12: علاوة هاتف | O12: =L12=F12 -> FALSE
A13: 61015 | B13: 1 | C13: 1 | D13: 6 | E13: 61161015 | F13: علاوة القضاء | G13: 2455417 | H13: 2615164 | I13: =G13-H13 -> -159747 | J13: 2102382 | L13: علاوات شخصية أخرى | O13: =L13=F13 -> FALSE
A14: 61016 | B14: 1 | C14: 1 | D14: 6 | E14: 61161016 | F14: بدل ندب | G14: 596519 | H14: 595336 | I14: =G14-H14 -> 1183 | J14: 354588 | L14: مكافأة خاصة | O14: =L14=F14 -> FALSE
A15: 61017 | B15: 1 | C15: 1 | D15: 6 | E15: 61161017 | F15: بدلات أخرى | G15: 261058 | H15: 249334 | I15: =G15-H15 -> 11724 | J15: 236910 | L15: مكافأة أداء | O15: =L15=F15 -> FALSE
A16: 61019 | B16: 1 | C16: 1 | D16: 6 | F16: مكافأة الاقتراحات | G16: 0 | H16: 0 | I16: =G16-H16 -> 0 | J16: 1000
A17: 61021 | B17: 1 | C17: 1 | D17: 6 | E17: 61161021 | F17: علاوة المواصلات | G17: 21203283 | H17: 21059085 | I17: =G17-H17 -> 144198 | J17: 22279968 | L17: مكافأة انضباط | O17: =L17=F17 -> FALSE
A18: 61022 | B18: 1 | C18: 1 | D18: 6 | E18: 61161022 | F18: علاوة الاتصال | G18: 4048077 | H18: 4332828 | I18: =G18-H18 -> -284751 | J18: 3976862 | L18: بدل علاوة الأطباء الإستشاريين | O18: =L18=F18 -> FALSE
A19: 61024 | B19: 1 | C19: 1 | D19: 6 | F19: علاوة مناوبة | G19: 10044 | H19: 12286 | I19: =G19-H19 -> -2242 | J19: 4885
A20: 61025 | B20: 1 | C20: 1 | D20: 6 | F20: علاوة طبيعة العمل | G20: 33801 | H20: 233448 | I20: =G20-H20 -> -199647 | J20: 29630
A21: 61026 | B21: 1 | C21: 1 | D21: 6 | F21: علاوة خطر | G21: 155700 | H21: 313319 | I21: =G21-H21 -> -157619 | J21: 125292
A22: 61031 | B22: 1 | C22: 1 | D22: 6 | E22: 61161031 | F22: علاوات شخصية أخرى | G22: 35673185 | H22: 34905993 | I22: =G22-H22 -> 767192 | J22: 38414549 | L22: بدل تفرغ للأطباء الإستشاريين | O22: =L22=F22 -> FALSE
A23: 61032 | B23: 1 | C23: 1 | D23: 6 | E23: 61161032 | F23: مكافأة العمل الخاص | G23: 277100 | H23: 294127 | I23: =G23-H23 -> -17027 | J23: 827332 | L23: بدل الملاحة الجوية | O23: =L23=F23 -> FALSE
A24: 61033 | B24: 1 | C24: 1 | D24: 6 | E24: 61161033 | F24: مكافأة الإنجازات الاستثنائية | G24: 46200 | H24: 7300 | I24: =G24-H24 -> 38900 | J24: 34400 | L24: علاوة تمريض | O24: =L24=F24 -> FALSE
A25: 61034 | B25: 1 | C25: 1 | D25: 6 | E25: 61161034 | F25: مكافأة انضباط | G25: 44700 | H25: 51700 | I25: =G25-H25 -> -7000 | J25: 91300 | L25: تكاليف السكن | O25: =L25=F25 -> FALSE
A26: 61035 | B26: 1 | C26: 1 | D26: 6 | E26: 61161035 | F26: بدل علاوة الأطباء المستشارين | G26: 3041000 | H26: 6682974 | I26: =G26-H26 -> -3641974 | J26: 3619415 | L26: علاوة خاصة | O26: =L26=F26 -> FALSE
A27: 61036 | B27: 1 | C27: 1 | D27: 6 | E27: 61161036 | F27: بدل تفرغ للأطباء الإستشاريين | G27: 3147000 | H27: 3659375 | I27: =G27-H27 -> -512375 | J27: 3774922 | L27: علاوات وتكاليف أخرى | O27: =L27=F27 -> FALSE
A28: 61037 | B28: 1 | C28: 1 | D28: 6 | E28: 61161037 | F28: علاوة تمديد الزمن المدرسي للمعلمين | G28: 0 | H28: 0 | I28: =G28-H28 -> 0 | J28: 4301
A29: 61038 | B29: 1 | C29: 1 | D29: 6 | E29: 61161038 | F29: بدل الملاحة الجوية | G29: 1112263 | H29: 1222523 | I29: =G29-H29 -> -110260 | J29: 1202856 | L29: وظائف غير البحرينيين | O29: =L29=F29 -> FALSE
A30: 61039 | B30: 1 | C30: 1 | D30: 6 | E30: 61161039 | F30: علاوة تمريض | G30: 691000 | H30: 1584084 | I30: =G30-H30 -> -893084 | J30: 859741 | L30: الرواتب الأساسية | O30: =L30=F30 -> FALSE
A31: 61043 | B31: 1 | C31: 1 | D31: 6 | E31: 61161043 | F31: تكاليف سكن | G31: 7000 | H31: 7400 | I31: =G31-H31 -> -400 | J31: 7124 | L31: العمل الإضافي | O31: =L31=F31 -> FALSE
A32: 61044 | B32: 1 | C32: 1 | D32: 6 | E32: 61161044 | F32: علاوة خاصة | G32: 4424198 | H32: 5119285 | I32: =G32-H32 -> -695087 | J32: 4113638 | L32: العلاوة الاجتماعية | O32: =L32=F32 -> FALSE
A33: 61045 | B33: 1 | C33: 1 | D33: 6 | E33: 61161045 | F33: علاوة التراخيص الجوية | G33: 68750 | H33: 77657 | I33: =G33-H33 -> -8907 | J33: 67850 | L33: علاوة تحسين المعيشة | O33: =L33=F33 -> FALSE
A34: 61047 | B34: 1 | C34: 1 | D34: 6 | F34: علاوة تمثيل دبلوماسي | G34: 1235664 | H34: 1512881 | I34: =G34-H34 -> -277217 | J34: 935189
A35: 61048 | B35: 1 | C35: 1 | D35: 6 | F35: علاوة مرافقة زوجية - السلك الدبلوماسي | G35: 400000 | H35: 495723 | I35: =G35-H35 -> -95723 | J35: 336432
A36: 61049 | B36: 1 | C36: 1 | D36: 6 | F36: علاوة تمثيل مخفضة - السلك الدبلوماسي | G36: 202000 | H36: 144085 | I36: =G36-H36 -> 57915 | J36: 214097
A37: 61053 | B37: 1 | C37: 1 | D37: 6 | F37: بدل نقدي للسكن - السلك الدبلوماسي | G37: 915500 | H37: 949717 | I37: =G37-H37 -> -34217 | J37: 946047
A38: 61991 | B38: 1 | C38: 1 | D38: 6 | E38: 61161991 | F38: علاوات وتكاليف أخرى | G38: 5217066 | H38: 4474945 | I38: =G38-H38 -> 742121 | J38: 5215089 | L38: علاوة السيارة والمواصلات | O38: =L38=F38 -> FALSE
A39: 75031 | B39: 1 | C39: 1 | D39: 6 | F39: ملابس للموظفين | G39: 0 | H39: 40 | I39: =G39-H39 -> -40 | J39: 0
B40: 2 | C40: 1 | D40: 6 | E40: 612 | F40: وظائف غير البحرينيين | G40: =G41+G42+G43+G44+G45+G46+G47+G48+G50+G51+G52+G53+G54+G56+G57+G64+G65+G66+G67+G68+G58+G59+G49 -> 183771779 | H40: =SUM(H41:H68) -> 184056538 | I40: =G40-H40 -> -284759 | J40: =SUM(J41:J68) -> 188029635 | L40: وظائف غير البحرينيين | O40: =L40=F40 -> TRUE
A41: 60011 | B41: 2 | C41: 1 | D41: 6 | E41: 61260011 | F41: الرواتب الأساسية | G41: 131452555 | H41: 129092793 | I41: =G41-H41 -> 2359762 | J41: 128345953 | L41: علاوة هاتف | O41: =L41=F41 -> FALSE
A42: 60021 | B42: 2 | C42: 1 | D42: 6 | E42: 61260021 | F42: العمل الإضافي | G42: 1631352 | H42: 1580203 | I42: =G42-H42 -> 51149 | J42: 2489048 | L42: علاوات شخصية أخرى | O42: =L42=F42 -> FALSE
A43: 61011 | B43: 2 | C43: 1 | D43: 6 | E43: 61261011 | F43: العلاوة الاجتماعية | G43: 7012120 | H43: 7116026 | I43: =G43-H43 -> -103906 | J43: 7128855 | L43: مكافأة انضباط | O43: =L43=F43 -> FALSE
A44: 61012 | B44: 2 | C44: 1 | D44: 6 | E44: 61261012 | F44: علاوة تحسين المعيشة | G44: 126216 | H44: 126924 | I44: =G44-H44 -> -708 | J44: 96968 | L44: بدل علاوة الأطباء الإستشاريين | O44: =L44=F44 -> FALSE
A45: 61013 | B45: 2 | C45: 1 | D45: 6 | E45: 61261013 | F45: علاوة السيارة | G45: 198645 | H45: 200209 | I45: =G45-H45 -> -1564 | J45: 174874 | L45: بدل التفرغ للعمل الحكومي للأطباء الاستشاريين | O45: =L45=F45 -> FALSE
A46: 61015 | B46: 2 | C46: 1 | D46: 6 | E46: 61261015 | F46: علاوة القضاء | G46: 548695 | H46: 505275 | I46: =G46-H46 -> 43420 | J46: 610132
A47: 61016 | B47: 2 | C47: 1 | D47: 6 | E47: 61261016 | F47: بدل ندب | G47: 10506 | H47: 18751 | I47: =G47-H47 -> -8245 | J47: 9931
A48: 61017 | B48: 2 | C48: 1 | D48: 6 | E48: 61261017 | F48: بدلات أخرى | G48: 28100 | H48: 58498 | I48: =G48-H48 -> -30398 | J48: 33461
A49: 61018 | B49: 2 | C49: 1 | D49: 6 | F49: مكافأة نهاية الخدمة الحكومية | G49: 0 | H49: 50655 | I49: =G49-H49 -> -50655 | J49: 0
A50: 61021 | B50: 2 | C50: 1 | D50: 6 | E50: 61261021 | F50: علاوة المواصلات | G50: 3357334 | H50: 3360638 | I50: =G50-H50 -> -3304 | J50: 3361542 | L50: بدل اغتراب | O50: =L50=F50 -> FALSE
A51: 61022 | B51: 2 | C51: 1 | D51: 6 | E51: 61261022 | F51: علاوة الاتصال | G51: 192616 | H51: 185497 | I51: =G51-H51 -> 7119 | J51: 193070 | L51: توظيف وإجازة وإنهاء عقود الموظفين | O51: =L51=F51 -> FALSE
A52: 61025 | B52: 2 | C52: 1 | D52: 6 | F52: علاوة طبيعة العمل | G52: 0 | H52: 9935 | I52: =G52-H52 -> -9935 | J52: 0
A53: 61026 | B53: 2 | C53: 1 | D53: 6 | F53: علاوة خطر | G53: 46000 | H53: 184453 | I53: =G53-H53 -> -138453 | J53: 45817
A54: 61031 | B54: 2 | C54: 1 | D54: 6 | E54: 61261031 | F54: علاوات شخصية أخرى | G54: 12313409 | H54: 11575558 | I54: =G54-H54 -> 737851 | J54: 12352927 | L54: تكاليف سكن | O54: =L54=F54 -> FALSE
A55: 61034 | B55: 2 | C55: 1 | D55: 6 | E55: 61261034 | F55: مكافأة انضباط | G55: 0 | H55: 0 | I55: =G55-H55 -> 0 | J55: 0 | L55: علاوات وتكاليف أخرى | O55: =L55=F55 -> FALSE
A56: 61035 | B56: 2 | C56: 1 | D56: 6 | E56: 61261035 | F56: بدل علاوة الأطباء المستشارين | G56: 13000 | H56: 541980 | I56: =G56-H56 -> -528980 | J56: 12609 | L56: أجور السفر | O56: =L56=F56 -> FALSE
A57: 61037 | B57: 2 | C57: 1 | D57: 6 | E57: 61261037 | F57: علاوة تمديد الزمن المدرسي للمعلمين | G57: 0 | H57: 0 | I57: =G57-H57 -> 0 | J57: 9521
A58: 61039 | B58: 2 | C58: 1 | D58: 6 | F58: علاوة التمريض | G58: 0 | H58: 584 | I58: =G58-H58 -> -584 | J58: 0
A59: 61041 | B59: 2 | C59: 1 | D59: 6 | E59: 61261041 | F59: بدل اغتراب | G59: 229700 | H59: 280771 | I59: =G59-H59 -> -51071 | J59: 307421 | L59: الوظائف المؤقتة للبحرينيين | O59: =L59=F59 -> FALSE
A60: 8- المصروفات المتكررة مصنفة حسب الأبواب والأقسام والبنود (تتمة)
G61: (دينار بحريني)
A62: التبويــب | F62: البيـــان | G62: 2020 | J62: 2019 الفعلي
A63: بند | B63: قسم | C63: باب | D63: نوع | G63: الاعتماد | H63: الفعلي | I63: الفرق
A64: 61042 | B64: 2 | C64: 1 | D64: 6 | E64: 61261042 | F64: توظيف وإجازة وإنهاء عقود الموظفين | G64: 6059239 | H64: 7612105 | I64: =G64-H64 -> -1552866 | J64: 6387686 | L64: الرواتب الأساسية | O64: =L64=F64 -> FALSE
A65: 61043 | B65: 2 | C65: 1 | D65: 6 | E65: 61261043 | F65: تكاليف سكن | G65: 15879226 | H65: 17520609 | I65: =G65-H65 -> -1641383 | J65: 17702513 | L65: العمل الإضافي | O65: =L65=F65 -> FALSE
A66: 61991 | B66: 2 | C66: 1 | D66: 6 | E66: 61261991 | F66: علاوات وتكاليف أخرى | G66: 4156880 | H66: 2890628 | I66: =G66-H66 -> 1266252 | J66: 7634123 | L66: العلاوة الاجتماعية | O66: =L66=F66 -> FALSE
A67: 64021 | B67: 2 | C67: 1 | D67: 6 | E67: 61264021 | F67: أجور السفر | G67: 321213 | H67: 119520 | I67: =G67-H67 -> 201693 | J67: 330558 | L67: علاوة السيارة والمواصلات | O67: =L67=F67 -> FALSE
A68: 68033 | B68: 2 | C68: 1 | D68: 6 | E68: 61268033 | F68: رسوم هيئة تنظيم سوق العمل | G68: 194973 | H68: 1024926 | I68: =G68-H68 -> -829953 | J68: 802626 | L68: علاوة هاتف | O68: =L68=F68 -> FALSE
B69: 3 | C69: 1 | D69: 6 | E69: 613 | F69: الوظائف المؤقتة للبحرينيين | G69: =G70+G71+G72+G75+G76+G77+G78+G74 -> 4318360 | H69: =SUM(H70:H78) -> 4098378 | I69: =G69-H69 -> 219982 | J69: =SUM(J70:J78) -> 3529753 | L69: الوظائف المؤقتة للبحرينيين | O69: =L69=F69 -> TRUE
A70: 60011 | B70: 3 | C70: 1 | D70: 6 | E70: 61360011 | F70: الرواتب الأساسية | G70: 4308637 | H70: 4091737 | I70: =G70-H70 -> 216900 | J70: 3516154 | L70: علاوات شخصية أخرى | O70: =L70=F70 -> FALSE
A71: 60021 | B71: 3 | C71: 1 | D71: 6 | E71: 61360021 | F71: العمل الإضافي | G71: 1240 | H71: 102 | I71: =G71-H71 -> 1138 | J71: 468 | L71: علاوات وتكاليف أخرى | O71: =L71=F71 -> FALSE
A72: 61011 | B72: 3 | C72: 1 | D72: 6 | E72: 61361011 | F72: العلاوة الاجتماعية | G72: 5138 | H72: 3953 | I72: =G72-H72 -> 1185 | J72: 7064 | L72: الوظائف المؤقتة لغير البحرينيين | O72: =L72=F72 -> FALSE
A73: 61013 | B73: 3 | C73: 1 | D73: 6 | E73: 61361013 | F73: علاوة السيارة | I73: =G73-H73 -> 0 | J73: 0 | L73: الرواتب الأساسية | O73: =L73=F73 -> FALSE
A74: 61013 | B74: 3 | C74: 1 | D74: 6 | F74: علاوة السيارة | G74: 225 | H74: 160 | I74: =G74-H74 -> 65 | J74: 0
A75: 61021 | B75: 3 | C75: 1 | D75: 6 | E75: 61361021 | F75: علاوة المواصلات | G75: 2595 | H75: 1916 | I75: =G75-H75 -> 679 | J75: 4600 | L75: العمل الإضافي | O75: =L75=F75 -> FALSE
A76: 61022 | B76: 3 | C76: 1 | D76: 6 | E76: 61361022 | F76: علاوة الاتصال | G76: 380 | H76: 390 | I76: =G76-H76 -> -10 | J76: 840 | L76: العلاوة الاجتماعية | O76: =L76=F76 -> FALSE
A77: 61031 | B77: 3 | C77: 1 | D77: 6 | E77: 61361031 | F77: علاوات شخصية أخرى | G77: 0 | H77: 0 | I77: =G77-H77 -> 0 | J77: 427 | L77: علاوة السيارة والمواصلات | O77: =L77=F77 -> FALSE
A78: 61991 | B78: 3 | C78: 1 | D78: 6 | E78: 61361991 | F78: علاوات وتكاليف أخرى | G78: 145 | H78: 120 | I78: =G78-H78 -> 25 | J78: 200 | O78: =L78=F78 -> FALSE
B79: 4 | C79: 1 | D79: 6 | F79: الوظائف المؤقتة لغير البحرينيين | G79: =SUM(G80:G86) -> 33652 | H79: =SUM(H80:H86) -> 25336 | I79: =G79-H79 -> 8316 | J79: =SUM(J80:J86) -> 0 | L79: الوظائف المؤقتة لغير البحرينيين | O79: =L79=F79 -> TRUE
A80: 60011 | B80: 4 | C80: 1 | D80: 6 | E80: 61460011 | F80: الرواتب الأساسية | G80: 32812 | H80: 25336 | I80: =G80-H80 -> 7476 | J80: 0 | O80: =L80=F80 -> FALSE
A81: 60021 | B81: 4 | C81: 1 | D81: 6 | E81: 61460021 | F81: العمل الإضافي | H81: =INDEX('Meta 12'!$H$2:$H$401,MATCH('تفصيل المصروفات'!E81,'Meta 12'!$E$2:$E$401,0)) -> 0 | I81: =G81-H81 -> 0 | J81: 0 | O81: =L81=F81 -> FALSE
A82: 61011 | B82: 4 | C82: 1 | D82: 6 | E82: 61461011 | F82: العلاوة الاجتماعية | I82: =G82-H82 -> 0 | O82: =L82=F82 -> FALSE
A83: 61021 | B83: 4 | C83: 1 | D83: 6 | E83: 61461021 | F83: علاوة المواصلات | I83: =G83-H83 -> 0 | O83: =L83=F83 -> FALSE
A84: 61011 | B84: 4 | C84: 1 | D84: 6 | F84: العلاوة الاجتماعية | G84: 600 | H84: 0 | I84: =G84-H84 -> 600 | J84: 0
A85: 61013 | B85: 4 | C85: 1 | D85: 6 | F85: علاوة السيارة | G85: 240 | H85: 0 | I85: =G85-H85 -> 240 | J85: 0
A86: 61991 | B86: 4 | C86: 1 | D86: 6 | E86: 61461991 | F86: علاوات وتكاليف أخرى | H86: 0 | I86: =G86-H86 -> 0 | J86: 0 | O86: =L86=F86 -> FALSE
B87: 5 | C87: 1 | D87: 6 | F87: تدريب الموظفين داخل البحرين | G87: =SUM(G88:G99) -> 4690971 | H87: =SUM(H88:H99) -> 7787208 | I87: =G87-H87 -> -3096237 | J87: =J88+SUM(J89:J99) -> 6071749 | L87: تدريب الموظفين داخل البحرين | O87: =L87=F87 -> TRUE
A88: 61051 | B88: 5 | C88: 1 | D88: 6 | E88: 61561051 | F88: مخصصات التدريب | I88: =G88-H88 -> 0 | J88: 0 | O88: =L88=F88 -> FALSE
A89: 61052 | B89: 5 | C89: 1 | D89: 6 | E89: 61561052 | F89: مخصصات التدريب لتقنية المعلومات | I89: =G89-H89 -> 0 | J89: 0 | L89: تدريب الموظفين داخل البحرين | O89: =L89=F89 -> FALSE
A90: 62011 | B90: 5 | C90: 1 | D90: 6 | E90: 61562011 | F90: تكاليف المقررات والرسوم الدراسية | G90: 0 | H90: 0 | I90: =G90-H90 -> 0 | J90: 28624 | L90: مخصصات التدريب | O90: =L90=F90 -> FALSE
A91: 62012 | B91: 5 | C91: 1 | D91: 6 | E91: 61562012 | F91: تكاليف المقررات الدراسية للحاسب الآلي | I91: =G91-H91 -> 0 | J91: 0 | L91: مخصصات التدريب لتقنية المعلومات | O91: =L91=F91 -> FALSE
A92: 62014 | B92: 5 | C92: 1 | D92: 6 | E92: 61562014 | F92: تكاليف المقررات والرسوم الدراسية لتقنية المعلومات | I92: =G92-H92 -> 0 | J92: 0 | L92: تكاليف المقررات والرسوم الدراسية | O92: =L92=F92 -> FALSE
A93: 62015 | B93: 5 | C93: 1 | D93: 6 | E93: 61562015 | F93: تكاليف المشاركة في البرامج والمؤتمرات والندوات التدريبية الإدارية | G93: 185027 | H93: 100101 | I93: =G93-H93 -> 84926 | J93: 427184 | L93: تكاليف المقررات الدراسية للحاسب الآلي | O93: =L93=F93 -> FALSE
A94: 62016 | B94: 5 | C94: 1 | D94: 6 | E94: 61562016 | F94: تكاليف المشاركة في البرامج والمؤتمرات والندوات التدريبية الأكاديمية | G94: 4304209 | H94: 7477871 | I94: =G94-H94 -> -3173662 | J94: 5340835 | L94: تكاليف المقررات والرسوم الدراسية لتقنية المعلومات | O94: =L94=F94 -> FALSE
A95: 62017 | B95: 5 | C95: 1 | D95: 6 | E95: 61562017 | F95: تكاليف المشاركة في البرامج والمؤتمرات والندوات التدريبية المهنية التخصصية | G95: 196547 | H95: 209048 | I95: =G95-H95 -> -12501 | J95: 273813 | L95: مؤتمرات داخلية | O95: =L95=F95 -> FALSE
A96: 62018 | B96: 5 | C96: 1 | D96: 6 | E96: 61562018 | F96: تكاليف المشاركة في البرامج والمؤتمرات والندوات التدريبية لتقنية المعلومات | G96: 5188 | H96: 188 | I96: =G96-H96 -> 5000 | J96: 800 | L96: تكاليف الدراسة الأكاديمية والمهنية | O96: =L96=F96 -> FALSE
A97: 62024 | B97: 5 | C97: 1 | D97: 6 | E97: 61562024 | F97: تكاليف الدراسة الأكاديمية والمهنية | G97: 0 | H97: 0 | I97: =G97-H97 -> 0 | J97: 493 | L97: تكاليف الكتب وأدوات القرطاسية | O97: =L97=F97 -> FALSE
A98: 74021 | B98: 5 | C98: 1 | D98: 6 | E98: 61574021 | F98: تكاليف الكتب وأدوات القرطاسية | I98: =G98-H98 -> 0 | J98: 0 | L98: تكاليف المواد الدراسية لتقنية المعلومات | O98: =L98=F98 -> FALSE
A99: 74022 | B99: 5 | C99: 1 | D99: 6 | E99: 61574022 | F99: تكاليف المواد الدراسية لتقنية المعلومات | G99: =IFERROR(INDEX('Meta 12'!$G$2:$G$401,MATCH('تفصيل المصروفات'!E99,'Meta 12'!$E$2:$E$401,0)),0) -> 0 | H99: =INDEX('Meta 12'!$H$2:$H$401,MATCH('تفصيل المصروفات'!E99,'Meta 12'!$E$2:$E$401,0)) -> 0 | I99: =G99-H99 -> 0 | J99: 0 | L99: تدريب الموظفين خارج البحرين | O99: =L99=F99 -> FALSE
B100: 6 | C100: 1 | D100: 6 | E100: 616 | F100: تدريب الموظفين خارج البحرين | G100: =SUM(G101:G117) -> 19309366 | H100: =SUM(H101:H117) -> 18661104 | I100: =G100-H100 -> 648262 | J100: =SUM(J101:J117) -> 24021407 | L100: تدريب الموظفين خارج البحرين | O100: =L100=F100 -> TRUE
...

Sheet Meta 12
A1: Item | B1: Chpt | C1: Sec | D1: Acct | E1: code | F1: Descrip | G1: Bud | H1: ActCY | I1: Difference | J1: ActPY
A2: 6 | B2: 1 | C2: 1 | D2: 60011 | E2: 61160011 | F2: Basic Salaries (Including Lump Sum) | G2: 828937782 | H2: 821844760 | I2: 7093022 | J2: 805978082
A3: 6 | B3: 1 | C3: 1 | D3: 60021 | E3: 61160021 | F3: Overtime | G3: 13261923 | H3: 12708205 | I3: 553718 | J3: 11996659
A4: 6 | B4: 1 | C4: 1 | D4: 61011 | E4: 61161011 | F4: Social Allowance | G4: 48546078 | H4: 48898523 | I4: -352445 | J4: 47300091
A5: 6 | B5: 1 | C5: 1 | D5: 61012 | E5: 61161012 | F5: Standard of Living Improvement | G5: 61965276 | H5: 59634363 | I5: 2330913 | J5: 59464279
A6: 6 | B6: 1 | C6: 1 | D6: 61013 | E6: 61161013 | F6: Car Allowance | G6: 3315038 | H6: 2536870 | I6: 778168 | J6: 32149
A7: 6 | B7: 1 | C7: 1 | D7: 61014 | E7: 61161014 | F7: Year Employee Bonus | G7: 126000 | H7: 29994 | I7: 96006 | J7: 6000
A8: 6 | B8: 1 | C8: 1 | D8: 61015 | E8: 61161015 | F8: Judiciary Allowance | G8: 2523298 | H8: 2003788 | I8: 519510 | J8: 849254
A9: 6 | B9: 1 | C9: 1 | D9: 61016 | E9: 61161016 | F9: Acting Allowance | G9: 189870 | H9: 113069 | I9: 76801 | J9: 37887
A10: 6 | B10: 1 | C10: 1 | D10: 61017 | E10: 61161017 | F10: Other Allowance | G10: 212100 | H10: 218412 | I10: -6312 | J10: 19330
A11: 6 | B11: 1 | C11: 1 | D11: 61021 | E11: 61161021 | F11: Transport Allowance | G11: 22584477 | H11: 23218558 | I11: -634081 | J11: 25280494
A12: 6 | B12: 1 | C12: 1 | D12: 61022 | E12: 61161022 | F12: Communication Allowances | G12: 2433420 | H12: 3938982 | I12: -1505562 | J12: 3793180
A13: 6 | B13: 1 | C13: 1 | D13: 61031 | E13: 61161031 | F13: Other Personal Allowances | G13: 27857558 | H13: 39215284 | I13: -11357726 | J13: 39338437
... A18: 6 | B18: 1 | C18: 1 | D18: 61036 | E18: 61161036 | F18: Dedicated Govt Practice Allowance (Consultant-Doct | G18: 3911700 | H18: 3652417 | I18: 259283 | J18: 3507025
A19: 6 | B19: 1 | C19: 1 | D19: 61037 | E19: 61161037 | F19: School Time Extension Allowance for teachers | H19: 147 | I19: -147
A20: 6 | B20: 1 | C20: 1 | D20: 61038 | E20: 61161038 | F20: Air Navigation Allowance | G20: 1331020 | H20: 1210984 | I20: 120036 | J20: 1218354
A21: 6 | B21: 1 | C21: 1 | D21: 61039 | E21: 61161039 | F21: Nursing Allowance | G21: 620600 | H21: 813084 | I21: -192484 | J21: 660975
A22: 6 | B22: 1 | C22: 1 | D22: 61043 | E22: 61161043 | F22: Housing Cost | H22: 6790 | I22: -6790
A23: 6 | B23: 1 | C23: 1 | D23: 61044 | E23: 61161044 | F23: Special Allowance | G23: 4413649 | H23: 3805109 | I23: 608540 | J23: 3675771
A24: 6 | B24: 1 | C24: 1 | D24: 61045 | E24: 61161045 | F24: Air license Allowance | G24: 65952 | H24: 79239 | I24: -13287 | J24: 45021
A25: 6 | B25: 1 | C25: 1 | D25: 61991 | E25: 61161991 | F25: Other Allowances | G25: 9693924 | H25: 9132705 | I25: 561219 | J25: 10135141
A26: 6 | B26: 1 | C26: 2 | D26: 60011 | E26: 61260011 | F26: Basic Salaries (Including Lump Sum) | G26: 135034565 | H26: 127833284 | I26: 7201281 | J26: 126359695
A27: 6 | B27: 1 | C27: 2 | D27: 60021 | E27: 61260021 | F27: Overtime | G27: 2579074 | H27: 2420290 | I27: 158784 | J27: 2187783
A28: 6 | B28: 1 | C28: 2 | D28: 61011 | E28: 61261011 | F28: Social Allowance | G28: 7225031 | H28: 7131731 | I28: 93300 | J28: 7135262
A29: 6 | B29: 1 | C29: 2 | D29: 61012 | E29: 61261012 | F29: Standard of Living Improvement | G29: 48117 | H29: 68147 | I29: -20030 | J29: 57889
A30: 6 | B30: 1 | C30: 2 | D30: 61013 | E30: 61261013 | F30: Car Allowance | G30: 905170 | H30: 35366 | I30: 869804
A31: 6 | B31: 1 | C31: 2 | D31: 61015 | E31: 61261015 | F31: Judiciary Allowance | H31: 708676 | I31: -708676
A32: 6 | B32: 1 | C32: 2 | D32: 61016 | E32: 61261016 | F32: Acting Allowance | H32: 6228 | I32: -6228
A33: 6 | B33: 1 | C33: 2 | D33: 61017 | E33: 61261017 | F33: Other Allowance | G33: 600 | H33: 62257 | I33: -61657
A34: 6 | B34: 1 | C34: 2 | D34: 61021 | E34: 61261021 | F34: Transport Allowance | G34: 2741345 | H34: 3569683 | I34: -828338 | J34: 3614919
A35: 6 | B35: 1 | C35: 2 | D35: 61022 | E35: 61261022 | F35: Communication Allowances | G35: 201485 | H35: 194951 | I35: 6534 | J35: 190211
A36: 6 | B36: 1 | C36: 2 | D36: 61031 | E36: 61261031 | F36: Other Personal Allowances | G36: 13367395 | H36: 12595633 | I36: 771762 | J36: 13281413
A37: 6 | B37: 1 | C37: 2 | D37: 61034 | E37: 61261034 | F37: DISCIPLINE AWARD | G37: 21800 | I37: 21800 | J37: 1000
A38: 6 | B38: 1 | C38: 2 | D38: 61035 | E38: 61261035 | F38: On Call Allowance (Consultant-Doctor) | G38: 14000 | H38: 15264 | I38: -1264 | J38: 12676
A39: 6 | B39: 1 | C39: 2 | D39: 61037 | E39: 61261037 | F39: School Time Extension Allowance for teachers | H39: 699 | I39: -699
A40: 6 | B40: 1 | C40: 2 | D40: 61041 | E40: 61261041 | F40: Expatriate Inducements | G40: 342949 | H40: 256687 | I40: 86262 | J40: 249824
A41: 6 | B41: 1 | C41: 2 | D41: 61042 | E41: 61261042 | F41: Recruitment, Termination and Leave Cost | G41: 5431488 | H41: 6440385 | I41: -1008897 | J41: 5629178
A42: 6 | B42: 1 | C42: 2 | D42: 61043 | E42: 61261043 | F42: Housing Cost | G42: 16512153 | H42: 17079880 | I42: -567727 | J42: 17391568
A43: 6 | B43: 1 | C43: 2 | D43: 61991 | E43: 61261991 | F43: Other Allowances | G43: 9080383 | H43: 8606989 | I43: 473394 | J43: 9789184
A44: 6 | B44: 1 | C44: 2 | D44: 64021 | E44: 61264021 | F44: Travel Costs | G44: 74274 | H44: 260833 | I44: -186559 | J44: 85503
A45: 6 | B45: 1 | C45: 2 | D45: 68033 | E45: 61268033 | F45: LMRA Fees. | G45: 12460 | H45: 91642 | I45: -79182 | J45: 7910
A46: 6 | B46: 1 | C46: 3 | D46: 60011 | E46: 61360011 | F46: Basic Salaries (Including Lump Sum) | G46: 3131132 | H46: 3312970 | I46: -181838 | J46: 3064375
A47: 6 | B47: 1 | C47: 3 | D47: 60021 | E47: 61360021 | F47: Overtime | G47: 2414 | H47: 1435 | I47: 979 | J47: 1242
A48: 6 | B48: 1 | C48: 3 | D48: 61011 | E48: 61361011 | F48: Social Allowance | G48: 22955 | H48: 14423 | I48: 8532 | J48: 11963
A49: 6 | B49: 1 | C49: 3 | D49: 61021 | E49: 61361021 | F49: Transport Allowance | G49: 10066 | H49: 8079 | I49: 1987 | J49: 5812
A50: 6 | B50: 1 | C50: 3 | D50: 61022 | E50: 61361022 | F50: Communication Allowances | H50: 1775 | I50: -1775 | J50: 675
A51: 6 | B51: 1 | C51: 3 | D51: 61031 | E51: 61361031 | F51: Other Personal Allowances | H51: 957 | I51: -957 | J51: 3079
A52: 6 | B52: 1 | C52: 3 | D52: 61991 | E52: 61361991 | F52: Other Allowances | G52: 1000 | H52: 1017 | I52: -17 | J52: 936
A53: 6 | B53: 1 | C53: 4 | D53: 60011 | E53: 61460011 | F53: Basic Salaries (Including Lump Sum) | G53: 37594 | I53: 37594
A54: 6 | B54: 1 | C54: 4 | D54: 60021 | E54: 61460021 | F54: Overtime | G54: 693 | I54: 693
A55: 6 | B55: 1 | C55: 4 | D55: 61011 | E55: 61461011 | F55: Social Allowance | G55: 1907 | I55: 1907
A56: 6 | B56: 1 | C56: 4 | D56: 61021 | E56: 61461021 | F56: Transport Allowance | G56: 693 | I56: 693
A57: 6 | B57: 1 | C57: 4 | D57: 61991 | E57: 61461991 | F57: Other Allowances | H57: 110620 | I57: -110620
A58: 6 | B58: 1 | C58: 5 | D58: 61051 | E58: 61561051 | F58: Training Entitlements | H58: 5510 | I58: -5510 | J58: 6410
A59: 6 | B59: 1 | C59: 5 | D59: 62011 | E59: 61562011 | F59: Course Expenses | G59: 3819300 | H59: 37324 | I59: 3781976 | J59: 8687767
A60: 6 | B60: 1 | C60: 5 | D60: 62012 | E60: 61562012 | F60: Computer Course Expenses | H60: 150 | I60: -150 | J60: 1300
A61: 6 | B61: 1 | C61: 5 | D61: 62014 | E61: 61562014 | F61: IT- Courses Expenses and Tuition Fees for IT | G61: 1500 | I61: 1500
A62: 6 | B62: 1 | C62: 5 | D62: 62015 | E62: 61562015 | F62: Administrative training programs, conferences and | G62: 629422 | H62: 269265 | I62: 360157 | J62: 58593
A63: 6 | B63: 1 | C63: 5 | D63: 62016 | E63: 61562016 | F63: Academic training programs, conferences and semina | G63: 1186824 | H63: 6251741 | I63: -5064917 | J63: 150948
A64: 6 | B64: 1 | C64: 5 | D64: 62017 | E64: 61562017 | F64: Professional training programs, conferences and se | G64: 367674 | H64: 239493 | I64: 128181 | J64: 1985
A65: 6 | B65: 1 | C65: 5 | D65: 62018 | E65: 61562018 | F65: IT training programs, conferences and seminars | G65: 23640 | H65: 9336 | I65: 14304
A66: 6 | B66: 1 | C66: 5 | D66: 62024 | E66: 61562024 | F66: Academic Entitlements | H66: 5512 | I66: -5512 | J66: 167595
A67: 6 | B67: 1 | C67: 5 | D67: 74021 | E67: 61574021 | F67: Books and Stationery (Training) | H67: 487 | I67: -487 | J67: 8231
A68: 6 | B68: 1 | C68: 5 | D68: 74022 | E68: 61574022 | F68: IT- Cost of Study Materials | I68: 0
A69: 6 | B69: 1 | C69: 6 | D69: 61051 | E69: 61661051 | F69: Training Entitlements | G69: 7216500 | H69: 131196 | I69: 7085304 | J69: 14574181
A70: 6 | B70: 1 | C70: 6 | D70: 61059 | E70: 61661059 | F70: Training Allowances | G70: 150000 | H70: 29914 | I70: 120086 | J70: 101183
A71: 6 | B71: 1 | C71: 6 | D71: 62011 | E71: 61662011 | F71: Course Expenses | G71: 3930000 | H71: 55005 | I71: 3874995 | J71: 6572952
A72: 6 | B72: 1 | C72: 6 | D72: 62014 | E72: 61662014 | F72: IT- Courses Expenses and Tuition Fees for IT | I72: 0 | J72: 771
A73: 6 | B73: 1 | C73: 6 | D73: 62015 | E73: 61662015 | F73: Administrative training programs, conferences and | G73: 2801214 | H73: 9133308 | I73: -6332094 | J73: 244188
A74: 6 | B74: 1 | C74: 6 | D74: 62016 | E74: 61662016 | F74: Academic training programs, conferences and semina | G74: 1040565 | H74: 4911590 | I74: -3871025 | J74: 50206
A75: 6 | B75: 1 | C75: 6 | D75: 62017 | E75: 61662017 | F75: Professional training programs, conferences and se | G75: 392832 | H75: 1095388 | I75: -702556 | J75: 17964
A76: 6 | B76: 1 | C76: 6 | D76: 62018 | E76: 61662018 | F76: IT training programs, conferences and seminars | G76: 80259 | H76: 59101 | I76: 21158 | J76: 949
A77: 6 | B77: 1 | C77: 6 | D77: 62024 | E77: 61662024 | F77: Academic Entitlements | I77: 0 | J77: 415004
A78: 6 | B78: 1 | C78: 6 | D78: 62035 | E78: 61662035 | F78: Expenses and allowances related to travel in admin | G78: 222377 | H78: 244396 | I78: -22019 | J78: 15548
A79: 6 | B79: 1 | C79: 6 | D79: 62036 | E79: 61662036 | F79: Expenses and allowances related to travel in acade | G79: 1034786 | H79: 7554565 | I79: -6519779 | J79: 120105
A80: 6 | B80: 1 | C80: 6 | D80: 62037 | E80: 61662037 | F80: Expenses and allowances related to travel in profe | G80: 466105 | H80: 362472 | I80: 103633 | J80: 7323
A81: 6 | B81: 1 | C81: 6 | D81: 62038 | E81: 61662038 | F81: Expenses and allowances related to travel in IT tr | G81: 100 | H81: 670 | I81: -570 | J81: 3669
A82: 6 | B82: 1 | C82: 6 | D82: 64021 | E82: 61664021 | F82: Travel Costs | G82: 3043760 | H82: 28967 | I82: 3014793 | J82: 4647900
A83: 6 | B83: 1 | C83: 6 | D83: 74021 | E83: 61674021 | F83: Books and Stationery (Training) | H83: 600 | I83: -600 | J83: 1594
A84: 6 | B84: 1 | C84: 7 | D84: 61018 | E84: 61761018 | F84: Government Service Reward | G84: 125600 | H84: 1337379 | I84: -1211779 | J84: 37400
A85: 6 | B85: 1 | C85: 7 | D85: 63011 | E85: 61763011 | F85: Government Share in Pension Scheme - Civil Persons | G85: 84150007 | H85: 82137388 | I85: 2012619 | J85: 79580815
A86: 6 | B86: 1 | C86: 7 | D86: 63012 | E86: 61763012 | F86: Govt Pension Share for Bahraini Military Persons | G86: 61133231 | H86: 60521435 | I86: 611796 | J86: 59045372
A87: 6 | B87: 1 | C87: 7 | D87: 63013 | E87: 61763013 | F87: Govt Incentives for Non- Bahraini Military Persons | G87: 7474000 | H87: 7240070 | I87: 233930 | J87: 7166934
A88: 6 | B88: 1 | C88: 7 | D88: 63014 | E88: 61763014 | F88: Govt Unemployment Insurance Share | G88: 9069380 | H88: 8608773 | I88: 460608 | J88: 8476092
A89: 6 | B89: 1 | C89: 7 | D89: 63015 | E89: 61763015 | F89: Purchasing Virtual Years Of Service | G89: 3591330 | H89: 2984539 | I89: 606791 | J89: 3240207
A90: 6 | B90: 1 | C90: 7 | D90: 63016 | E90: 61763016 | F90: Subscription to Occupational Injuries for Non-Bahr | G90: 59641 | H90: 15242 | I90: 44399 | J90: 4078
A91: 6 | B91: 1 | C91: 7 | D91: 63017 | E91: 61763017 | F91: Compensation For Added Service Period | H91: 244109 | I91: -244109
A92: 6 | B92: 1 | C92: 7 | D92: 75031 | E92: 61775031 | F92: Garments for Employees | G92: 5658794 | H92: 4754162 | I92: 904632 | J92: 4849878
A93: 6 | B93: 1 | C93: 7 | D93: 75033 | E93: 61775033 | F93: Food for Employees | G93: 10380903 | H93: 15006652 | I93: -4625749 | J93: 13697434
A94: 6 | B94: 1 | C94: 8 | D94: 65041 | E94: 61865041 | F94: Supply of Contract Labor | G94: 1416483 | H94: 1631702 | I94: -215219 | J94: 1213287
A95: 6 | B95: 1 | C95: 8 | D95: 65042 | E95: 61865042 | F95: Part-Time Labour | G95: 4788403 | H95: 4531418 | I95: 256985 | J95: 3741130
A96: 6 | B96: 2 | C96: 1 | D96: 62021 | E96: 62162021 | F96: Internal Conferences | G96: 1419274 | H96: 683161 | I96: 736113 | J96: 1162261
A97: 6 | B97: 2 | C97: 1 | D97: 62022 | E97: 62162022 | F97: Overseas Official Missions | G97: 7298324 | H97: 10114172 | I97: -2815848 | J97: 9171728
A98: 6 | B98: 2 | C98: 1 | D98: 62023 | E98: 62162023 | F98: Official Business Visit | G98: 10000 | H98: 14615 | I98: -4615 | J98: 24746
A99: 6 | B99: 2 | C99: 1 | D99: 62031 | E99: 62162031 | F99: Internal Exhibition Costs | G99: 1685697 | H99: 1579649 | I99: 106048 | J99: 1157132
A100: 6 | B100: 2 | C100: 1 | D100: 62032 | E100: 62162032 | F100: Participation Expenses In External Exhibition | G100: 25550 | H100: 17418 | I100: 8132 | J100: 3522
A101: 6 | B101: 2 | C101: 1 | D101: 62033 | E101: 62162033 | F101: Internal Events and Celebrations Costs | G101: 184656 | H101: 1373862 | I101: -1189206 | J101: 14553
A102: 6 | B102: 2 | C102: 1 | D102: 62034 | E102: 62162034 | F102: External Events and Celebrations Costs | G102: 20000 | H102: 20269 | I102: -269
A103: 6 | B103: 2 | C103: 1 | D103: 62041 | E103: 62162041 | F103: Internal Sports Tournament | G103: 42600 | H103: 160550 | I103: -117950 | J103: 48822
A104: 6 | B104: 2 | C104: 1 | D104: 62042 | E104: 62162042 | F104: External Sports Tournament | G104: 787160 | H104: 712819 | I104: 74341 | J104: 960855
...

Sheet مصروفات الميزانية التحويلية
A1: 9- مصروفات الميزانيات التحويلية
E2: (دينار بحريني)
A3: البيان | B3: 2020 | E3: الفعلي 2019
B4: الاعتماد | C4: الفعلي | D4: نسبة الصرف %
A5: الجهات ذات الميزانيات الملحقة والمستقلة | B5: 141602992 | C5: 138283624 | D5: =C5/B5*100 -> 97.655863 | E5: 140850919
A6: المساهمات في المنظمات الإقليمية والدولية | B6: 16658257 | C6: 16657903 | D6: =C6/B6*100 -> 99.997875 | E6: 16024403
A7: دعم الأسر محدودة الدخل | B7: 128000000 | C7: 113761265 | D7: =C7/B7*100 -> 88.875988 | E7: 111938630
A8: دعم السلع الغذائية (اللحوم-الدواجن-الطحين) | B8: 38482569 | C8: 38482569 | D8: =C8/B8*100 -> 100 | E8: 38026839
A9: الهيئة العامة للتأمين الاجتماعي | B9: 20485932 | C9: 20485931 | D9: =C9/B9*100 -> 99.999997 | E9: 20280983
A10: حصة ومساهمة الحكومة في أنظمة التقاعد | B10: 800000 | C10: 0 | D10: =C10/B10*100 -> 0 | E10: 627573
A11: برنامج التقاعد المبكر | D11: 0
A12: حصة الحكومة في التأمين ضد التعطل | B12: 20378642 | C12: 20378641 | D12: =C12/B12*100 -> 99.999995 | E12: 22337095
A13: صندوق الضمان الاجتماعي | B13: 21500000 | C13: 20890695 | D13: =C13/B13*100 -> 97.166023 | E13: 20570000
A14: علاوة تحسين مستوى المعيشة للمتقاعدين | B14: 153278777 | C14: 1.5396737e+08 | D14: =C14/B14*100 -> 100.44924 | E14: 1.4314863e+08
A15: دعم برامج الإسكان (علاوة الإيجار- تخفيض الأقساط) | B15: 61000000 | C15: 60100605 | D15: =C15/B15*100 -> 98.525582 | E15: 58544900
A16: مساعدات حكومية | B16: 750000 | C16: 662525 | D16: =C16/B16*100 -> 88.336667 | E16: 639381
A17: الفوائد على القروض والصكوك | B17: 675000000 | C17: 665156658 | D17: =C17/B17*100 -> 98.541727 | E17: 644223505
A18: إلتزامات متنوعة، ومبالغ محجوزة أو مدورة أو طارئة | B18: 227822371 | C18: 283863740 | D18: =C18/B18*100 -> 124.59871 | E18: 60005212
A19: المجموع | B19: =SUM(B5:B18) -> 1505759540 | C19: =SUM(C5:C18) -> 1.5326915e+09 | D19: =C19/B19*100 -> 101.7886 | E19: =SUM(E5:E18) -> 1.2772181e+09

Sheet مشاريع 
A1: 10- مصروفات المشاريع مصنفة حسب الوزارات والجهات الحكومية
F2: (دينار بحريني)
A3: الوزارة أو الجهة الحكومية | C3: 2020 | F3: الفعلي 2019
B4: Code | C4: الاعتماد | D4: الفعلي | E4: نسبة الصرف %
A5: مكتب رئيس مجلس الوزراء | B5: 11 | C5: 0 | D5: 0 | E5: 0 | F5: 277369
A6: وزارة الداخلية | B6: 13 | C6: 11229500 | D6: 8643632 | E6: =D6/C6*100 -> 76.972546 | F6: 10770461
A7: وزارة الخارجية | B7: 16 | C7: 1591517 | D7: 1591517 | E7: =D7/C7*100 -> 100 | F7: 1345702
A8: وزارة العدل والشئون الإسلامية والأوقاف (شئون العدل) | B8: 18 | C8: 379400 | D8: 21768 | E8: =D8/C8*100 -> 5.7374802 | F8: 273456
A9: وزارة التربية والتعليم | B9: 21 | C9: 2500000 | D9: 2326533 | E9: =D9/C9*100 -> 93.06132 | F9: 6866817
A10: وزارة الصحة | B10: 22 | C10: 3070600 | D10: 2188889 | E10: =D10/C10*100 -> 71.285384 | F10: 3602948
A11: وزارة الأشغال وشئون البلديات والتخطيط العمراني (شئون الزراعة والثروة البحرية والحيوانية) | B11: 23 | C11: 2206599 | D11: 1191549 | E11: =D11/C11*100 -> 53.999345 | F11: 2811923
A12: وزارة شئون الشباب والرياضة | B12: 26 | C12: 3383900 | D12: 2268983 | E12: =D12/C12*100 -> 67.052307 | F12: 2332133
A13: نادي راشد للفروسية وسباق الخيل | B13: 28 | E13: =D13/C13*100 -> #DIV/0!
B14: 24 | E14: =D14/C14*100 -> #DIV/0!
A15: وزارة العمل والتنمية الاجتماعية | B15: 29 | C15: 348300 | D15: 173993 | E15: =D15/C15*100 -> 49.954924 | F15: 335138
A16: وزارة الصناعة والتجارة والسياحة | B16: 34 | C16: 3163700 | D16: 856774 | E16: =D16/C16*100 -> 27.081392 | F16: 1748568
A17: وزارة الإسكان | B17: 36 | C17: 76122677 | D17: 69663089 | E17: =D17/C17*100 -> 91.51424 | F17: 93657742
A18: مكتب صاحب السمو الملكي النائب الأول لرئيس مجلس الوزراء | B18: 70 | C18: 5000000 | D18: 4000000 | E18: =D18/C18*100 -> 80 | F18: 5000000
A19: مكاتب نواب رئيس مجلس الوزراء | B19: 17 | C19: 0 | D19: 0 | E19: 0 | F19: 40100
A20: مكتب وزير شئون الكهرباء والماء | B20: 40 | C20: 2766430 | D20: 2766430 | E20: =D20/C20*100 -> 100 | F20: 0
A21: المجلس الأعلى للبيئة | B21: 41 | C21: 637200 | D21: 637042 | E21: =D21/C21*100 -> 99.975204 | F21: 126915
A22: وزارة الأشغال وشئون البلديات والتخطيط العمراني (شئون الأشغال) | B22: 46 | C22: 56316477 | D22: 51432011 | E22: =D22/C22*100 -> 91.326755 | F22: 37349228
A23: وزارة المواصلات والاتصالات | B23: 48 | C23: 3899051 | D23: 3899051 | E23: =D23/C23*100 -> 100 | F23: 3983551
A24: الحرس الوطني | B24: 50 | C24: 8118000 | D24: 5840121 | E24: =D24/C24*100 -> 71.940392 | F24: 2039699
A25: وزارة الدولة لشئون الاتصالات | B25: 53 | E25: =D25/C25*100 -> #DIV/0!
A26: وزارة شئون الاعلام | B26: 55 | E26: =D26/C26*100 -> #DIV/0!
A27: مركز الاتصال الوطني | B27: 55 | C27: 281915 | D27: 23357 | E27: =D27/C27*100 -> 8.2851214 | F27: 895688
A28: مجلـس المناقصات والمزايدات | B28: 59 | C28: 241300 | D28: 181140 | E28: =D28/C28*100 -> 75.06838 | F28: 113360
A29: الميزانيات التحويلية (إيضاح رقم 2) | B29: 60 | C29: 42431167 | D29: 35619842 | E29: =D29/C29*100 -> 83.947354 | F29: 26793539
A30: وزارة شئون الإعلام | B30: 65 | C30: 6168201 | D30: 6168201 | E30: =D30/C30*100 -> 100 | F30: 4516011
A31: هيئة البحرين للثقافة والآثار | B31: 66 | C31: 7719200 | D31: 7445280 | E31: =D31/C31*100 -> 96.451446 | F31: 7037945
A32: المجلس الأعلى للصحة | B32: 67 | C32: 1600000 | D32: 1082714 | E32: =D32/C32*100 -> 67.669625 | F32: 2082065
A33: هيئة جودة التعليم والتدريب | B33: 69 | E33: =D33/C33*100 -> #DIV/0!
A34: الجهاز الإداري للنيابة العامة | B34: 68 | C34: 300 | D34: 300 | E34: =D34/C34*100 -> 100 | F34: 0
A35: جهاز الخدمة المدنية | B35: 72 | C35: 284300 | D35: 55991 | E35: =D35/C35*100 -> 19.694337 | F35: 94033
A36: هيئة المعلومات والحكومة الإلكترونية | B36: 73 | C36: 3908300 | D36: 3813069 | E36: =D36/C36*100 -> 97.563365 | F36: 2167404
A37: الأمانة العامة للمجلس الأعلى للشباب والرياضة | B37: 75 | C37: 20888 | D37: 20888 | E37: =D37/C37*100 -> 100 | F37: 0
A38: المجلس الأعلى للقضاء | B38: 76 | C38: 172316 | D38: 162396 | E38: =D38/C38*100 -> 94.243135 | F38: 104015
A39: وزارة العدل والشئون الإسلامية والأوقاف (الشئون الإسلامية) | B39: 77 | C39: 530800 | D39: 106018 | E39: =D39/C39*100 -> 19.973248 | F39: 173875
A40: جهاز المساحة والتسجيل العقاري | B40: 78 | C40: 1911165 | D40: 1414153 | E40: =D40/C40*100 -> 73.994291 | F40: 1480933
A41: وزارة المالية والاقتصاد الوطني | B41: 81 | C41: 1200000 | D41: 1070698 | E41: =D41/C41*100 -> 89.224833 | F41: 1422980
A42: شئون الجمارك | B42: 83 | C42: 2352700 | D42: 1425527 | E42: =D42/C42*100 -> 60.591108 | F42: 1067352
A43: مركز البحرين للأورام (إيضاحي رقم 13 و14) | B43: 84 | E43: 0 | F43: 0
A44: هيئة التخطيط والتطوير العمراني | B44: 85 | C44: 800000 | D44: 50797 | E44: =D44/C44*100 -> 6.349625 | F44: 277890
A45: المجلس الأعلى للشئون الإسلامية | B45: 86 | C45: 676000 | D45: 1500 | E45: 0 | F45: 336736
A46: الجهاز الوطني للإيرادات | B46: 91 | C46: 3771385 | D46: 3771385 | E46: =D46/C46*100 -> 100 | F46: 30951475
A47: المجموع | C47: =SUM(C5:C46) -> 254803288 | D47: =SUM(D5:D46) -> 219914638 | E47: =D47/C47*100 -> 86.307614 | F47: =SUM(F5:F46) -> 252077051

Sheet المقبوضات والمدفوعات
A1: 1- كشف المقبوضات والمدفوعات
D2: (دينار بحريني)
A3: البيان | C3: 2020 | D3: 2019
A4: التدفقات النقدية من الأنشطة التشغيلية
A5: المقبوضات
A6: النفط والغاز الطبيعي | C6: 1280343063 | D6: 2185638067
A7: الضرائب والرسوم | C7: 463826509 | D7: 543097267
A8: المنتجات الخدمية والسلعية الحكومية | C8: 71714965 | D8: 77475308
A9: الإعانات | C9: 0 | D9: 0
A10: الغرامات والجزاءات والإيرادات المتنوعة | C10: 38676594 | D10: 39016035
A11: مبالغ مستلمة لصالح الغير | C11: 0 | D11: 5525040
A12: إجمالي المقبوضات التشغيلية | C12: =SUM(C6:C11) -> 1854561131 | D12: =SUM(D6:D11) -> 2850751717
A13: المدفوعات
A14: القوى العاملة | C14: -1578643468 | D14: -1359910741
A15: الخدمات | C15: -189283593 | D15: -253361605
A16: السلع الاستهلاكية | C16: -64336176 | D16: -85153655
A17: الصيانة | C17: -45528322 | D17: -48389886
A18: النفقات التحويلية | C18: -594629603 | D18: -450682040
A19: الإعانات وتسديد فوائد القروض | C19: -978468974 | D19: -944244485
A20: مدفوعات مقدمة وتسديد ذمم دائنة | C20: -90557486 | D20: -38285223
A21: مشتريات المخزون | C21: -72047850 | D21: -80589077
A22: مدفوعات اخرى | C22: 0 | D22: 0
A23: إجمالي المدفوعات التشغيلية | C23: =SUM(C14:C22) -> -3613495472 | D23: =SUM(D14:D22) -> -3260616712
A24: صافي التدفقات النقدية من الأنشطة التشغيلية | C24: =C12+C23 -> -1758934341 | D24: =D12+D23 -> -409864995
A25: التدفقات النقدية من الأنشطة الاستثمارية
A26: مدفوعات المشاريع | C26: -188692611 | D26: -281809729
A27: مدفوعات السلع الرأسمالية | C27: -13616931 | D27: -25054708
A28: عوائد الاستثمارات والأملاك الحكومية | C28: 255492579 | D28: 137972462
A29: إيرادات بيع الأصول الرأسمالية | C29: 449070 | D29: 267365
A30: صافي التدفقات النقدية من الأنشطة الاستثمارية | C30: =SUM(C26:C29) -> 53632107 | D30: =SUM(D26:D29) -> -168624610
A31: التدفقات النقدية من الأنشطة التمويلية
A32: القروض المستلمة | C32: 7764633160 | D32: 7110898554
A33: تسديد القروض | C33: -6372834584 | D33: -5915276897
A34: صافي التدفقات النقدية من الأنشطة التمويلية | C34: =SUM(C32:C33) -> 1391798576 | D34: =SUM(D32:D33) -> 1195621657
A35: صافي الزيادة في النقد | C35: =C24+C30+C34 -> -313503658 | D35: =D24+D30+D34 -> 617132052

Sheet المطلوبات المستحقة
A1: 2- المطلوبات المستحقة (الذمم الدائنة)
E2: (دينار بحريني)
A3: الباب | B3: البيــان | D3: 2020 | E3: 2019
A4: 1 | B4: القوى العاملة | D4: 1193929 | E4: 1500910
A5: 2 | B5: الخدمات | D5: 11513889 | E5: 12218747
A6: 3 | B6: السلع الاستهلاكية | D6: 643726 | E6: 769519
A7: 4 | B7: السلع الرأسمالية | D7: 336806 | E7: 546568
A8: 5 | B8: الصيانة | D8: 1015973 | E8: 844368
A9: 6 | B9: النفقات التحويلية | D9: 7743806 | E9: 12565597
A10: 7 | B10: الإعانات وتسديد فوائد القروض | D10: 11773916 | E10: 11290519
A11: 8 | B11: المشاريع | D11: 29791526 | E11: 36700775
A12: - | B12: أخرى | D12: 18373187 | E12: 252840511
B13: المجموع | D13: =SUM(D4:D12) -> 82386758 | E13: =SUM(E4:E12) -> 329277514
A15: المطلوبات المستحقة:
A16: هي مبالغ الفواتير المستحقة غير المدفوعة على الوزارات والجهات الحكومية حتى نهاية السنة المالية.

Sheet المصروفات المستحقة
A1: 3- المصروفات المستحقة
E2: (دينار بحريني)
A3: الباب | B3: البيــان | D3: 2020 | E3: 2019
A4: 1 | B4: القوى العاملة | D4: 2723268 | E4: 4316267
A5: 2 | B5: الخدمات | D5: 21644408 | E5: 24316829
A6: 3 | B6: السلع الاستهلاكية | D6: 6424084 | E6: 1941117
A7: 4 | B7: السلع الرأسمالية | D7: 531451 | E7: 667595
A8: 5 | B8: الصيانة | D8: 1690619 | E8: 2398040
A9: 6 | B9: النفقات التحويلية | D9: 131925940 | E9: 37096474
A10: 7 | B10: الإعانات وتسديد فوائد القروض | D10: 2623678 | E10: 3300164
A11: 8 | B11: المشاريع | D11: 67350562 | E11: 66555256
A12: - | B12: أخرى | D12: 0 | E12: 813230
B13: المجموع | D13: =SUM(D4:D12) -> 234914010 | E13: =SUM(E4:E12) -> 141404972
A15: المصروفات المستحقة
A16: هي قيمة أوامر شراء السلع والخدمات المستلمة من قبل الجهات الحكومية خلال السنة المالية، ولم تسلم فواتيرها من قبل الموردين حتى نهاية السنة المالية.

Sheet الارتباطات
A1: 4- الارتباطات حسب الأبواب
D2: (دينار بحريني)
A3: الباب | B3: البيــان | C3: 2020 | D3: 2019
A4: 1 | B4: القوى العاملة | C4: 329297 | D4: 687633
A5: 2 | B5: الخدمات | C5: 2702805 | D5: 6575135
A6: 3 | B6: السلع الاستهلاكية | C6: 453082 | D6: 470245
A7: 4 | B7: السلع الرأسمالية | C7: 254114 | D7: 312234
A8: 5 | B8: الصيانة | C8: 336284 | D8: 414772
A9: 6 | B9: النفقات التحويلية | C9: 51606 | D9: 62178
A10: 7 | B10: الإعانات وتسديد فوائد القروض | C10: 326316 | D10: 166137
A11: 8 | B11: المشاريع | C11: 20203201 | D11: 27026163
B12: المجموع | C12: =SUM(C4:C11) -> 24656705 | D12: =SUM(D4:D11) -> 35714497
A14: الارتباطات المالية:
A15: يقصد بها المبالغ المحجوزة من الميزانية لشراء سلع وخدمات صدر لأجلها أوامر شراء ولكن لم تُسلم من قبل المورد حتى نهاية السنة المالية.

Sheet التمويـل
A1: 5- القروض
E2: (آلاف الدنانير البحرينية)
A3: بيان القرض | B3: الرصيد في 2020/01/01 | C3: المبلغ المستلم | D3: المبلغ المدفوع | E3: الفرق بين المبلغ المستلم والمدفوع | F3: الرصيد في 2020/12/31
A4: أذونات الخزينة | B4: 2110000 | C4: 4490000 | D4: -4490000 | E4: =C4+D4 -> 0 | F4: =SUM(E4+B4) -> 2110000
A5: صكوك السلم الإسلامية | B5: 129000 | C5: 516000 | D5: -516000 | E5: =C5+D5 -> 0 | F5: =SUM(E5+B5) -> 129000
A6: صكوك التأجير الإسلامية | B6: 831000 | C6: 437000 | D6: -437000 | E6: =C6+D6 -> 0 | F6: =SUM(E6+B6) -> 831000
A7: قروض داخلية أخرى | B7: 0 | E7: =C7+D7 -> 0 | F7: =SUM(E7+B7) -> 0
A8: سندات التنمية الحكومية المحلية | B8: 2320000 | C8: 450000 | D8: -450000 | E8: =C8+D8 -> 0 | F8: =SUM(E8+B8) -> 2320000
A9: مجموع القروض الداخلية | B9: =SUM(B4:B8) -> 5390000 | C9: =SUM(C4:C8) -> 5893000 | D9: =SUM(D4:D8) -> -5893000 | E9: =C9+D9 -> 0 | F9: =SUM(E9+B9) -> 5390000
A10: صكوك التأجير الإسلامية الدولية | B10: 1635600 | C10: 752000 | D10: 0 | E10: =C10+D10 -> 752000 | F10: =SUM(E10+B10) -> 2387600
A11: سندات التنمية الحكومية الدولية | B11: 5019600 | C11: 752000 | D11: -470000 | E11: =C11+D11 -> 282000 | F11: =SUM(E11+B11) -> 5301600
A12: قروض صناديق التنمية* | B12: 1519728 | C12: 368044 | D12: -11542 | E12: =C12+D12 -> 356502 | F12: =SUM(E12+B12) -> 1876230
A13: مجموع القروض الخارجية | B13: =SUM(B10:B12) -> 8174928 | C13: =SUM(C10:C12) -> 1872044 | D13: =SUM(D10:D12) -> -481542 | E13: =C13+D13 -> 1390502 | F13: =SUM(E13+B13) -> 9565430
A14: المجموع/ الرصيد | B14: =B13+B9 -> 13564928 | C14: =C13+C9 -> 7765044 | D14: =D13+D9 -> -6374542 | E14: =C14+D14 -> 1390502 | F14: =F13+F9 -> 14955430
A16: * لم تتضمن أرصدة قروض الصناديق المبالغ المستلمة من دولة الكويت ضمن برنامج التوازن المالي لمملكة البحرين، والتي تم تصنيفها كودائع وليست قروض.

Sheet التسهيلات الإئتمانية 
A1: 6- التسهيلات الائتمانية
A2: (آلاف الدنانير البحرينية)
A3: البيـــان | C3: 2020 | D3: 2019
A4: تسهيلات غير مستخدمة في بداية السنة | C4: 0 | D4: 0
A5: تسهيلات اضافية | C5: 0 | D5: 0
A6: التسهيلات المتوفرة | C6: 125100 | D6: 125100
A7: المبلغ المستخدم | C7: -55354 | D7: -91905
A8: التسهيلات الملغية
A9: التسهيلات غير المستخدمة في نهاية السنة | C9: =SUM(C4:C7) -> 69746 | D9: =SUM(D4:D7) -> 33195
A13: جميع التسهيلات الائتمانية المذكورة أعلاه عبارة عن عملية تسوية توفيقية لضمان سرعة انسياب التحويلات النقدية بين الحسابات المصرفية الحكومية.
